Workbook

Sheet AdminNotes
A1: Step # | B1: Step Name | C1: File/Folder Type | D1: File/Tab Name | E1: Step Instructions
A2: 1 | B2: Create Dive Folder | C2: Dive Folder | D2: FLD: NVSL_DiveMeetResults-YYYY-MM-DD | E2: Make a new folder for that week's dive and name it using this format: "NVSL_DiveMeetResults-2017-07-11"
A3: =A2+1 -> 2 | B3: Create DiveTOC Sheet | C3: DiveTOC Sheet | D3: FLE: NVSL_ADiveMeetResults-YYYY-MM-DD-TOC | E3: Make a copy of the DiveTOC document, using the MOST RECENT DiveToc sheet, and move it into that week's dive folder, and name it using this format: "NVSL_ADiveResults_2017-07-11-TOC"
A4: =A3+1 -> 3 | B4: Create D1 Divisional Sheet | C4: D1 Divisional Sheet | D4: FLE: NVSL_DiveMeetResults-YYYY-MM-DD-D1 | E4: Make a copy of the DiveMeetMaster document, using the master document titled "NVSL-Dive-MasterTemplate-Reg", and move it into that week's dive folder, and name it using this format: "NVSL_DiveResults_2017-07-11-D1"
A5: =A4+1 -> 4 | B5: Prepare D1 Divisional Sheet | C5: D1 Divisional Sheet | D5: TAB: Lookup-Schedule | E5: Unhide tab "Lookup-Schedule" (View>HiddenSheets>Lookup-Schedule), grant access to the link in cell A1 (red cell) to pull in the schedule data from master database, and then select the correct week from the pulldown in cell R1. Hide this tab when done.
A6: =A5+1 -> 5 | D6: TAB: Lookup-DiverRoster | E6: On the tab "Lookup-DiverRoster", grant access to the link in cell A1 (red cell) to pull in all diver data from master database. This may have happened automatically, but confirm.
A7: =A6+1 -> 6 | D7: TAB: MeetParticipants | E7: On the tab "MeetParticipants", select Division Nbr 1 in cell J1, then confirm the date and meets populated correctly. Delete all sample data from all the home and visitor meets and the comments. Ensure all report statuses are set to "01-Awaiting Scores". Update any notes in the graphic to the right of Form #1. Ensure links 1, 2 and 3 are working at the top of the document to correctly jump you to each form.
A8: =A7+1 -> 7 | D8: TAB: MeetParticipants | E8: On the tab "MeetParticipants", hide all admin columns from the yellow line to the right, including the yellow line, columns L to DJ.
A9: =A8+1 -> 8 | D9: TAB: MeetResults | E9: On the tab "MeetResults", ensure the date and teams are correct for the indicated division, and confirm links 1, 2 and 3 are working at the top of the document to correctly jump you to each form.
A10: =A9+1 -> 9 | D10: TAB: MeetResults | E10: On the tab "MeetResults", hide all admin columns from the yellow line to the right, including the yellow line, columns V to BF.
A11: =A10+1 -> 10 | B11: Prepare D2-D8 Divisional Sheets | C11: D2-D8 Divisional Sheets | D11: FLE: NVSL_DiveMeetResults-YYYY-MM-DD-D2 | E11: Make a copy of the D1 Divisional Sheet created previously and rename to change to D2. Make copies of the D1 Divisional Sheet for divisions D3-D8 and rename to make them all similar except for the division number at the end
A12: =A11+1 -> 11 | E12: Ensure that the meet folder contains the TOC document and 8 Divisional Sheets
A13: =A12+1 -> 12 | B13: Prepare DiveTOC Sheet | C13: DiveTOC Sheet | D13: TAB: Lookup-TOC | E13: Unhide tab "Lookup-TOC" (View>HiddenSheets>Lookup-TOC), update the document ID's in Column C to the 8 new Divisional Sheets created previously,. Now grant access to all 8 documents in Column F and confirm the snippert shown includes the correct date and division. Hide this tab when done.
A14: =A13+1 -> 13 | D14: TAB: TOC | E14: On the tab titled "TOC", update the Date in Section 1 and the instructions in Section 2, and confirm the links at the top open up the 8 new Divisional Sheets
A15: =A14+1 -> 14 | D15: TAB: D1-MeetResults | E15: On the tab titled "D1-MeetResults", ensure the date and teams are correct for the indicated Division 1. Repeat confirmation for tabs D2-D8.
A16: =A15+1 -> 15 | D16: TAB: MeetResultsScoreboard | E16: On the tab titled "MeetResultsScoreboard", ensure the date, teams, status are correctly summarized and that the comments are blank. If anything is showing incorrect,ly, edit the appropriate Divisional Sheet created previously and then confirm again in the Scoreboard.
A17: =A16+1 -> 16 | B17: Authorize Access | C17: DiveTOC Sheet | E17: Authorize the two main NVSL admins, Arlene and Kate, to have edit access to the DiveTOC sheet.
A18: =A17+1 -> 17 | E18: Change the link settings to "Anyone with the link can view".
A19: =A18+1 -> 18 | E19: Send the link to the DiveTOC document to the NVSL admin for posting on the NVSL website and distribuition to the team reps and secretaries
A20: =A19+1 -> 19 | B20: Authorize Access | C20: D1-D8 Divisional Sheets | E20: Authorize the two main NVSL admins, Arlene and Kate, to have edit access to all 8 Divisional Sheets created previously.
A21: =A20+1 -> 20 | E21: Authorize the two team reps, one team secretary, and divisional coordinator to have edit access to their specific Divisional Sheets created previously. E.g., Div1 reps, secretary and Div Coordinator should only have access to Div1 Divisional Sheet. Repeat for D2-D8
A22: =A21+1 -> 21 | B22: Revoke Access | C22: D1-D8 Divisional Sheets | E22: After the cut-off time on the Wednesday after the meet, 12pm, change all reps, secretaries and Div coordinators to view-only, leaving just the two main NVSL admin with edit-access. If any meets were rain-delayed, leave those team's reps, secretaries and Div Coordinators as edit-access until those meets have been completed.
A23: =A22+1 -> 22 | B23: Refresh DiveTOC copies | C23: DiveTOC Sheet | D23: TAB: Lookup-TOC | E23: On the tab titled "Lookup-TOC", refresh each of the ImportRange links in Column I, by simply placing the cursor in Column I2, press delete, and you shoudl see the data flash and refresh. Do the same for columns I3-I9
A24: =A23+1 -> 23 | B24: Update Diver Database with Diver Max Score Reference | C24: DiverDB-Secure Sheet | D24: TAB: Lookup-Diver-Secure | E24: On the tab titled "Lookup-Diver-Secure", add the importrange function for each DiveTOC document, in columns S-W, as this will import all the diver's scores from this meet to allow the maximum to be calculated for the Cracker Jack meet.
A25: =A24+1 -> 24
A26: =A25+1 -> 25
A27: =A26+1 -> 26
A28: =A27+1 -> 27
A29: =A28+1 -> 28
A30: =A29+1 -> 29
A31: =A30+1 -> 30

Sheet D1-MeetResults
D1: 44383 | F1: NVSL DIVING MEET RESULTS | Q1: Div | R1: 1
B2: Link | D2: Home Team | F2: Score | I2: Err | P2: Visiting Team | R2: Score
A3: 1 | B3: 1 | D3: VW-Vienna Woods | F3: 28 | I3: 0 | L3: vs | P3: DL-Dunn Loring | R3: 44 | U3: 0
A4: 2 | B4: 2 | D4: OKM-Old Keene Mill | F4: 46 | I4: 1 | L4: vs | P4: SR-Sideburn Run | R4: 25 | U4: 0
A5: 3 | B5: 3 | D5: O-Overlee | F5: 39 | I5: 0 | L5: vs | P5: THA-Truro Homes Assn | R5: 32 | U5: 0
D6: Results Form # | E6: 1 | P6: Date | Q6: 44383
D7: * These results are calculated automatically and are non-editable | P7: Report Status | Q7: 10-Finalized
C9: Home Team | E9: VW-Vienna Woods | H9: VW | O9: Visiting Team | Q9: DL-Dunn Loring | T9: DL
C10: Score | E10: 28 | O10: Score | Q10: 44
G12: H | H12: V | S12: H | T12: V
C13: FG | D13: Freshman Girls | G13: 1 | H13: 8 | O13: FB | P13: Freshman Boys | S13: 4 | T13: 5
C14: JG | D14: Junior Girls | G14: 0 | H14: 9 | O14: JB | P14: Junior Boys | S14: 3 | T14: 6
C15: IG | D15: Intermediate Girls | G15: 5 | H15: 4 | O15: IB | P15: Intermediate Boys | S15: 8 | T15: 1
C16: SG | D16: Senior Girls | G16: 1 | H16: 8 | O16: SB | P16: Senior Boys | S16: 6 | T16: 3
D17: TOTALS | G17: 7 | H17: 29 | P17: TOTALS | S17: 21 | T17: 15
A21: FG | C21: Place | D21: Freshman Girls | E21: Score | F21: Team | G21: H | H21: V | M21: FB | O21: Place | P21: Freshman Boys | Q21: Score | R21: Team | S21: H | T21: V
A22: FG | C22: 1 | D22: Erin Martonik | E22: 67.05 | F22: DL | H22: 5 | M22: FB | O22: 1 | P22: George Miller | Q22: 81.15 | R22: DL | T22: 5
A23: FG | C23: 2 | D23: Marie Eisele | E23: 56.5 | F23: DL | H23: 3 | M23: FB | O23: 2 | P23: Noah Kim | Q23: 57.2 | R23: VW | S23: 3
A24: FG | C24: 3 | D24: Reagan Nolan | E24: 48.9 | F24: VW | G24: 1 | M24: FB | O24: 3 | P24: Theodore Hathaway | Q24: 55.1 | R24: VW | S24: 1
A25: FG | C25: 4 | D25: Libby Wigglesworth | E25: 47.5 | F25: VW | M25: FB | O25: 4 | P25: Timothy Hazzard | Q25: 41.65 | R25: VW
A26: FG | C26: 5 | D26: Claire Keating | E26: 39.8 | F26: VW | M26: FB | O26: 5 | P26: Ryan Hermann | Q26: 38.7 | R26: VW
A27: FG | C27: 6 | D27: Alaina Ramella | E27: 33.55 | F27: DL | M27: FB | O27: 6 | P27: Jacob Yang | Q27: 34 | R27: DL
A28: FG | C28: 7 | D28: Elise Esquivel | E28: 31.95 | F28: DL | M28: FB | O28: 7 | P28: Jeremy Yang | Q28: 33.45 | R28: DL
A29: FG | C29: 8 | D29: Quinn Baskett | E29: 31.8 | F29: DL | M29: FB | O29: 8 | P29: Zouli Alexandratos | Q29: 33.05 | R29: DL
A30: FG | C30: 9 | D30: Isabella Falsone | E30: 30.65 | F30: DL
A31: FG | C31: 10 | D31: Ava Ramella | E31: 27.25 | F31: DL
C47: Freshman Girls TOTALS | G47: 1 | H47: 8 | O47: Freshman Boys TOTALS | S47: 4 | T47: 5
A50: JG | C50: Place | D50: Junior Girls | E50: Score | F50: Team | G50: H | H50: V | M50: JB | O50: Place | P50: Junior Boys | Q50: Score | R50: Team | S50: H | T50: V
A51: JG | C51: 1 | D51: Kiran Vasudevan | E51: 98.4 | F51: DL | H51: 5 | M51: JB | O51: 1 | P51: Peyton Reed | Q51: 132.7 | R51: DL | T51: 5
A52: JG | C52: 2 | D52: Sophie Ratner | E52: 89.3 | F52: DL | H52: 3 | M52: JB | O52: 2 | P52: Zachary Wigglesworth | Q52: 89.85 | R52: VW | S52: 3
A53: JG | C53: 3 | D53: Asha Stewart | E53: 84.95 | F53: DL | H53: 1 | M53: JB | O53: 3 | P53: Joshua Taliaferro | Q53: 88.3 | R53: DL | T53: 1
A54: JG | C54: 4 | D54: Jayde Kalinock | E54: 84.4 | F54: VW | M54: JB | O54: 4 | P54: Luke Atkins | Q54: 85.6 | R54: VW
A55: JG | C55: 5 | D55: Sophie Bourdelais | E55: 75.9 | F55: VW | M55: JB | O55: 5 | P55: Everett Weedman | Q55: 81.65 | R55: VW
A56: JG | C56: 6 | D56: Kaitlyn Herrmann | E56: 68.05 | F56: VW | M56: JB | O56: 6 | P56: Elliott Lam | Q56: 75.8 | R56: DL
M57: JB | O57: 7 | P57: Declan Hathaway | Q57: 71.75 | R57: VW
C66: Junior Girls TOTALS | G66: 0 | H66: 9 | O66: Junior Boys TOTALS | S66: 3 | T66: 6
A69: IG | C69: Place | D69: Intermediate Girls | E69: Score | F69: Team | G69: H | H69: V | M69: IB | O69: Place | P69: Intermediate Boys | Q69: Score | R69: Team | S69: H | T69: V
A70: IG | C70: 1 | D70: Marleigh daSilva | E70: 184.7 | F70: VW | G70: 5 | M70: IB | O70: 1 | P70: Ivor Brown | Q70: 176.15 | R70: VW | S70: 5
A71: IG | C71: 2 | D71: Ashley Scinto | E71: 100.6 | F71: DL | H71: 3 | M71: IB | O71: 2 | P71: Dylan Paci | Q71: 139.95 | R71: VW | S71: 3
A72: IG | C72: 3 | D72: Audrey Burns | E72: 100.4 | F72: DL | H72: 1 | M72: IB | O72: 3 | P72: Mike DeSando | Q72: 114.9 | R72: DL | T72: 1
A73: IG | C73: 4 | D73: Jenna Walker | E73: 96.15 | F73: VW | M73: IB | O73: 4 | P73: Dylan Kalinock | Q73: 113.05 | R73: VW
M74: IB | O74: 5 | P74: John Hatchl | Q74: 111.55 | R74: DL
C80: Intermediate Girls TOTALS | G80: 5 | H80: 4 | O80: Intermediate Boys TOTALS | S80: 8 | T80: 1
A83: SG | C83: Place | D83: Senior Girls | E83: Score | F83: Team | G83: H | H83: V | M83: SB | O83: Place | P83: Senior Boys | Q83: Score | R83: Team | S83: H | T83: V
A84: SG | C84: 1 | D84: Elsa Marsden | E84: 185.25 | F84: DL | H84: 5 | M84: SB | O84: 1 | P84: Nick Wanzer | Q84: 269.2 | R84: VW | S84: 5
A85: SG | C85: 2 | D85: Alanna Korff | E85: 176.25 | F85: DL | H85: 3 | M85: SB | O85: 2 | P85: Spencer Bloom | Q85: 251.7 | R85: DL | T85: 3
A86: SG | C86: 3 | D86: Jessica Fritsch | E86: 158.9 | F86: VW | G86: 1 | M86: SB | O86: 3 | P86: Noah Wanzer | Q86: 228.9 | R86: VW | S86: 1
A87: SG | C87: 4 | D87: Olivia Bloom | E87: 141 | F87: DL | M87: SB | O87: 4 | P87: Rishi Vasudevan | Q87: 157.45 | R87: DL
C94: Senior Girls TOTALS | G94: 1 | H94: 8 | O94: Senior Boys TOTALS | S94: 6 | T94: 3
C96: Judges | O96: Referee | Q96: Noah Paci
C97: Joe Fritsch, Gillian Backus, Sonya Marsden, Emily Korff, David Bloom | O97: Meet Secretary | Q97: Rachel Paci
C99: Home Team Secretary | O99: Visiting Team Secretary | Q99: Sonya Marsden
C100: Home Team Comments | O100: Visiting Team Comments
O101: One diver was given a zero when the diver hit the board. One judge, Sonya Marsden, thought that meant the dive was failed and gave it a zero, but the ref did not agree. Ms. Marsden was wrong, but that score did not change the results of the meet because the diver still got 1st place. Jim Sweeder was consulted after the fact and said no changes need to be made.
D106: Results Form # | E106: 2 | P106: Date | Q106: 44383
D107: * These results are calculated automatically and are non-editable | P107: Report Status | Q107: 10-Finalized
C109: Home Team | E109: OKM-Old Keene Mill | H109: OKM | O109: Visiting Team | Q109: SR-Sideburn Run | T109: SR
C110: Score | E110: 46 | O110: Score | Q110: 25
G112: H | H112: V | S112: H | T112: V
C113: FG | D113: Freshman Girls | G113: 9 | H113: 0 | O113: FB | P113: Freshman Boys | S113: 4 | T113: 5
C114: JG | D114: Junior Girls | G114: 6 | H114: 3 | O114: JB | P114: Junior Boys | S114: 8 | T114: 0
C115: IG | D115: Intermediate Girls | G115: 4 | H115: 5 | O115: IB | P115: Intermediate Boys | S115: 5 | T115: 4
C116: SG | D116: Senior Girls | G116: 4 | H116: 5 | O116: SB | P116: Senior Boys | S116: 6 | T116: 3
D117: TOTALS | G117: 23 | H117: 13 | P117: TOTALS | S117: 23 | T117: 12
A121: FG | C121: Place | D121: Freshman Girls | E121: Score | F121: Team | G121: H | H121: V | M121: FB | O121: Place | P121: Freshman Boys | Q121: Score | R121: Team | S121: H | T121: V
A122: FG | C122: 1 | D122: Anya Osterhout | E122: 74.85 | F122: OKM | G122: 5 | M122: FB | O122: 1 | P122: Dylan Wilson | Q122: 55.55 | R122: SR | T122: 5
A123: FG | C123: 2 | D123: Vivian Lightfoot | E123: 65.95 | F123: OKM | G123: 3 | M123: FB | O123: 2 | P123: Charles Rubino | Q123: 55.4 | R123: OKM | S123: 3
A124: FG | C124: 3 | D124: Shannon Stegmaier | E124: 61.1 | F124: OKM | G124: 1 | M124: FB | O124: 3 | P124: Jake Conquez | Q124: 49.5 | R124: OKM | S124: 1
A125: FG | C125: 4 | D125: Samantha Kluger | E125: 60 | F125: OKM | M125: FB | O125: 4 | P125: Bryan Markey | Q125: 43.15 | R125: SR
A126: FG | C126: 5 | D126: Cora Bellomo | E126: 43.75 | F126: SR | M126: FB | O126: 5 | P126: Alden Meholic | Q126: 42.2 | R126: SR
A127: FG | C127: 6 | D127: Kendall Wilson | E127: 33.9 | F127: SR | M127: FB | O127: 6 | P127: Luke Nobles | Q127: 42.05 | R127: OKM
A128: FG | C128: 7 | D128: Lydia Danielsen | E128: 27.25 | F128: SR | M128: FB | O128: 7 | P128: Matthews Hughes | Q128: 40.9 | R128: OKM
A129: FG | C129: 8 | D129: Caroline Wilson | E129: 24.75 | F129: SR | M129: FB | O129: 8 | P129: Treyton Green | Q129: 31.7 | R129: OKM
A130: FG | C130: 9 | D130: Juliette Baldesi | E130: 20.95 | F130: OKM
A131: FG | C131: 10 | D131: Caroline Markey | E131: 14 | F131: SR
C147: Freshman Girls TOTALS | G147: 9 | H147: 0 | O147: Freshman Boys TOTALS | S147: 4 | T147: 5
A150: JG | C150: Place | D150: Junior Girls | E150: Score | F150: Team | G150: H | H150: V | M150: JB | O150: Place | P150: Junior Boys | Q150: Score | R150: Team | S150: H | T150: V
A151: JG | C151: 1 | D151: Caroline Copes | E151: 75.7 | F151: OKM | G151: 5 | M151: JB | O151: 1 | P151: Miles Teague | Q151: 57.45 | R151: OKM | S151: 5
A152: JG | C152: 2 | D152: Karly Proulx | E152: 72.75 | F152: SR | H152: 3 | M152: JB | O152: 2 | P152: Brian Stegmaier | Q152: 53.25 | R152: OKM | S152: 3 | U152: ^
A153: JG | C153: 3 | D153: Paige Kiddey | E153: 66.25 | F153: OKM | G153: 1
A154: JG | C154: 4 | D154: Abby Swartz | E154: 61.1 | F154: OKM
A155: JG | C155: 5 | D155: Abby West | E155: 48.85 | F155: OKM
C166: Junior Girls TOTALS | G166: 6 | H166: 3 | O166: Junior Boys TOTALS | S166: 8 | T166: 0
A169: IG | C169: Place | D169: Intermediate Girls | E169: Score | F169: Team | G169: H | H169: V | M169: IB | O169: Place | P169: Intermediate Boys | Q169: Score | R169: Team | S169: H | T169: V
A170: IG | C170: 1 | D170: Alyssa Proulx | E170: 133.8 | F170: SR | H170: 5 | M170: IB | O170: 1 | P170: Zavier Green | Q170: 94.9 | R170: OKM | S170: 5
A171: IG | C171: 2 | D171: Lindsay Kawane | E171: 92.55 | F171: OKM | G171: 3 | M171: IB | O171: 2 | P171: Tyler Nelson | Q171: 72.2 | R171: SR | T171: 3
A172: IG | C172: 3 | D172: Olivia Osterhout | E172: 64.15 | F172: OKM | G172: 1 | M172: IB | O172: 3 | P172: Walker Littleton | Q172: 63.5 | R172: SR | T172: 1
M173: IB | O173: 4 | P173: Joseph Markey | Q173: 53.15 | R173: SR
M174: IB | O174: 5 | P174: Sean Walter | Q174: 52.7 | R174: SR
C180: Intermediate Girls TOTALS | G180: 4 | H180: 5 | O180: Intermediate Boys TOTALS | S180: 5 | T180: 4
A183: SG | C183: Place | D183: Senior Girls | E183: Score | F183: Team | G183: H | H183: V | M183: SB | O183: Place | P183: Senior Boys | Q183: Score | R183: Team | S183: H | T183: V
A184: SG | C184: 1 | D184: Amanda Stalfort | E184: 272.75 | F184: SR | H184: 5 | M184: SB | O184: 1 | P184: Liam MIller | Q184: 260.1 | R184: OKM | S184: 5
A185: SG | C185: 2 | D185: Cara DeJesus | E185: 219.15 | F185: OKM | G185: 3 | M185: SB | O185: 2 | P185: Sam Flory | Q185: 222.5 | R185: SR | T185: 3
A186: SG | C186: 3 | D186: Sania Dhond | E186: 165.95 | F186: OKM | G186: 1 | M186: SB | O186: 3 | P186: Thomas Hughes | Q186: 187 | R186: OKM | S186: 1
A187: SG | C187: 4 | D187: Meghan Shivik | E187: 159.3 | F187: SR | M187: SB | O187: 4 | P187: JP Wiluz | Q187: 179.55 | R187: OKM
A188: SG | C188: 5 | D188: Anna Littleton | E188: 134.15 | F188: SR | M188: SB | O188: 5 | P188: Chris Suppa | Q188: 176.9 | R188: SR
A189: SG | C189: 6 | D189: Reagan McHugh | E189: 99.75 | F189: SR | M189: SB | O189: 6 | P189: Adam Osterhout | Q189: 147.8 | R189: OKM
M190: SB | O190: 7 | P190: Matthew Gelles | Q190: 127.2 | R190: SR
M191: SB | O191: 8 | P191: Matthew Mitros | Q191: 106.55 | R191: SR
C194: Senior Girls TOTALS | G194: 4 | H194: 5 | O194: Senior Boys TOTALS | S194: 6 | T194: 3
...

Sheet D2-MeetResults
D1: 44383 | F1: NVSL DIVING MEET RESULTS | Q1: Div | R1: 2
B2: Link | D2: Home Team | F2: Score | P2: Visiting Team | R2: Score
A3: 1 | B3: 1 | D3: WG-Walden Glen | F3: 31 | I3: 0 | L3: vs | P3: KG-Kent Gardens | R3: 41 | U3: 0
A4: 2 | B4: 2 | D4: OAK-Oakton | F4: 58 | I4: 0 | L4: vs | P4: MHC-Mansion House | R4: 14 | U4: 0
A5: 3 | B5: 3 | D5: F-Fairfax | F5: 45.5 | I5: 0 | L5: vs | P5: GF-Great Falls | R5: 26.5 | U5: 0
D6: Results Form # | E6: 1 | P6: Date | Q6: 44383
D7: * These results are calculated automatically and are non-editable | P7: Report Status | Q7: 10-Finalized
C9: Home Team | E9: WG-Walden Glen | H9: WG | O9: Visiting Team | Q9: KG-Kent Gardens | T9: KG
C10: Score | E10: 31 | O10: Score | Q10: 41
G12: H | H12: V | S12: H | T12: V
C13: FG | D13: Freshman Girls | G13: 9 | H13: 0 | O13: FB | P13: Freshman Boys | S13: 3 | T13: 6
C14: JG | D14: Junior Girls | G14: 3 | H14: 6 | O14: JB | P14: Junior Boys | S14: 5 | T14: 4
C15: IG | D15: Intermediate Girls | G15: 3 | H15: 6 | O15: IB | P15: Intermediate Boys | S15: 3 | T15: 6
C16: SG | D16: Senior Girls | G16: 0 | H16: 9 | O16: SB | P16: Senior Boys | S16: 5 | T16: 4
D17: TOTALS | G17: 15 | H17: 21 | P17: TOTALS | S17: 16 | T17: 20
A21: FG | C21: Place | D21: Freshman Girls | E21: Score | F21: Team | G21: H | H21: V | O21: Place | P21: Freshman Boys | Q21: Score | R21: Team | S21: H | T21: V
A22: FG | C22: T1 | D22: Elin Geraghty | E22: 52.5 | F22: WG | G22: 4 | O22: 1 | P22: Gavan Nasr | Q22: 66.3 | R22: KG | T22: 5
A23: FG | C23: T1 | D23: Daphne Hwang | E23: 52.5 | F23: WG | G23: 4 | O23: 2 | P23: Jonah Lanthier | Q23: 65 | R23: WG | S23: 3
A24: FG | C24: 3 | D24: Molly Donnelly | E24: 48.75 | F24: WG | G24: 1 | O24: 3 | P24: Lucas Moreno | Q24: 50.9 | R24: KG | T24: 1
A25: FG | C25: 4 | D25: Maggie Donnelly | E25: 48.7 | F25: WG | O25: 4 | P25: Declan Nguyen | Q25: 48.9 | R25: KG
A26: FG | C26: 5 | D26: Caroline Van Order | E26: 46.65 | F26: KG | O26: 5 | P26: Owen Webb | Q26: 48.6 | R26: WG
A27: FG | C27: 6 | D27: Samantha Lathier | E27: 44.05 | F27: WG | O27: 6 | P27: Liam Seubert | Q27: 11.75 | R27: WG
A28: FG | C28: 7 | D28: Callyn Lalime | E28: 43.65 | F28: WG
A29: FG | C29: 8 | D29: Amelia Cafer | E29: 42.2 | F29: KG
A30: FG | C30: 9 | D30: Emma Webb | E30: 41.85 | F30: WG
A31: FG | C31: 10 | D31: Sloane Nguyen | E31: 40 | F31: KG
A32: FG | C32: 11 | D32: Kaitlyn Ma | E32: 38.3 | F32: WG
A33: FG | C33: 12 | D33: Norah Wittman | E33: 38.2 | F33: KG
C47: Freshman Girls TOTALS | G47: 9 | H47: 0 | O47: Freshman Boys TOTALS | S47: 3 | T47: 6
A50: JG | C50: Place | D50: Junior Girls | E50: Score | F50: Team | G50: H | H50: V | O50: Place | P50: Junior Boys | Q50: Score | R50: Team | S50: H | T50: V
A51: JG | C51: 1 | D51: Katie Gorsline | E51: 103.15 | F51: KG | H51: 5 | O51: 1 | P51: Asher Lanthier | Q51: 99.7 | R51: WG | S51: 5
A52: JG | C52: 2 | D52: Jessica Buechler | E52: 82.6 | F52: WG | G52: 3 | O52: 2 | P52: Reagan Diaz | Q52: 71.2 | R52: KG | T52: 3 | U52: ^
A53: JG | C53: 3 | D53: Isabella Hampton | E53: 73.95 | F53: KG | H53: 1 | O53: 3 | P53: Andy Wu | Q53: 67.6 | R53: KG | T53: 1
A54: JG | C54: 4 | D54: Mya Merkel | E54: 65.95 | F54: WG | O54: 4 | P54: Henry Phoel | Q54: 67.15 | R54: KG
A55: JG | C55: 5 | D55: Isabella Uribarri-Tibabuzo | E55: 61.35 | F55: WG | O55: 5 | P55: Ramsay Latham | Q55: 53.4 | R55: WG
A56: JG | C56: 6 | D56: Riley Diaz | E56: 60.1 | F56: KG | O56: 6 | P56: Landon Manwaring | Q56: 49.7 | R56: KG
A57: JG | C57: 7 | D57: Sophia Hwang | E57: 60 | F57: WG
C66: Junior Girls TOTALS | G66: 3 | H66: 6 | O66: Junior Boys TOTALS | S66: 5 | T66: 4
A69: IG | C69: Place | D69: Intermediate Girls | E69: Score | F69: Team | G69: H | H69: V | O69: Place | P69: Intermediate Boys | Q69: Score | R69: Team | S69: H | T69: V
A70: IG | C70: 1 | D70: Kate Li | E70: 144.45 | F70: KG | H70: 5 | O70: 1 | P70: Sean Memon | Q70: 147.45 | R70: KG | T70: 5
A71: IG | C71: 2 | D71: Charlotte Petrick | E71: 109.8 | F71: WG | G71: 3 | O71: 2 | P71: Jaden Buechler | Q71: 101.9 | R71: WG | S71: 3
A72: IG | C72: 3 | D72: Lauren Abba | E72: 109.1 | F72: KG | H72: 1 | O72: 3 | P72: Adam Nasr | Q72: 85.4 | R72: KG | T72: 1
A73: IG | C73: 4 | D73: Sophie Fredericks | E73: 103.95 | F73: KG | O73: 4 | P73: Grady Smith | Q73: 77.75 | R73: KG
A74: IG | C74: 5 | D74: Mirabella Lanthier | E74: 94.95 | F74: WG | O74: 5 | P74: Harrison Weinstock | Q74: 68.85 | R74: KG
A75: IG | C75: 6 | D75: Meredith Lawler | E75: 89.55 | F75: KG
C80: Intermediate Girls TOTALS | G80: 3 | H80: 6 | O80: Intermediate Boys TOTALS | S80: 3 | T80: 6
A83: SG | C83: Place | D83: Senior Girls | E83: Score | F83: Team | G83: H | H83: V | O83: Place | P83: Senior Boys | Q83: Score | R83: Team | S83: H | T83: V
A84: SG | C84: 1 | D84: Sarah Wood | E84: 185.4 | F84: KG | H84: 5 | O84: 1 | P84: Max Fowler | Q84: 277 | R84: WG | S84: 5
A85: SG | C85: 2 | D85: Jocelyn Brooks | E85: 177.8 | F85: KG | H85: 3 | O85: 2 | P85: Evan Brown | Q85: 230.05 | R85: KG | T85: 3
A86: SG | C86: 3 | D86: Madeleine Hersh | E86: 174.1 | F86: KG | H86: 1 | O86: 3 | P86: Jad Brubaker | Q86: 195.65 | R86: KG | T86: 1
A87: SG | C87: 4 | D87: Cadi Xie | E87: 150.75 | F87: KG | O87: 4 | P87: Ian Whitesel | Q87: 193.8 | R87: WG
A88: SG | C88: 5 | D88: Rachel Tielking | E88: 124.95 | F88: KG | O88: 5 | P88: Kylian Genetti | Q88: 171.7 | R88: KG
A89: SG | C89: 6 | D89: Ingrid Olsen | E89: 112.65 | F89: KG | O89: 6 | P89: Jake Moyer | Q89: 147 | R89: WG
A90: SG | C90: 7 | D90: Jordan Buechler | E90: DQ | F90: WG | O90: 7 | P90: Aidan Smith | Q90: 135.3 | R90: WG
C94: Senior Girls TOTALS | G94: 0 | H94: 9 | O94: Senior Boys TOTALS | S94: 5 | T94: 4
C96: Judges | O96: Referee | Q96: Paul Rabe
C97: Ira Hersh, Stacey Brooks, Damask Petric, Jenni Buechler | O97: Meet Secretary | Q97: Karen Uribarri-Tibabuzo
C99: Home Team Secretary | E99: Karen Uribarri-Tibabuzo | O99: Visiting Team Secretary | Q99: Malia Aston
C100: Home Team Comments | O100: Visiting Team Comments
C101: There was 1 DQ in Senior Girls.Thanks for a great meet.
D106: Results Form # | E106: 2 | P106: Date | Q106: 44383
D107: * These results are calculated automatically and are non-editable | P107: Report Status | Q107: 10-Finalized
C109: Home Team | E109: OAK-Oakton | H109: OAK | O109: Visiting Team | Q109: MHC-Mansion House | T109: MHC
C110: Score | E110: 58 | O110: Score | Q110: 14
G112: H | H112: V | S112: H | T112: V
C113: FG | D113: Freshman Girls | G113: 9 | H113: 0 | O113: FB | P113: Freshman Boys | S113: 9 | T113: 0
C114: JG | D114: Junior Girls | G114: 6 | H114: 3 | O114: JB | P114: Junior Boys | S114: 9 | T114: 0
C115: IG | D115: Intermediate Girls | G115: 8 | H115: 1 | O115: IB | P115: Intermediate Boys | S115: 9 | T115: 0
C116: SG | D116: Senior Girls | G116: 4 | H116: 5 | O116: SB | P116: Senior Boys | S116: 4 | T116: 5
D117: TOTALS | G117: 27 | H117: 9 | P117: TOTALS | S117: 31 | T117: 5
A121: FG | C121: Place | D121: Freshman Girls | E121: Score | F121: Team | G121: H | H121: V | O121: Place | P121: Freshman Boys | Q121: Score | R121: Team | S121: H | T121: V
A122: FG | C122: 1 | D122: Chelsea McLenahan | E122: 59.2 | F122: OAK | G122: 5 | O122: 1 | P122: James Roberts | Q122: 72.4 | R122: OAK | S122: 5
A123: FG | C123: 2 | D123: Simone Wilson | E123: 56.35 | F123: OAK | G123: 3 | O123: 2 | P123: Caleb McManus | Q123: 65.85 | R123: OAK | S123: 3
A124: FG | C124: 3 | D124: Mackenzie Martin | E124: 45.9 | F124: OAK | G124: 1 | O124: 3 | P124: Christopher Whang | Q124: 65.1 | R124: OAK | S124: 1
A125: FG | C125: 4 | D125: Rachel MacDonald | E125: 37.1 | F125: MHC | O125: 4 | P125: Malcolm McLenahan | Q125: 54.95 | R125: OAK
A126: FG | C126: 5 | D126: AJ Keane | E126: 35 | F126: MHC | O126: 5 | P126: Alex Lee | Q126: 49.25 | R126: OAK
A127: FG | C127: 6 | D127: Macy Bias | E127: 24.85 | F127: MHC | O127: 6 | P127: Sam Carrado | Q127: 45.8 | R127: MHC
O128: 7 | P128: Connor Timm | Q128: 42.95 | R128: OAK
O129: 8 | P129: Austin Lant | Q129: 27.6 | R129: MHC
O130: 9 | P130: Colby Reese | Q130: DQ | R130: OAK
C147: Freshman Girls TOTALS | G147: 9 | H147: 0 | O147: Freshman Boys TOTALS | S147: 9 | T147: 0
A150: JG | C150: Place | D150: Junior Girls | E150: Score | F150: Team | G150: H | H150: V | O150: Place | P150: Junior Boys | Q150: Score | R150: Team | S150: H | T150: V
A151: JG | C151: 1 | D151: Isabelle Whang | E151: 113.2 | F151: OAK | G151: 5 | O151: 1 | P151: Thibault Lede | Q151: 119.85 | R151: OAK | S151: 5
A152: JG | C152: 2 | D152: Isabella Roca | E152: 89.1 | F152: MHC | H152: 3 | O152: 2 | P152: James Hayden | Q152: 89.95 | R152: OAK | S152: 3
A153: JG | C153: 3 | D153: Charlotte Henderson | E153: 66.25 | F153: OAK | G153: 1 | O153: 3 | P153: Collin Henriques | Q153: 85.3 | R153: OAK | S153: 1
A154: JG | C154: 4 | D154: Allison Duffield | E154: 64.1 | F154: MHC | O154: 4 | P154: Leo Estes | Q154: 84 | R154: OAK
A155: JG | C155: 5 | D155: Ella Henderson | E155: 59.45 | F155: OAK | O155: 5 | P155: Owen Thomas | Q155: 83.55 | R155: MHC
O156: 6 | P156: Barnaby Lant | Q156: 78.4 | R156: MHC
O157: 7 | P157: William Wright | Q157: 75.3 | R157: OAK
O158: 8 | P158: Drake Karsadi | Q158: 40.8 | R158: MHC
C166: Junior Girls TOTALS | G166: 6 | H166: 3 | O166: Junior Boys TOTALS | S166: 9 | T166: 0
A169: IG | C169: Place | D169: Intermediate Girls | E169: Score | F169: Team | G169: H | H169: V | O169: Place | P169: Intermediate Boys | Q169: Score | R169: Team | S169: H | T169: V
A170: IG | C170: 1 | D170: Megan Shipley | E170: 112.8 | F170: OAK | G170: 5 | O170: 1 | P170: Brendan Doe | Q170: 170.9 | R170: OAK | S170: 5
A171: IG | C171: 2 | D171: Samantha Shuster | E171: 97.6 | F171: OAK | G171: 3 | O171: 2 | P171: Jack Hansen | Q171: 117 | R171: OAK | S171: 3
A172: IG | C172: 3 | D172: Lacey Lussier | E172: 89.6 | F172: MHC | H172: 1 | O172: 3 | P172: Jon Anthony Montel | Q172: 114 | R172: OAK | S172: 1
A173: IG | C173: 4 | D173: Elise Wendy | E173: 84.75 | F173: MHC | O173: 4 | P173: Dylan Reese | Q173: 100.9 | R173: OAK
A174: IG | C174: 5 | D174: Tabitha Thomas | E174: 63.05 | F174: MHC | O174: 5 | P174: Zac Lee | Q174: 91.55 | R174: OAK
O175: 6 | P175: Jem Morgan | Q175: 86.15 | R175: MHC
O176: 7 | P176: Ryan Shipley | Q176: 79.7 | R176: OAK
C180: Intermediate Girls TOTALS | G180: 8 | H180: 1 | O180: Intermediate Boys TOTALS | S180: 9 | T180: 0
...

Sheet D3-MeetResults
D1: 44383 | F1: NVSL DIVING MEET RESULTS | Q1: Div | R1: 3
B2: Link | D2: Home Team | F2: Score | I2: Err | P2: Visiting Team | R2: Score | U2: Err
A3: 1 | B3: 1 | D3: AF-Arlington Forest | F3: 24 | I3: 0 | L3: vs | P3: PC-Pinecrest | R3: 48 | U3: 0
A4: 2 | B4: 2 | D4: LG-Lee Graham | F4: 36 | I4: 1 | L4: vs | P4: HV-Hunt Valley | R4: 35 | U4: 0
A5: 3 | B5: 3 | D5: SHR-Sleepy Hollow Rec | F5: 44 | I5: 0 | L5: vs | P5: DR-Donaldson Run | R5: 28 | U5: 1
D6: Results Form # | E6: 1 | P6: Date | Q6: 44383
D7: * These results are calculated automatically and are non-editable | P7: Report Status | Q7: 10-Finalized
C9: Home Team | E9: AF-Arlington Forest | H9: AF | O9: Visiting Team | Q9: PC-Pinecrest | T9: PC
C10: Score | E10: 24 | O10: Score | Q10: 48
G12: H | H12: V | S12: H | T12: V
C13: FG | D13: Freshman Girls | G13: 0 | H13: 9 | O13: FB | P13: Freshman Boys | S13: 8 | T13: 1
C14: JG | D14: Junior Girls | G14: 0 | H14: 9 | O14: JB | P14: Junior Boys | S14: 1 | T14: 8
C15: IG | D15: Intermediate Girls | G15: 6 | H15: 3 | O15: IB | P15: Intermediate Boys | S15: 4 | T15: 5
C16: SG | D16: Senior Girls | G16: 1 | H16: 8 | O16: SB | P16: Senior Boys | S16: 4 | T16: 5
D17: TOTALS | G17: 7 | H17: 29 | P17: TOTALS | S17: 17 | T17: 19
A21: FG | C21: Place | D21: Freshman Girls | E21: Score | F21: Team | G21: H | H21: V | O21: Place | P21: Freshman Boys | Q21: Score | R21: Team | S21: H | T21: V
A22: FG | C22: 1 | D22: Ella Dunlavy | E22: 68.75 | F22: PC | H22: 5 | O22: 1 | P22: Banks Buergler | Q22: 66.65 | R22: AF | S22: 5
A23: FG | C23: 2 | D23: Annie Dunlavy | E23: 63.95 | F23: PC | H23: 3 | O23: 2 | P23: Alex Stewart | Q23: 57.1 | R23: AF | S23: 3
A24: FG | C24: 3 | D24: Leandra Barger | E24: 62.25 | F24: PC | H24: 1 | O24: 3 | P24: Aaron Barger | Q24: 48.6 | R24: PC | T24: 1
A25: FG | C25: 4 | D25: Julia Kennedy | E25: 56.5 | F25: PC | O25: 4 | P25: Matthew Vogt | Q25: 31.45 | R25: AF
A26: FG | C26: 5 | D26: Libby Costello | E26: 54.45 | F26: PC | O26: 5 | P26: Timothy Barger | Q26: 29.95 | R26: PC
A27: FG | C27: 6 | D27: Ella Turner | E27: 54.25 | F27: AF
A28: FG | C28: 7 | D28: Maddie Yappel | E28: 48.9 | F28: PC
A29: FG | C29: 8 | D29: Abby Galanes | E29: 46.05 | F29: AF
A30: FG | C30: 9 | D30: Caris Allen | E30: 34.35 | F30: PC
A31: FG | C31: 10 | D31: Chloe Kennedy | E31: 33.8 | F31: PC
C47: Freshman Girls TOTALS | G47: 0 | H47: 9 | O47: Freshman Boys TOTALS | S47: 8 | T47: 1
A50: JG | C50: Place | D50: Junior Girls | E50: Score | F50: Team | G50: H | H50: V | O50: Place | P50: Junior Boys | Q50: Score | R50: Team | S50: H | T50: V
A51: JG | C51: 1 | D51: Gia Yappel | E51: 82.95 | F51: PC | H51: 5 | O51: 1 | P51: Connor Ryan | Q51: 79.4 | R51: PC | T51: 5
A52: JG | C52: 2 | D52: Natalie Rutland | E52: 81.05 | F52: PC | H52: 3 | O52: 2 | P52: Akash Kaji | Q52: 79.2 | R52: PC | T52: 3
A53: JG | C53: 3 | D53: Isla Eckhardt | E53: 79.95 | F53: PC | H53: 1 | O53: 3 | P53: Daniel Vogt | Q53: 75.35 | R53: AF | S53: 1
A54: JG | C54: 4 | D54: Lauren Ivey | E54: 69.2 | F54: PC
A55: JG | C55: 5 | D55: Caroline Ivey | E55: 53.2 | F55: PC
C66: Junior Girls TOTALS | G66: 0 | H66: 9 | O66: Junior Boys TOTALS | S66: 1 | T66: 8
A69: IG | C69: Place | D69: Intermediate Girls | E69: Score | F69: Team | G69: H | H69: V | O69: Place | P69: Intermediate Boys | Q69: Score | R69: Team | S69: H | T69: V
A70: IG | C70: 1 | D70: Ada Jordan | E70: 123.7 | F70: AF | G70: 5 | O70: 1 | P70: Jackson Ward | Q70: 124 | R70: PC | T70: 5
A71: IG | C71: 2 | D71: Graci Vlattas | E71: 103.9 | F71: PC | H71: 3 | O71: 2 | P71: Greyson Schroeher | Q71: 119.9 | R71: AF | S71: 3
A72: IG | C72: 3 | D72: Teagan Boone | E72: 86.15 | F72: AF | G72: 1 | O72: 3 | P72: Benjamin Tahu | Q72: 98.5 | R72: AF | S72: 1
C80: Intermediate Girls TOTALS | G80: 6 | H80: 3 | O80: Intermediate Boys TOTALS | S80: 4 | T80: 5
A83: SG | C83: Place | D83: Senior Girls | E83: Score | F83: Team | G83: H | H83: V | O83: Place | P83: Senior Boys | Q83: Score | R83: Team | S83: H | T83: V
A84: SG | C84: 1 | D84: Abby Anderson | E84: 181.85 | F84: PC | H84: 5 | O84: 1 | P84: Vangeli Hadjimichael | Q84: 167.5 | R84: PC | T84: 5
A85: SG | C85: 2 | D85: Kenzie Conner | E85: 179.35 | F85: PC | H85: 3 | O85: 2 | P85: Max Cassatt | Q85: 148.35 | R85: AF | S85: 3
A86: SG | C86: 3 | D86: Charlotte Weir | E86: 139.55 | F86: AF | G86: 1 | O86: 3 | P86: David Alves | Q86: 131.3 | R86: AF | S86: 1
C94: Senior Girls TOTALS | G94: 1 | H94: 8 | O94: Senior Boys TOTALS | S94: 4 | T94: 5
C96: Judges | O96: Referee | Q96: Lynn Clark
C97: Justin Clark, Liz Cagianesa, Karen Rutland, Mike Hadjimichael, Steve Conner | O97: Meet Secretary | Q97: Laura Smialowicz
C99: Home Team Secretary | E99: Laura Smialowicz | O99: Visiting Team Secretary | Q99: Jess Kennedy
C100: Home Team Comments | O100: Visiting Team Comments
C101: Arlington Forest - thanks for the awesome meet and warm welcome, we enjoyed it!
D106: Results Form # | E106: 2 | P106: Date | Q106: 44383
D107: * These results are calculated automatically and are non-editable | P107: Report Status | Q107: 10-Finalized
C109: Home Team | E109: LG-Lee Graham | H109: LG | O109: Visiting Team | Q109: HV-Hunt Valley | T109: HV
C110: Score | E110: 36 | O110: Score | Q110: 35
G112: H | H112: V | S112: H | T112: V
C113: FG | D113: Freshman Girls | G113: 9 | H113: 0 | O113: FB | P113: Freshman Boys | S113: 4 | T113: 5
C114: JG | D114: Junior Girls | G114: 4 | H114: 5 | O114: JB | P114: Junior Boys | S114: 1 | T114: 8
C115: IG | D115: Intermediate Girls | G115: 5 | H115: 4 | O115: IB | P115: Intermediate Boys | S115: 5 | T115: 4
C116: SG | D116: Senior Girls | G116: 8 | H116: 1 | O116: SB | P116: Senior Boys | S116: 0 | T116: 8
D117: TOTALS | G117: 26 | H117: 10 | P117: TOTALS | S117: 10 | T117: 25
A121: FG | C121: Place | D121: Freshman Girls | E121: Score | F121: Team | G121: H | H121: V | O121: Place | P121: Freshman Boys | Q121: Score | R121: Team | S121: H | T121: V
A122: FG | C122: 1 | D122: Cora Brock | E122: 51.7 | F122: LG | G122: 5 | O122: 1 | P122: Amir Owens | Q122: 84.7 | R122: HV | T122: 5
A123: FG | C123: 2 | D123: Evie Harmer | E123: 51.45 | F123: LG | G123: 3 | O123: 2 | P123: Teddy Klousia | Q123: 60.2 | R123: LG | S123: 3
A124: FG | C124: 3 | D124: Maggie Scully | E124: 42.35 | F124: LG | G124: 1 | O124: 3 | P124: William Davis | Q124: 59.45 | R124: LG | S124: 1
A125: FG | C125: 4 | D125: Payton Bennett | E125: 41.3 | F125: HV | O125: 4 | P125: Jacob Faustman | Q125: 54.85 | R125: HV
A126: FG | C126: 5 | D126: Lila Scully | E126: 38.15 | F126: LG | O126: 5 | P126: Derek Baltas | Q126: 54.05 | R126: HV
A127: FG | C127: 6 | D127: Sarah Banko | E127: 37.1 | F127: LG | O127: 6 | P127: Adam Ogrodny | Q127: 51 | R127: HV
A128: FG | C128: 7 | D128: Addison Bennett | E128: 36.65 | F128: HV | O128: 7 | P128: John Mulcahy | Q128: 45.15 | R128: HV
A129: FG | C129: 8 | D129: Wren McCann | E129: 35.15 | F129: LG | O129: 8 | P129: Ethan Page | Q129: 44.55 | R129: LG
A130: FG | C130: 9 | D130: Lyla Jacobs | E130: 29.25 | F130: HV | O130: 9 | P130: Patrick Verasin | Q130: 42.8 | R130: LG
C147: Freshman Girls TOTALS | G147: 9 | H147: 0 | O147: Freshman Boys TOTALS | S147: 4 | T147: 5
A150: JG | C150: Place | D150: Junior Girls | E150: Score | F150: Team | G150: H | H150: V | O150: Place | P150: Junior Boys | Q150: Score | R150: Team | S150: H | T150: V
A151: JG | C151: 1 | D151: Cassandra Hawthorne | E151: 114.95 | F151: HV | H151: 5 | O151: 1 | P151: Andrew Maurer | Q151: 109.85 | R151: HV | T151: 5
A152: JG | C152: 2 | D152: Zoe Mar | E152: 114.55 | F152: LG | G152: 3 | O152: 2 | P152: Joseph Ogrodny | Q152: 104.1 | R152: HV | T152: 3
A153: JG | C153: 3 | D153: Ella Wallinger | E153: 102.1 | F153: LG | G153: 1 | O153: 3 | P153: Patrick Scully | Q153: 86.05 | R153: LG | S153: 1
A154: JG | C154: 4 | D154: Madison Allard | E154: 94.6 | F154: LG | O154: 4 | P154: Issa Owens | Q154: 82.6 | R154: HV
A155: JG | C155: 5 | D155: Audrey Pounds | E155: 83.8 | F155: LG | O155: 5 | P155: Kaleb Wisner | Q155: 76.95 | R155: HV
A156: JG | C156: 6 | D156: Gwen Fry | E156: 81.05 | F156: LG
A157: JG | C157: 7 | D157: Olivia Wanchick | E157: 74.05 | F157: LG
A158: JG | C158: 8 | D158: Isadora Gebert | E158: 63.25 | F158: HV
C166: Junior Girls TOTALS | G166: 4 | H166: 5 | O166: Junior Boys TOTALS | S166: 1 | T166: 8
A169: IG | C169: Place | D169: Intermediate Girls | E169: Score | F169: Team | G169: H | H169: V | O169: Place | P169: Intermediate Boys | Q169: Score | R169: Team | S169: H | T169: V
A170: IG | C170: 1 | D170: Reagan Cervenak | E170: 162.85 | F170: LG | G170: 5 | O170: 1 | P170: Alex Way | Q170: 196.05 | R170: LG | S170: 5
A171: IG | C171: 2 | D171: Valerie christopher | E171: 146.35 | F171: HV | H171: 3 | O171: 2 | P171: Cooper Bouton | Q171: 111.05 | R171: HV | T171: 3
A172: IG | C172: 3 | D172: Alexandra Charecky | E172: 133.35 | F172: HV | H172: 1 | O172: 3 | P172: Sheen Lee | Q172: 101.75 | R172: HV | T172: 1 | U172: ^
A173: IG | C173: 4 | D173: Jane Asfah-Mohallatee | E173: 115.55 | F173: LG | O173: 4 | P173: Hudson Mar | Q173: 87 | R173: LG
A174: IG | C174: 5 | D174: Virginia Grubbs | E174: 109.95 | F174: HV
A175: IG | C175: 6 | D175: Hayley Eastman | E175: 103.45 | F175: LG
A176: IG | C176: 7 | D176: Corinne Dunsmoor | E176: 80 | F176: HV
A177: IG | C177: 8 | D177: Lily Dunsmoor | E177: 70.8 | F177: HV
C180: Intermediate Girls TOTALS | G180: 5 | H180: 4 | O180: Intermediate Boys TOTALS | S180: 5 | T180: 4
A183: SG | C183: Place | D183: Senior Girls | E183: Score | F183: Team | G183: H | H183: V | O183: Place | P183: Senior Boys | Q183: Score | R183: Team | S183: H | T183: V
A184: SG | C184: 1 | D184: Maggie DiScipio | E184: 234.35 | F184: LG | G184: 5 | O184: 1 | P184: Finnian Gelbach | Q184: 278.6 | R184: HV | T184: 5
A185: SG | C185: 2 | D185: Madison Cervenak | E185: 186.55 | F185: LG | G185: 3 | O185: 2 | P185: Jack Pritchard | Q185: 153.85 | R185: HV | T185: 3 | U185: ^
A186: SG | C186: 3 | D186: Ainsley Buckner | E186: 186.5 | F186: HV | H186: 1
A187: SG | C187: 4 | D187: Madeline Orchard | E187: 175.7 | F187: HV
A188: SG | C188: 5 | D188: Nora Blasch | E188: 163.7 | F188: HV
C194: Senior Girls TOTALS | G194: 8 | H194: 1 | O194: Senior Boys TOTALS | S194: 0 | T194: 8
C196: Judges | O196: Referee | Q196: Michelle Cervenak
C197: Michelle Cervenak, Patty Lister, Doug Gelbach, Kim Maurer, Karen Dunsmoor | O197: Meet Secretary | Q197: Alice Mar
C199: Home Team Secretary | E199: Alice Mar | O199: Visiting Team Secretary | Q199: Judy Baltas
...

Sheet D4-MeetResults
D1: 44383 | F1: NVSL DIVING MEET RESULTS | Q1: Div | R1: 4
B2: Link | D2: Home Team | F2: Score | P2: Visiting Team | R2: Score
A3: 1 | B3: 1 | D3: HS-Highlands Swim | F3: 32 | I3: 0 | L3: vs | P3: WC-Wakefield Chapel | R3: 36 | U3: 0
A4: 2 | B4: 2 | D4: T-Tuckahoe | F4: 33 | I4: 0 | L4: vs | P4: CB-Chesterbrook | R4: 35 | U4: 0
A5: 3 | B5: 3 | D5: DH-Dominion Hills | F5: 30 | I5: 0 | L5: vs | P5: HF-Hayfield Farm | R5: 42 | U5: 0
D6: Results Form # | E6: 1 | P6: Date | Q6: 44383
D7: * These results are calculated automatically and are non-editable | P7: Report Status | Q7: 10-Finalized
C9: Home Team | E9: HS-Highlands Swim | H9: HS | O9: Visiting Team | Q9: WC-Wakefield Chapel | T9: WC
C10: Score | E10: 32 | O10: Score | Q10: 36
G12: H | H12: V | S12: H | T12: V
C13: FG | D13: Freshman Girls | G13: 0 | H13: 9 | O13: FB | P13: Freshman Boys | S13: 4 | T13: 5
C14: JG | D14: Junior Girls | G14: 8 | H14: 1 | O14: JB | P14: Junior Boys | S14: 4 | T14: 5
C15: IG | D15: Intermediate Girls | G15: 6 | H15: 3 | O15: IB | P15: Intermediate Boys | S15: 0 | T15: 5
C16: SG | D16: Senior Girls | G16: 9 | H16: 0 | O16: SB | P16: Senior Boys | S16: 1 | T16: 8
D17: TOTALS | G17: 23 | H17: 13 | P17: TOTALS | S17: 9 | T17: 23
A21: FG | C21: Place | D21: Freshman Girls | E21: Score | F21: Team | G21: H | H21: V | O21: Place | P21: Freshman Boys | Q21: Score | R21: Team | S21: H | T21: V
A22: FG | C22: 1 | D22: Annabelle Ebaugh | E22: 68.9 | F22: WC | H22: 5 | O22: 1 | P22: Sullivan McNamara | Q22: 65.3 | R22: WC | T22: 5
A23: FG | C23: 2 | D23: Joelle Saunders | E23: 64.1 | F23: WC | H23: 3 | O23: 2 | P23: Franklin Fiske | Q23: 43.1 | R23: HS | S23: 3
A24: FG | C24: 3 | D24: Emily Fay | E24: 63.5 | F24: WC | H24: 1 | O24: 3 | P24: Azadi Castellano | Q24: 42.8 | R24: HS | S24: 1
A25: FG | C25: 4 | D25: Emilia Vayra | E25: 58.6 | F25: HS | O25: 4 | P25: Garrett Mansuy | Q25: 41.6 | R25: WC
A26: FG | C26: 5 | D26: Eva Negrelli | E26: 57.5 | F26: WC | O26: 5 | P26: Randolph Shults | Q26: 41.4 | R26: WC
A27: FG | C27: 6 | D27: Julia Paukovits | E27: 57.3 | F27: HS | O27: 6 | P27: Faustino Fredes | Q27: 36.1 | R27: HS
A28: FG | C28: 7 | D28: Lily Verne | E28: 49.7 | F28: WC
A29: FG | C29: 8 | D29: Eleanor Manos | E29: 47.6 | F29: WC
A30: FG | C30: 9 | D30: Aspen Rose Abruzzese | E30: 42.3 | F30: HS
A31: FG | C31: 10 | D31: Lydia Bremer | E31: 40.9 | F31: WC
A32: FG | C32: 11 | D32: Erin Grinnell | E32: 40.4 | F32: WC
A33: FG | C33: 12 | D33: Lily Kissinger | E33: 37.3 | F33: HS
A34: FG | C34: 13 | D34: Annelise Saunders | E34: 30.9 | F34: WC
C47: Freshman Girls TOTALS | G47: 0 | H47: 9 | O47: Freshman Boys TOTALS | S47: 4 | T47: 5
A50: JG | C50: Place | D50: Junior Girls | E50: Score | F50: Team | G50: H | H50: V | O50: Place | P50: Junior Boys | Q50: Score | R50: Team | S50: H | T50: V
A51: JG | C51: 1 | D51: Olivia Berik | E51: 111.4 | F51: HS | G51: 5 | I51: ^ | O51: 1 | P51: Seamus McNamara | Q51: 120.2 | R51: WC | T51: 5
A52: JG | C52: 2 | D52: Charlotte Berik | E52: 86.7 | F52: HS | G52: 3 | O52: 2 | P52: John Paul Kissinger | Q52: 76.8 | R52: HS | S52: 3 | U52: ^
A53: JG | C53: 3 | D53: Madison Ebaugh | E53: 82 | F53: WC | H53: 1 | O53: 3 | P53: John Berik | Q53: 73.7 | R53: HS | S53: 1 | U53: ^
A54: JG | C54: 4 | D54: Charlotte Fay | E54: 80.2 | F54: WC | O54: 4 | P54: Walter Shiu | Q54: 50 | R54: HS
A55: JG | C55: 5 | D55: Madeline Roche | E55: 72.2 | F55: HS
C66: Junior Girls TOTALS | G66: 8 | H66: 1 | O66: Junior Boys TOTALS | S66: 4 | T66: 5
A69: IG | C69: Place | D69: Intermediate Girls | E69: Score | F69: Team | G69: H | H69: V | O69: Place | P69: Intermediate Boys | Q69: Score | R69: Team | S69: H | T69: V
A70: IG | C70: 1 | D70: Norah Kissinger | E70: 128.9 | F70: HS | G70: 5 | O70: 1 | P70: Matthew Lazo-Kaser | Q70: 93.7 | R70: WC | T70: 5 | U70: ^
A71: IG | C71: 2 | D71: Alexa Mansuy | E71: 117.8 | F71: WC | H71: 3 | I71: ^
A72: IG | C72: 3 | D72: Elena Marques-Davila | E72: 99.1 | F72: HS | G72: 1
A73: IG | C73: 4 | D73: Isabel Karam | E73: 77.6 | F73: HS | I73: ^
C80: Intermediate Girls TOTALS | G80: 6 | H80: 3 | O80: Intermediate Boys TOTALS | S80: 0 | T80: 5
A83: SG | C83: Place | D83: Senior Girls | E83: Score | F83: Team | G83: H | H83: V | O83: Place | P83: Senior Boys | Q83: Score | R83: Team | S83: H | T83: V
A84: SG | C84: 1 | D84: Meghan Kissinger | E84: 152.6 | F84: HS | G84: 5 | O84: 1 | P84: Nathaniel Grannis | Q84: 244.9 | R84: WC | T84: 5 | U84: ^
A85: SG | C85: 2 | D85: Erin Wills | E85: 152.2 | F85: HS | G85: 3 | O85: 2 | P85: Sean Binning | Q85: 217.9 | R85: WC | T85: 3
A86: SG | C86: 3 | D86: Karenna Keane | E86: 140.3 | F86: HS | G86: 1 | O86: 3 | P86: Tanner Moore | Q86: 213.9 | R86: HS | S86: 1
O87: 4 | P87: Aidan Thomas | Q87: 210.7 | R87: WC
O88: 5 | P88: Zachary Abruzzese | Q88: 105 | R88: HS
C94: Senior Girls TOTALS | G94: 9 | H94: 0 | O94: Senior Boys TOTALS | S94: 1 | T94: 8
C96: Judges | O96: Referee | Q96: Neil Wills
C97: Mike Moore, Neil Wills, David Grannis, Stephanie McNamara, Karl Kaser | O97: Meet Secretary | Q97: Wendy Simon
C99: Home Team Secretary | E99: Wendy Simon | O99: Visiting Team Secretary | Q99: David Grannis
C100: Home Team Comments | O100: Visiting Team Comments
C101: He is added. | O101: Mispelling of first name of Annelise Sanders on the White Sheet."Amelia Sanders" should be Annelise Sanders. Pls correct the white sheet before sending to Div 4 coordinator
D106: Results Form # | E106: 2 | P106: Date | Q106: 44383
D107: * These results are calculated automatically and are non-editable | P107: Report Status | Q107: 10-Finalized
C109: Home Team | E109: T-Tuckahoe | H109: T | O109: Visiting Team | Q109: CB-Chesterbrook | T109: CB
C110: Score | E110: 33 | O110: Score | Q110: 35
G112: H | H112: V | S112: H | T112: V
C113: FG | D113: Freshman Girls | G113: 4 | H113: 5 | O113: FB | P113: Freshman Boys | S113: 4 | T113: 5
C114: JG | D114: Junior Girls | G114: 0 | H114: 8 | O114: JB | P114: Junior Boys | S114: 6 | T114: 3
C115: IG | D115: Intermediate Girls | G115: 3 | H115: 6 | O115: IB | P115: Intermediate Boys | S115: 8 | T115: 0
C116: SG | D116: Senior Girls | G116: 8 | H116: 0 | O116: SB | P116: Senior Boys | S116: 0 | T116: 8
D117: TOTALS | G117: 15 | H117: 19 | P117: TOTALS | S117: 18 | T117: 16
A121: FG | C121: Place | D121: Freshman Girls | E121: Score | F121: Team | G121: H | H121: V | O121: Place | P121: Freshman Boys | Q121: Score | R121: Team | S121: H | T121: V
A122: FG | C122: 1 | D122: Julianne Carle | E122: 76.75 | F122: CB | H122: 5 | O122: 1 | P122: Jack Zecher | Q122: 51.1 | R122: CB | T122: 5
A123: FG | C123: 2 | D123: Chaaya Springer | E123: 66.3 | F123: T | G123: 3 | O123: 2 | P123: Isaac Fonner | Q123: 50.55 | R123: T | S123: 3
A124: FG | C124: 3 | D124: Leah Bailey | E124: 64.85 | F124: T | G124: 1 | O124: 3 | P124: Isaac Shinskie | Q124: 47.25 | R124: T | S124: 1
A125: FG | C125: 4 | D125: Sloane Carle | E125: 62.5 | F125: CB | O125: 4 | P125: Ben Engola | Q125: 42.85 | R125: T
A126: FG | C126: 5 | D126: Emily Upp | E126: 57.9 | F126: T
A127: FG | C127: 6 | D127: Evah Pho | E127: 55.8 | F127: CB
A128: FG | C128: 7 | D128: Madeleine Philbin | E128: 54.5 | F128: CB
A129: FG | C129: 8 | D129: Mary Moss | E129: 45.6 | F129: CB
A130: FG | C130: 9 | D130: Nora Hall | E130: 43.2 | F130: T
C147: Freshman Girls TOTALS | G147: 4 | H147: 5 | O147: Freshman Boys TOTALS | S147: 4 | T147: 5
A150: JG | C150: Place | D150: Junior Girls | E150: Score | F150: Team | G150: H | H150: V | O150: Place | P150: Junior Boys | Q150: Score | R150: Team | S150: H | T150: V
A151: JG | C151: 1 | D151: Elise Lucien | E151: 121.15 | F151: CB | H151: 5 | O151: 1 | P151: Jackson Thomas | Q151: 127.15 | R151: T | S151: 5
A152: JG | C152: 2 | D152: Erika Noreika | E152: 89.15 | F152: CB | H152: 3 | O152: 2 | P152: Gordon Anderson | Q152: 102.5 | R152: CB | T152: 3
O153: 3 | P153: Teddy Angelides | Q153: 84.7 | R153: T | S153: 1
O154: 4 | P154: Jakob Workman | Q154: 69.6 | R154: T
C166: Junior Girls TOTALS | G166: 0 | H166: 8 | O166: Junior Boys TOTALS | S166: 6 | T166: 3
A169: IG | C169: Place | D169: Intermediate Girls | E169: Score | F169: Team | G169: H | H169: V | O169: Place | P169: Intermediate Boys | Q169: Score | R169: Team | S169: H | T169: V
A170: IG | C170: 1 | D170: Sarah Beach | E170: 145.05 | F170: CB | H170: 5 | O170: 1 | P170: Justin Upp | Q170: 143.85 | R170: T | S170: 5
A171: IG | C171: 2 | D171: Libby Hall | E171: 144.4 | F171: T | G171: 3 | O171: 2 | P171: Jaiden Saran | Q171: 127.75 | R171: T | S171: 3
A172: IG | C172: 3 | D172: Ellie Mallard | E172: 119.75 | F172: CB | H172: 1
C180: Intermediate Girls TOTALS | G180: 3 | H180: 6 | O180: Intermediate Boys TOTALS | S180: 8 | T180: 0
A183: SG | C183: Place | D183: Senior Girls | E183: Score | F183: Team | G183: H | H183: V | O183: Place | P183: Senior Boys | Q183: Score | R183: Team | S183: H | T183: V
A184: SG | C184: 1 | D184: Riya Saran | E184: 185.15 | F184: T | G184: 5 | O184: 1 | P184: Christopher Barnes | Q184: 177.15 | R184: CB | T184: 5
A185: SG | C185: 2 | D185: Sarina Saran | E185: 176.65 | F185: T | G185: 3 | O185: 2 | P185: Will Zimmerman | Q185: 150.45 | R185: CB | T185: 3
C194: Senior Girls TOTALS | G194: 8 | H194: 0 | O194: Senior Boys TOTALS | S194: 0 | T194: 8
C196: Judges | O196: Referee | Q196: Atul Saran
C197: Cindy Anderson, Doreen Moss, Atul Saran, Jenn Lager, Christine Hall | O197: Meet Secretary | Q197: Tim Springer
C199: Home Team Secretary | E199: Tim Springer | O199: Visiting Team Secretary | Q199: Jenn Lager
C200: Home Team Comments | O200: Visiting Team Comments
C201: Validated corrections made per notes to the right hand column. | O201: Left off Mary Moss 45.60 and her score was put in for Sloane Carle. I corrected Sloane's score. I corrected Elise Lucien's from 121.50 to 121.15.
D206: Results Form # | E206: 3 | P206: Date | Q206: 44383
D207: * These results are calculated automatically and are non-editable | P207: Report Status | Q207: 10-Finalized
C209: Home Team | E209: DH-Dominion Hills | H209: DH | O209: Visiting Team | Q209: HF-Hayfield Farm | T209: HF
C210: Score | E210: 30 | O210: Score | Q210: 42
...

Sheet D5-MeetResults
D1: 44383 | F1: NVSL DIVING MEET RESULTS | Q1: Div | R1: 5
B2: Link | D2: Home Team | F2: Score | P2: Visiting Team | R2: Score
A3: 1 | B3: 1 | D3: LV-Lakeview | F3: 31 | I3: 0 | L3: vs | P3: CP-Crosspointe | R3: 36 | U3: 0
A4: 2 | B4: 2 | D4: SHB-Sleepy Hollow Bath | F4: 31 | I4: 0 | L4: vs | P4: RH-Rolling Hills | R4: 40 | U4: 0
A5: 3 | B5: 3 | D5: CCC-Camelot Community Club | F5: 19 | I5: 0 | L5: vs | P5: R-Ravensworth Farm | R5: 48 | U5: 0
D6: Results Form # | E6: 1 | P6: Date | Q6: 44383
D7: * These results are calculated automatically and are non-editable | P7: Report Status | Q7: 10-Finalized
C9: Home Team | E9: LV-Lakeview | H9: LV | O9: Visiting Team | Q9: CP-Crosspointe | T9: CP
C10: Score | E10: 31 | O10: Score | Q10: 36
G12: H | H12: V | S12: H | T12: V
C13: FG | D13: Freshman Girls | G13: 1 | H13: 8 | O13: FB | P13: Freshman Boys | S13: 5 | T13: 4
C14: JG | D14: Junior Girls | G14: 1 | H14: 8 | O14: JB | P14: Junior Boys | S14: 4 | T14: 5
C15: IG | D15: Intermediate Girls | G15: 6 | H15: 3 | O15: IB | P15: Intermediate Boys | S15: 3 | T15: 5
C16: SG | D16: Senior Girls | G16: 6 | H16: 3 | O16: SB | P16: Senior Boys | S16: 5 | T16: 0
D17: TOTALS | G17: 14 | H17: 22 | P17: TOTALS | S17: 17 | T17: 14
A21: FG | C21: Place | D21: Freshman Girls | E21: Score | F21: Team | G21: H | H21: V | O21: Place | P21: Freshman Boys | Q21: Score | R21: Team | S21: H | T21: V
A22: FG | C22: 1 | D22: Sloan Tann | E22: 90.1 | F22: CP | H22: 5 | O22: 1 | P22: Arik Stone | Q22: 77.6 | R22: LV | S22: 5
A23: FG | C23: 2 | D23: Haley Schwab | E23: 70.45 | F23: CP | H23: 3 | O23: 2 | P23: Caleb Cherryholmes-Wesley | Q23: 72.25 | R23: CP | T23: 3
A24: FG | C24: 3 | D24: Isabelle Koenig | E24: 67.55 | F24: LV | G24: 1 | O24: 3 | P24: Ethan Johns | Q24: 69.2 | R24: CP | T24: 1
A25: FG | C25: 4 | D25: Teagan Johns | E25: 65.25 | F25: CP | O25: 4 | P25: Zachary Holden | Q25: 60.25 | R25: LV
A26: FG | C26: 5 | D26: Eleena Manser | E26: 59.9 | F26: CP | O26: 5 | P26: Pax Whritenour | Q26: 50.55 | R26: LV
A27: FG | C27: 6 | D27: Casimira Betz | E27: 50.2 | F27: CP | O27: 6 | P27: Luke Sabo | Q27: 43.3 | R27: CP
A28: FG | C28: 7 | D28: Mimei Minato | E28: 48.55 | F28: LV | O28: 7 | P28: Logan Gernatt | Q28: 35.95 | R28: LV
A29: FG | C29: 8 | D29: Lacey Slone | E29: 44.95 | F29: LV
A30: FG | C30: 9 | D30: Hannah Carroll | E30: 40.9 | F30: LV
A31: FG | C31: 10 | D31: Addy Whritenour | E31: 38.5 | F31: LV
A32: FG | C32: 11 | D32: Claire Webster | E32: 37.3 | F32: LV
A33: FG | C33: 12 | D33: Karoline Slone | E33: 34.8 | F33: LV
A34: FG | C34: 13 | D34: Reese Andresen | E34: 32.2 | F34: LV
A35: FG | C35: 14 | D35: Deena Epstein | E35: 31.7 | F35: LV
A36: FG | C36: 15 | D36: Norah Flintoft | E36: 27.15 | F36: LV
C47: Freshman Girls TOTALS | G47: 1 | H47: 8 | O47: Freshman Boys TOTALS | S47: 5 | T47: 4
A50: JG | C50: Place | D50: Junior Girls | E50: Score | F50: Team | G50: H | H50: V | O50: Place | P50: Junior Boys | Q50: Score | R50: Team | S50: H | T50: V
A51: JG | C51: 1 | D51: Quinn Harris | E51: 116 | F51: CP | H51: 5 | O51: 1 | P51: Dylan Johns | Q51: 90.3 | R51: CP | T51: 5
A52: JG | C52: 2 | D52: Josie Anderson | E52: 100.8 | F52: CP | H52: 3 | O52: 2 | P52: Ethan Hubbard | Q52: 88.8 | R52: LV | S52: 3
A53: JG | C53: 3 | D53: Claire Andresen | E53: 97.3 | F53: LV | G53: 1 | I53: ^ | O53: 3 | P53: Gunner Larson | Q53: 87.05 | R53: LV | S53: 1 | U53: ^
A54: JG | C54: 4 | D54: Caroline Apergis | E54: 92.35 | F54: CP | O54: 4 | P54: Enrique Ugalde | Q54: 82.1 | R54: CP
A55: JG | C55: 5 | D55: Kelsey Davis | E55: 92.05 | F55: CP | O55: 5 | P55: Caleb Schwab | Q55: 81.45 | R55: CP
A56: JG | C56: 6 | D56: Carleigh Haskins | E56: 80.85 | F56: CP
C66: Junior Girls TOTALS | G66: 1 | H66: 8 | O66: Junior Boys TOTALS | S66: 4 | T66: 5
A69: IG | C69: Place | D69: Intermediate Girls | E69: Score | F69: Team | G69: H | H69: V | O69: Place | P69: Intermediate Boys | Q69: Score | R69: Team | S69: H | T69: V
A70: IG | C70: 1 | D70: Lora Berkeley (LB) Macaranas | E70: 153.5 | F70: LV | G70: 5 | O70: 1 | P70: Brady Davies | Q70: 135.15 | R70: CP | T70: 5
A71: IG | C71: 2 | D71: Katy Haransky | E71: 143 | F71: CP | H71: 3 | O71: 2 | P71: Shawn Hubbard | Q71: 119.7 | R71: LV | S71: 3
A72: IG | C72: 3 | D72: Catherine Fleck | E72: 142.8 | F72: LV | G72: 1
A73: IG | C73: 4 | D73: Antonella Palazzo | E73: 138.15 | F73: LV
A74: IG | C74: 5 | D74: Leyna Flintoft | E74: 125.95 | F74: LV
A75: IG | C75: 6 | D75: Abigail Meehan | E75: 112.25 | F75: LV
C80: Intermediate Girls TOTALS | G80: 6 | H80: 3 | O80: Intermediate Boys TOTALS | S80: 3 | T80: 5
A83: SG | C83: Place | D83: Senior Girls | E83: Score | F83: Team | G83: H | H83: V | O83: Place | P83: Senior Boys | Q83: Score | R83: Team | S83: H | T83: V
A84: SG | C84: 1 | D84: Nicole Bondanella | E84: 198.4 | F84: LV | G84: 5 | O84: 1 | P84: Silas Platt | Q84: 152.05 | R84: LV | S84: 5 | U84: ^
A85: SG | C85: 2 | D85: Mia Mihocko | E85: 187.9 | F85: CP | H85: 3
A86: SG | C86: 3 | D86: Campbell McCracken | E86: 182.6 | F86: LV | G86: 1
A87: SG | C87: 4 | D87: Campbell Plageman | E87: 180.55 | F87: CP
A88: SG | C88: 5 | D88: Zoe Dolfis | E88: 150.45 | F88: LV
C94: Senior Girls TOTALS | G94: 6 | H94: 3 | O94: Senior Boys TOTALS | S94: 5 | T94: 0
C96: Judges | O96: Referee | Q96: Susan Mitchell
C97: Susan Mitchell, Vicky Palazzo / Kris Bondanella, Melissa Mihocko, Jessica Schwab, Amira Tann | O97: Meet Secretary | Q97: Elizabeth Macaranas
C99: Home Team Secretary | E99: Elizabeth Macaranas | O99: Visiting Team Secretary | Q99: Melissa Mihocko
C100: Home Team Comments | O100: Visiting Team Comments
C101: Thanks for a fun meet! | O101: Thanks, Lakeview, for hosting a fantastic meet!
D106: Results Form # | E106: 2 | P106: Date | Q106: 44383
D107: * These results are calculated automatically and are non-editable | P107: Report Status | Q107: 10-Finalized
C109: Home Team | E109: SHB-Sleepy Hollow Bath | H109: SHB | O109: Visiting Team | Q109: RH-Rolling Hills | T109: RH
C110: Score | E110: 31 | O110: Score | Q110: 40
G112: H | H112: V | S112: H | T112: V
C113: FG | D113: Freshman Girls | G113: 6 | H113: 3 | O113: FB | P113: Freshman Boys | S113: 1 | T113: 8
C114: JG | D114: Junior Girls | G114: 3 | H114: 6 | O114: JB | P114: Junior Boys | S114: 0 | T114: 8
C115: IG | D115: Intermediate Girls | G115: 9 | H115: 0 | O115: IB | P115: Intermediate Boys | S115: 5 | T115: 4
C116: SG | D116: Senior Girls | G116: 3 | H116: 6 | O116: SB | P116: Senior Boys | S116: 4 | T116: 5
D117: TOTALS | G117: 21 | H117: 15 | P117: TOTALS | S117: 10 | T117: 25
A121: FG | C121: Place | D121: Freshman Girls | E121: Score | F121: Team | G121: H | H121: V | O121: Place | P121: Freshman Boys | Q121: Score | R121: Team | S121: H | T121: V
A122: FG | C122: 1 | D122: Azeria "ZZ" Arnic | E122: 69.9 | F122: SHB | G122: 5 | O122: 1 | P122: Hudson Lynch | Q122: 59.2 | R122: RH | T122: 5
A123: FG | C123: 2 | D123: Amber Harrison | E123: 47.55 | F123: RH | H123: 3 | O123: 2 | P123: Jack Flanagan | Q123: 51.75 | R123: RH | T123: 3
A124: FG | C124: 3 | D124: Maya Orlova | E124: 46.1 | F124: SHB | G124: 1 | O124: 3 | P124: Kyle Schutt | Q124: 50.6 | R124: SHB | S124: 1
A125: FG | C125: 4 | D125: Sarah Chodos | E125: 43.35 | F125: SHB | O125: 4 | P125: Jacob Hurt | Q125: 49.6 | R125: RH
A126: FG | C126: 5 | D126: Alex Morgan | E126: 42.85 | F126: RH | O126: 5 | P126: Cameron Sauchuk | Q126: 35.85 | R126: RH
A127: FG | C127: 6 | D127: Xanthy Kuehne | E127: 40.9 | F127: RH | O127: 6 | P127: Oliver Matthews | Q127: 31.25 | R127: RH
A128: FG | C128: 7 | D128: Olivia Timmermann | E128: 34.05 | F128: RH | O128: 7 | P128: Brodie Kuehne | Q128: 31.15 | R128: RH
A129: FG | C129: 8 | D129: Evie Kerelchuk | E129: 33.5 | F129: RH
A130: FG | C130: 9 | D130: Alysa Gaona | E130: 32.1 | F130: RH
A131: FG | C131: 10 | D131: Izzy Matthews | E131: 31.85 | F131: RH
A132: FG | C132: 11 | D132: Isabel Kerelchuk | E132: 28.2 | F132: RH
A133: FG | C133: 12 | D133: Angelina katsas | E133: 26.1 | F133: SHB
A134: FG | C134: 13 | D134: Natasha Sauchuk | E134: 23.8 | F134: RH
C147: Freshman Girls TOTALS | G147: 6 | H147: 3 | O147: Freshman Boys TOTALS | S147: 1 | T147: 8
A150: JG | C150: Place | D150: Junior Girls | E150: Score | F150: Team | G150: H | H150: V | O150: Place | P150: Junior Boys | Q150: Score | R150: Team | S150: H | T150: V
A151: JG | C151: 1 | D151: Anamarie Harrison | E151: 88.95 | F151: RH | H151: 5 | O151: 1 | P151: Becket Lanier | Q151: 87.25 | R151: RH | T151: 5
A152: JG | C152: 2 | D152: Petra Oleson | E152: 80.75 | F152: SHB | G152: 3 | O152: 2 | P152: Griffin Wagner | Q152: 74.6 | R152: RH | T152: 3
A153: JG | C153: 3 | D153: Sophia Newtson | E153: 68.35 | F153: RH | H153: 1
A154: JG | C154: 4 | D154: Anne Juster | E154: 63.95 | F154: RH
A155: JG | C155: 5 | D155: Lina Rosenbaum | E155: 41.95 | F155: SHB
C166: Junior Girls TOTALS | G166: 3 | H166: 6 | O166: Junior Boys TOTALS | S166: 0 | T166: 8
A169: IG | C169: Place | D169: Intermediate Girls | E169: Score | F169: Team | G169: H | H169: V | O169: Place | P169: Intermediate Boys | Q169: Score | R169: Team | S169: H | T169: V
A170: IG | C170: 1 | D170: Paisley Wilkins | E170: 108.4 | F170: SHB | G170: 5 | O170: 1 | P170: Ethan Heim | Q170: 97.75 | R170: SHB | S170: 5
A171: IG | C171: 2 | D171: Addie Bates | E171: 105 | F171: SHB | G171: 3 | O171: 2 | P171: Ryan Casteleyn | Q171: 86.35 | R171: RH | T171: 3
A172: IG | C172: 3 | D172: Camryn Caughlin | E172: 87.3 | F172: SHB | G172: 1 | O172: 3 | P172: Tommy Juster | Q172: 76.7 | R172: RH | T172: 1
A173: IG | C173: 4 | D173: Lyla Harrison | E173: 82.35 | F173: RH | O173: 4 | P173: David Caudillo | Q173: 67.3 | R173: SHB
A174: IG | C174: 5 | D174: Natalia Sayasithsena | E174: 62.95 | F174: RH | O174: 5 | P174: Liam Healey-Wright | Q174: 53.55 | R174: RH
C180: Intermediate Girls TOTALS | G180: 9 | H180: 0 | O180: Intermediate Boys TOTALS | S180: 5 | T180: 4
A183: SG | C183: Place | D183: Senior Girls | E183: Score | F183: Team | G183: H | H183: V | O183: Place | P183: Senior Boys | Q183: Score | R183: Team | S183: H | T183: V
...

Sheet D6-MeetResults
D1: 44383 | F1: NVSL DIVING MEET RESULTS | Q1: Div | R1: 6
B2: Link | D2: Home Team | F2: Score | I2: Err | P2: Visiting Team | R2: Score
A3: 1 | B3: 1 | D3: HP-Highland Park | F3: 40 | I3: 0 | L3: vs | P3: OH-Orange Hunt | R3: 32 | U3: 0
A4: 2 | B4: 2 | D4: G-Greenbriar | F4: 45 | I4: 1 | L4: vs | P4: PAR-Parliament | R4: 27 | U4: 0
A5: 3 | B5: 3 | D5: FS-Fairfax Station | F5: 32 | I5: 0 | L5: vs | P5: CH-Cardinal Hill | R5: 40 | U5: 0
D6: Results Form # | E6: 1 | P6: Date | Q6: 44383
D7: * These results are calculated automatically and are non-editable | P7: Report Status | Q7: 10-Finalized
C9: Home Team | E9: HP-Highland Park | H9: HP | O9: Visiting Team | Q9: OH-Orange Hunt | T9: OH
C10: Score | E10: 40 | O10: Score | Q10: 32
G12: H | H12: V | S12: H | T12: V
C13: FG | D13: Freshman Girls | G13: 6 | H13: 3 | O13: FB | P13: Freshman Boys | S13: 6 | T13: 3
C14: JG | D14: Junior Girls | G14: 3 | H14: 6 | O14: JB | P14: Junior Boys | S14: 0 | T14: 9
C15: IG | D15: Intermediate Girls | G15: 6 | H15: 3 | O15: IB | P15: Intermediate Boys | S15: 6 | T15: 3
C16: SG | D16: Senior Girls | G16: 4 | H16: 5 | O16: SB | P16: Senior Boys | S16: 9 | T16: 0
D17: TOTALS | G17: 19 | H17: 17 | P17: TOTALS | S17: 21 | T17: 15
A21: FG | C21: Place | D21: Freshman Girls | E21: Score | F21: Team | G21: H | H21: V | O21: Place | P21: Freshman Boys | Q21: Score | R21: Team | S21: H | T21: V
A22: FG | C22: 1 | D22: Katie Lee Cutts | E22: 63.85 | F22: HP | G22: 5 | O22: 1 | P22: Benjamin Margolis | Q22: 74.9 | R22: HP | S22: 5
A23: FG | C23: 2 | D23: Gabby Heredia | E23: 57.45 | F23: OH | H23: 3 | O23: 2 | P23: Andrew Barber | Q23: 67.1 | R23: OH | T23: 3
A24: FG | C24: 3 | D24: Maddy Guy | E24: 49.75 | F24: HP | G24: 1 | O24: 3 | P24: Philip Stigliano | Q24: 59 | R24: HP | S24: 1
A25: FG | C25: 4 | D25: Caroline Todd | E25: 49.65 | F25: HP | O25: 4 | P25: Theodore Romanosky | Q25: 51.4 | R25: HP
A26: FG | C26: 5 | D26: Phoebe Guy | E26: 45.25 | F26: HP | O26: 5 | P26: Ben Berona | Q26: 49.8 | R26: OH
A27: FG | C27: 6 | D27: Molly Foster | E27: 43.05 | F27: HP | O27: 6 | P27: Teddy Anderson | Q27: 47.9 | R27: HP
A28: FG | C28: 7 | D28: Roxie Griffith | E28: 41.19 | F28: OH | O28: 7 | P28: Liam Painter | Q28: 47.25 | R28: HP
A29: FG | C29: 8 | D29: Emily LaSalle | E29: 39 | F29: HP | O29: 8 | P29: Will Dickinson | Q29: 46.6 | R29: OH
A30: FG | C30: 9 | D30: Kyra Drobnis | E30: 38.85 | F30: OH | O30: 9 | P30: Benjamin Allen | Q30: 43.2 | R30: HP
A31: FG | C31: 10 | D31: Leah Jandrain | E31: 37.2 | F31: HP | O31: 10 | P31: Joshua Berona | Q31: 37.3 | R31: OH
A32: FG | C32: 11 | D32: Kiera Carpenter | E32: 31.4 | F32: OH | O32: 11 | P32: Zack Stickel | Q32: 36.8 | R32: OH
A33: FG | C33: 12 | D33: Bridget Snyder | E33: 25.75 | F33: HP | O33: 12 | P33: Adam Zimmer | Q33: 31.25 | R33: OH
A34: FG | C34: 13 | D34: Peyton Anderson | E34: 22.2 | F34: HP | O34: 13 | P34: Ryan Fournier | Q34: 26.7 | R34: OH
A35: FG | C35: 14 | D35: Clara Taylor | E35: DQ | F35: HP | O35: 14 | P35: Max Gura | Q35: 19.95 | R35: HP
O36: 15 | P36: Devon Taylor | Q36: 12.5 | R36: HP
C47: Freshman Girls TOTALS | G47: 6 | H47: 3 | O47: Freshman Boys TOTALS | S47: 6 | T47: 3
A50: JG | C50: Place | D50: Junior Girls | E50: Score | F50: Team | G50: H | H50: V | O50: Place | P50: Junior Boys | Q50: Score | R50: Team | S50: H | T50: V
A51: JG | C51: 1 | D51: Rebecca Drobnis | E51: 93.4 | F51: OH | H51: 5 | O51: 1 | P51: Jayden Perry | Q51: 83 | R51: OH | T51: 5
A52: JG | C52: 2 | D52: Lily Coulby | E52: 84.35 | F52: HP | G52: 3 | O52: 2 | P52: Casper Bing | Q52: 71.6 | R52: OH | T52: 3
A53: JG | C53: 3 | D53: Bethany Telleria | E53: 83.15 | F53: OH | H53: 1 | O53: 3 | P53: Michael Neville | Q53: 63.65 | R53: OH | T53: 1
A54: JG | C54: 4 | D54: Piper Guy | E54: 70.05 | F54: HP | O54: 4 | P54: Luke Stickel | Q54: 57.85 | R54: OH
A55: JG | C55: 5 | D55: Brianna Land Riekse | E55: 67.75 | F55: OH | O55: 5 | P55: Caleb Urias | Q55: 54.25 | R55: OH
A56: JG | C56: 6 | D56: Lina Elbekri | E56: 62.55 | F56: HP | O56: 6 | P56: Henry Cutts | Q56: 49.9 | R56: HP | U56: ^
A57: JG | C57: 7 | D57: Lucy Barber | E57: 62.45 | F57: OH
C66: Junior Girls TOTALS | G66: 3 | H66: 6 | O66: Junior Boys TOTALS | S66: 0 | T66: 9
A69: IG | C69: Place | D69: Intermediate Girls | E69: Score | F69: Team | G69: H | H69: V | O69: Place | P69: Intermediate Boys | Q69: Score | R69: Team | S69: H | T69: V
A70: IG | C70: 1 | D70: Josephine Damico Lassman | E70: 119.55 | F70: HP | G70: 5 | O70: 1 | P70: Desmond Damico Lassman | Q70: 111.5 | R70: HP | S70: 5
A71: IG | C71: 2 | D71: Kotryna Bujokas | E71: 111.95 | F71: OH | H71: 3 | O71: 2 | P71: Grant McClure | Q71: 107.4 | R71: OH | T71: 3
A72: IG | C72: 3 | D72: Ginny Coulby | E72: 107.25 | F72: HP | G72: 1 | O72: 3 | P72: Nate Anderson | Q72: 59.95 | R72: HP | S72: 1 | U72: ^
A73: IG | C73: 4 | D73: Danie Wolfe | E73: 88.25 | F73: OH
C80: Intermediate Girls TOTALS | G80: 6 | H80: 3 | O80: Intermediate Boys TOTALS | S80: 6 | T80: 3
A83: SG | C83: Place | D83: Senior Girls | E83: Score | F83: Team | G83: H | H83: V | O83: Place | P83: Senior Boys | Q83: Score | R83: Team | S83: H | T83: V
A84: SG | C84: 1 | D84: Maggie Toth | E84: 176.55 | F84: OH | H84: 5 | O84: 1 | P84: Jackson Bertman | Q84: 202.6 | R84: HP | S84: 5
A85: SG | C85: 2 | D85: Esme Damico Lassman | E85: 160.5 | F85: HP | G85: 3 | O85: 2 | P85: Caden Guy | Q85: 183.35 | R85: HP | S85: 3
A86: SG | C86: 3 | D86: Emily Townsend | E86: 102.85 | F86: HP | G86: 1 | O86: 3 | P86: Porter Bertman | Q86: 141.5 | R86: HP | S86: 1
O87: 4 | P87: Steven McCormick | Q87: 138.7 | R87: HP
C94: Senior Girls TOTALS | G94: 4 | H94: 5 | O94: Senior Boys TOTALS | S94: 9 | T94: 0
C96: Judges | O96: Referee | Q96: Mike Bertman
C97: Mike Bertman, Michael Margolis, Lydia Stickel, Maggie Perry, Rachel Dickinson | O97: Meet Secretary | Q97: Julie Margolis
C99: Home Team Secretary | E99: Julie Margolis | O99: Visiting Team Secretary | Q99: Katherine McClure
C100: Home Team Comments | O100: Visiting Team Comments
C101: Thanks to you for being a great team! | O101: What a fun meet. Thank you for hosting, Highland Park!
D106: Results Form # | E106: 2 | P106: Date | Q106: 44383
D107: * These results are calculated automatically and are non-editable | P107: Report Status | Q107: 10-Finalized
C109: Home Team | E109: G-Greenbriar | H109: G | O109: Visiting Team | Q109: PAR-Parliament | T109: PAR
C110: Score | E110: 45 | O110: Score | Q110: 27
G112: H | H112: V | S112: H | T112: V
C113: FG | D113: Freshman Girls | G113: 4 | H113: 5 | O113: FB | P113: Freshman Boys | S113: 6 | T113: 3
C114: JG | D114: Junior Girls | G114: 6 | H114: 3 | O114: JB | P114: Junior Boys | S114: 0 | T114: 9
C115: IG | D115: Intermediate Girls | G115: 6 | H115: 3 | O115: IB | P115: Intermediate Boys | S115: 8 | T115: 1
C116: SG | D116: Senior Girls | G116: 9 | H116: 0 | O116: SB | P116: Senior Boys | S116: 6 | T116: 3
D117: TOTALS | G117: 25 | H117: 11 | P117: TOTALS | S117: 20 | T117: 16
A121: FG | C121: Place | D121: Freshman Girls | E121: Score | F121: Team | G121: H | H121: V | O121: Place | P121: Freshman Boys | Q121: Score | R121: Team | S121: H | T121: V
A122: FG | C122: 1 | D122: Charlotte Rotteveel | E122: 66.6 | F122: PAR | H122: 5 | O122: 1 | P122: Mack Miller | Q122: 72.75 | R122: G | S122: 5
A123: FG | C123: 2 | D123: Kayla Tarugsa | E123: 65.65 | F123: G | G123: 3 | O123: 2 | P123: Nolan Scott | Q123: 57.3 | R123: PAR | T123: 3
A124: FG | C124: 3 | D124: Gabriella Roberts | E124: 59.9 | F124: G | G124: 1 | O124: 3 | P124: Ben Blaeuer | Q124: 51.75 | R124: G | S124: 1
A125: FG | C125: 4 | D125: Olivia Pietress | E125: 56.55 | F125: G | O125: 4 | P125: Pike Conway | Q125: 42.5 | R125: G
A126: FG | C126: 5 | D126: Simone Feil | E126: 56.45 | F126: G | O126: 5 | P126: Drew Avila | Q126: 40.3 | R126: PAR
A127: FG | C127: 6 | D127: Madelyn Nassar | E127: 48.4 | F127: G | O127: 6 | P127: Jack Henry | Q127: 38.75 | R127: G
A128: FG | C128: 7 | D128: Zanna Brown | E128: 40.7 | F128: G | O128: 7 | P128: Max Waterman | Q128: 37.6 | R128: G
A129: FG | C129: 8 | D129: Gabrielle Subsavage | E129: 40.6 | F129: PAR | O129: 8 | P129: Avery Edwards | Q129: 29.75 | R129: PAR
A130: FG | C130: 9 | D130: Gabby Smith | E130: 29.7 | F130: PAR | O130: 9 | P130: Fynn Miller | Q130: 25.5 | R130: PAR
A131: FG | C131: 10 | D131: Tanisa Kanchanawanchai | E131: 28.7 | F131: PAR
A132: FG | C132: 11 | D132: Hadley Miller | E132: 26.5 | F132: PAR
A133: FG | C133: 12 | D133: Brielle Burnside | E133: 25 | F133: PAR
A134: FG | C134: 13 | D134: Bridget Caines | E134: 19 | F134: PAR
C147: Freshman Girls TOTALS | G147: 4 | H147: 5 | O147: Freshman Boys TOTALS | S147: 6 | T147: 3
A150: JG | C150: Place | D150: Junior Girls | E150: Score | F150: Team | G150: H | H150: V | O150: Place | P150: Junior Boys | Q150: Score | R150: Team | S150: H | T150: V
A151: JG | C151: 1 | D151: Eliza Miller | E151: 92.6 | F151: G | G151: 5 | O151: 1 | P151: Alex Smith | Q151: 90.4 | R151: PAR | T151: 5
A152: JG | C152: 2 | D152: Aubree Burnside | E152: 83.55 | F152: PAR | H152: 3 | I152: ^ | O152: 2 | P152: Alex Avila | Q152: 77.05 | R152: PAR | T152: 3
A153: JG | C153: 3 | D153: Rowan Threadgill | E153: 77.75 | F153: G | G153: 1 | O153: 3 | P153: Jack Caines | Q153: 74.3 | R153: PAR | T153: 1
A154: JG | C154: 4 | D154: Sage Smyth | E154: 67.5 | F154: G | O154: 4 | P154: Blake Allen | Q154: 57.7 | R154: G | U154: ^
A155: JG | C155: 5 | D155: Penny Lawrence | E155: 63.05 | F155: G | O155: 5 | P155: Luke Snyder | Q155: 45.4 | R155: G
C166: Junior Girls TOTALS | G166: 6 | H166: 3 | O166: Junior Boys TOTALS | S166: 0 | T166: 9
A169: IG | C169: Place | D169: Intermediate Girls | E169: Score | F169: Team | G169: H | H169: V | O169: Place | P169: Intermediate Boys | Q169: Score | R169: Team | S169: H | T169: V
A170: IG | C170: 1 | D170: Evie Miller | E170: 146.45 | F170: G | G170: 5 | O170: 1 | P170: Paxton Martinez | Q170: 142.9 | R170: G | S170: 5
A171: IG | C171: 2 | D171: Isabel Smith | E171: 135.25 | F171: PAR | H171: 3 | O171: 2 | P171: Michael Bray | Q171: 140.6 | R171: G | S171: 3
A172: IG | C172: 3 | D172: Kendall Arnz | E172: 110.95 | F172: G | G172: 1 | O172: 3 | P172: Daniel Belloni | Q172: 112.75 | R172: PAR | T172: 1
A173: IG | C173: 4 | D173: Hazel Flynn | E173: 108.35 | F173: G | O173: 4 | P173: Evan Vink | Q173: 110.45 | R173: PAR
A174: IG | C174: 5 | D174: Avery Lawrence | E174: 71.1 | F174: G | O174: 5 | P174: Corban Lawrence | Q174: 103.8 | R174: G
O175: 6 | P175: Hunter Colandria | Q175: 92.25 | R175: G
O176: 7 | P176: Garrett Kendall | Q176: 76.2 | R176: PAR
C180: Intermediate Girls TOTALS | G180: 6 | H180: 3 | O180: Intermediate Boys TOTALS | S180: 8 | T180: 1
A183: SG | C183: Place | D183: Senior Girls | E183: Score | F183: Team | G183: H | H183: V | O183: Place | P183: Senior Boys | Q183: Score | R183: Team | S183: H | T183: V
...

Sheet D7-MeetResults
D1: 44383 | F1: NVSL DIVING MEET RESULTS | Q1: Div | R1: 7
B2: Link | D2: Home Team | F2: Score | P2: Visiting Team | R2: Score
A3: 1 | B3: 1 | D3: SRA-Stratford Rec Association | F3: 36 | I3: 0 | L3: vs | P3: M-Mantua | R3: 36 | U3: 0
A4: 2 | B4: 2 | D4: HSC-Hamlet Swim | F4: 42 | I4: 0 | L4: vs | P4: SB-Springboard Recreration Club | R4: 22 | U4: 0
A5: 3 | B5: 3 | D5: W-Woodley | F5: 45 | I5: 0 | L5: vs | P5: RFD-Rutherford | R5: 24 | U5: 0
D6: Results Form # | E6: 1 | P6: Date | Q6: 44383
D7: * These results are calculated automatically and are non-editable | P7: Report Status | Q7: 10-Finalized
C9: Home Team | E9: SRA-Stratford Rec Association | H9: SRA | O9: Visiting Team | Q9: M-Mantua | T9: M
C10: Score | E10: 36 | O10: Score | Q10: 36
G12: H | H12: V | S12: H | T12: V
C13: FG | D13: Freshman Girls | G13: 0 | H13: 9 | O13: FB | P13: Freshman Boys | S13: 4 | T13: 5
C14: JG | D14: Junior Girls | G14: 5 | H14: 4 | O14: JB | P14: Junior Boys | S14: 6 | T14: 3
C15: IG | D15: Intermediate Girls | G15: 3 | H15: 6 | O15: IB | P15: Intermediate Boys | S15: 5 | T15: 4
C16: SG | D16: Senior Girls | G16: 4 | H16: 5 | O16: SB | P16: Senior Boys | S16: 9 | T16: 0
D17: TOTALS | G17: 12 | H17: 24 | P17: TOTALS | S17: 24 | T17: 12
A21: FG | C21: Place | D21: Freshman Girls | E21: Score | F21: Team | G21: H | H21: V | O21: Place | P21: Freshman Boys | Q21: Score | R21: Team | S21: H | T21: V
A22: FG | C22: 1 | D22: Maggie Levi | E22: 56.4 | F22: M | H22: 5 | O22: 1 | P22: Grant Evonuk | Q22: 54.8 | R22: M | T22: 5
A23: FG | C23: 2 | D23: Kate Evonuk | E23: 47.1 | F23: M | H23: 3 | O23: 2 | P23: Liam Ganci | Q23: 42.35 | R23: SRA | S23: 3
A24: FG | C24: 3 | D24: Catherine Redington | E24: 46.45 | F24: M | H24: 1 | O24: 3 | P24: Collin Christ | Q24: 40.05 | R24: SRA | S24: 1
A25: FG | C25: 4 | D25: Paige Finley | E25: 42.45 | F25: SRA | O25: 4 | P25: William Lang | Q25: 39.4 | R25: SRA
A26: FG | C26: 5 | D26: Juliet Tetreault | E26: 34.75 | F26: M | O26: 5 | P26: Grayson Morrisette | Q26: 31.8 | R26: SRA
A27: FG | C27: 6 | D27: Kree Setliff | E27: 31.4 | F27: M | O27: 6 | P27: Matteo Fazio | Q27: 30.2 | R27: SRA
A28: FG | C28: 7 | D28: Leila White | E28: 30.8 | F28: M | O28: 7 | P28: Liam Redington | Q28: 28.1 | R28: M
A29: FG | C29: 8 | D29: Adele Pino | E29: 25.35 | F29: M | O29: 8 | P29: Max Molina Weir | Q29: 27.35 | R29: M
A30: FG | C30: 9 | D30: Emily Wills | E30: 22.85 | F30: M | O30: 9 | P30: Nicolas Hill | Q30: 25.65 | R30: M
A31: FG | C31: 10 | D31: Annabel Rider | E31: 22.7 | F31: M | O31: 10 | P31: Finn Price | Q31: 18.2 | R31: SRA
A32: FG | C32: 11 | D32: Claire Cashin | E32: 22.1 | F32: M
A33: FG | C33: 12 | D33: Cara Tansey | E33: 9.5 | F33: M
C47: Freshman Girls TOTALS | G47: 0 | H47: 9 | O47: Freshman Boys TOTALS | S47: 4 | T47: 5
A50: JG | C50: Place | D50: Junior Girls | E50: Score | F50: Team | G50: H | H50: V | O50: Place | P50: Junior Boys | Q50: Score | R50: Team | S50: H | T50: V
A51: JG | C51: 1 | D51: Debbie Burke | E51: 79.15 | F51: SRA | G51: 5 | O51: 1 | P51: Aelan Elder | Q51: 67 | R51: SRA | S51: 5
A52: JG | C52: 2 | D52: Lydia Tetreault | E52: 73.9 | F52: M | H52: 3 | O52: 2 | P52: Owen Molina Weir | Q52: 58.85 | R52: M | T52: 3 | U52: ^
A53: JG | C53: 3 | D53: Stina Nystrom | E53: 68.65 | F53: M | H53: 1 | O53: 3 | P53: Wesley Ferguson | Q53: 44.6 | R53: SRA | S53: 1
A54: JG | C54: 4 | D54: Maggie Burke | E54: 66.45 | F54: SRA
A55: JG | C55: 5 | D55: Emery Mize | E55: 64.6 | F55: M
A56: JG | C56: 6 | D56: Aysel El Bourini | E56: 46.3 | F56: SRA
C66: Junior Girls TOTALS | G66: 5 | H66: 4 | O66: Junior Boys TOTALS | S66: 6 | T66: 3
A69: IG | C69: Place | D69: Intermediate Girls | E69: Score | F69: Team | G69: H | H69: V | O69: Place | P69: Intermediate Boys | Q69: Score | R69: Team | S69: H | T69: V
A70: IG | C70: 1 | D70: Samantha Eldred | E70: 107.3 | F70: M | H70: 5 | O70: 1 | P70: Ryan Calligaro | Q70: 119.6 | R70: SRA | S70: 5
A71: IG | C71: 2 | D71: Lily Ross | E71: 100.15 | F71: SRA | G71: 3 | O71: 2 | P71: Henry Levi | Q71: 116.65 | R71: M | T71: 3
A72: IG | C72: 3 | D72: Susan Wang Andera | E72: 91.65 | F72: M | H72: 1 | O72: 3 | P72: Dexter Tetreault | Q72: 89.95 | R72: M | T72: 1
A73: IG | C73: 4 | D73: Avery Garr | E73: 84.75 | F73: SRA
A74: IG | C74: 5 | D74: Delaney Dean | E74: 72.75 | F74: SRA | I74: ^
C80: Intermediate Girls TOTALS | G80: 3 | H80: 6 | O80: Intermediate Boys TOTALS | S80: 5 | T80: 4
A83: SG | C83: Place | D83: Senior Girls | E83: Score | F83: Team | G83: H | H83: V | O83: Place | P83: Senior Boys | Q83: Score | R83: Team | S83: H | T83: V
A84: SG | C84: 1 | D84: Sally Harrington | E84: 199.2 | F84: M | H84: 5 | O84: 1 | P84: Boede Offringa | Q84: 207.55 | R84: SRA | S84: 5
A85: SG | C85: 2 | D85: Sarah Fleming | E85: 136 | F85: SRA | G85: 3 | O85: 2 | P85: Kevin Dinkel | Q85: 204.9 | R85: SRA | S85: 3
A86: SG | C86: 3 | D86: Maddi Ross | E86: 131.75 | F86: SRA | G86: 1 | O86: 3 | P86: John Dinkel | Q86: 175.1 | R86: SRA | S86: 1
A87: SG | C87: 4 | D87: Allison Ary | E87: 131.3 | F87: SRA | O87: 4 | P87: Eian Murphy | Q87: 155.65 | R87: M
A88: SG | C88: 5 | D88: Sammy McKnight | E88: 130.9 | F88: M | O88: 5 | P88: Rohan McCarthy | Q88: 143 | R88: M
A89: SG | C89: 6 | D89: Sofia Nystrom | E89: 130.7 | F89: M | O89: 6 | P89: Dillon Wirth | Q89: 139 | R89: SRA
A90: SG | C90: 7 | D90: Amanda Kendrick | E90: 125 | F90: SRA
C94: Senior Girls TOTALS | G94: 4 | H94: 5 | O94: Senior Boys TOTALS | S94: 9 | T94: 0
C96: Judges | O96: Referee | Q96: Matt Burke
C97: David Ross, Kevin Wirth, Matt Tetreault, Ena Murphy, Lesley McKnight | O97: Meet Secretary | Q97: Peggy Dinkel
C99: Home Team Secretary | E99: Erin Wirth | O99: Visiting Team Secretary | Q99: Laura Tetreault
C100: Home Team Comments | O100: Visiting Team Comments
D106: Results Form # | E106: 2 | P106: Date | Q106: 44383
D107: * These results are calculated automatically and are non-editable | P107: Report Status | Q107: 10-Finalized
C109: Home Team | E109: HSC-Hamlet Swim | H109: HSC | O109: Visiting Team | Q109: SB-Springboard Recreration Club | T109: SB
C110: Score | E110: 42 | O110: Score | Q110: 22
G112: H | H112: V | S112: H | T112: V
C113: FG | D113: Freshman Girls | G113: 9 | H113: 0 | O113: FB | P113: Freshman Boys | S113: 4 | T113: 5
C114: JG | D114: Junior Girls | G114: 5 | H114: 3 | O114: JB | P114: Junior Boys | S114: 9 | T114: 0
C115: IG | D115: Intermediate Girls | G115: 0 | H115: 8 | O115: IB | P115: Intermediate Boys | S115: 5 | T115: 0
C116: SG | D116: Senior Girls | G116: 5 | H116: 3 | O116: SB | P116: Senior Boys | S116: 5 | T116: 3
D117: TOTALS | G117: 19 | H117: 14 | P117: TOTALS | S117: 23 | T117: 8
A121: FG | C121: Place | D121: Freshman Girls | E121: Score | F121: Team | G121: H | H121: V | O121: Place | P121: Freshman Boys | Q121: Score | R121: Team | S121: H | T121: V
A122: FG | C122: 1 | D122: Abby Pickard | E122: 59.5 | F122: HSC | G122: 5 | O122: 1 | P122: Aiden Sutherland | Q122: 36.7 | R122: SB | T122: 5
A123: FG | C123: 2 | D123: Campbell Kurpiel | E123: 48.95 | F123: HSC | G123: 3 | O123: 2 | P123: Liam Gentry | Q123: 33.75 | R123: HSC | S123: 3
A124: FG | C124: 3 | D124: Kate Gentry | E124: 46.15 | F124: HSC | G124: 1 | O124: 3 | P124: Samuel Bricker | Q124: 29.85 | R124: HSC | S124: 1
A125: FG | C125: 4 | D125: Elizabeth Peebles | E125: 36.95 | F125: HSC | O125: 4 | P125: Alan Schwartz | Q125: 23.7 | R125: HSC
A126: FG | C126: 5 | D126: Jem Wahler | E126: 30 | F126: SB | O126: 5 | P126: Alejandro Payan | Q126: 22.6 | R126: HSC
A127: FG | C127: 6 | D127: Siena Nguyen | E127: 18.25 | F127: HSC
A128: FG | C128: 7 | D128: Amelia Gentry | E128: 14.5 | F128: HSC
A129: FG | C129: 8 | D129: Ava Payan | E129: 11 | F129: HSC
C147: Freshman Girls TOTALS | G147: 9 | H147: 0 | O147: Freshman Boys TOTALS | S147: 4 | T147: 5
A150: JG | C150: Place | D150: Junior Girls | E150: Score | F150: Team | G150: H | H150: V | O150: Place | P150: Junior Boys | Q150: Score | R150: Team | S150: H | T150: V
A151: JG | C151: 1 | D151: Leyla Ozden | E151: 58.85 | F151: HSC | G151: 5 | O151: 1 | P151: Bennett Steele | Q151: 88.45 | R151: HSC | S151: 5
A152: JG | C152: 2 | D152: Eliza Hunt | E152: 44.75 | F152: SB | H152: 3 | O152: 2 | P152: Jacob Ross | Q152: 66 | R152: HSC | S152: 3 | U152: ^
O153: 3 | P153: Darius Bajoghli | Q153: 62.75 | R153: HSC | S153: 1
O154: 4 | P154: T'iyler Rothstein | Q154: 53.45 | R154: SB
O155: 5 | P155: Ash Burress | Q155: 46.6 | R155: SB
C166: Junior Girls TOTALS | G166: 5 | H166: 3 | O166: Junior Boys TOTALS | S166: 9 | T166: 0
A169: IG | C169: Place | D169: Intermediate Girls | E169: Score | F169: Team | G169: H | H169: V | O169: Place | P169: Intermediate Boys | Q169: Score | R169: Team | S169: H | T169: V
A170: IG | C170: 1 | D170: Aubrie Burress | E170: 77.55 | F170: SB | H170: 5 | O170: 1 | P170: Savas Emanuel | Q170: 104.2 | R170: HSC | S170: 5
A171: IG | C171: 2 | D171: Jade Carey | E171: 51.35 | F171: SB | H171: 3
C180: Intermediate Girls TOTALS | G180: 0 | H180: 8 | O180: Intermediate Boys TOTALS | S180: 5 | T180: 0
A183: SG | C183: Place | D183: Senior Girls | E183: Score | F183: Team | G183: H | H183: V | O183: Place | P183: Senior Boys | Q183: Score | R183: Team | S183: H | T183: V
A184: SG | C184: 1 | D184: Melinda Hauda | E184: 141.5 | F184: HSC | G184: 5 | O184: 1 | P184: Anthony Maull | Q184: 114.6 | R184: HSC | S184: 5
A185: SG | C185: 2 | D185: Makenna Aphrodite | E185: 51.45 | F185: SB | H185: 3 | O185: 2 | P185: Brendan Waterval | Q185: 96.3 | R185: SB | T185: 3
C194: Senior Girls TOTALS | G194: 5 | H194: 3 | O194: Senior Boys TOTALS | S194: 5 | T194: 3
C196: Judges | O196: Referee | Q196: Karen Hauda
C197: Mark Waterval, Carol Davis, Miguel Payan, Anamarie Paredes, Amir Bajoghli | O197: Meet Secretary | Q197: William Hauda
C199: Home Team Secretary | E199: William Hauda | O199: Visiting Team Secretary | Q199: Carylin Waterval
C200: Home Team Comments | O200: Visiting Team Comments
D206: Results Form # | E206: 3 | P206: Date | Q206: 44383
D207: * These results are calculated automatically and are non-editable | P207: Report Status | Q207: 10-Finalized
C209: Home Team | E209: W-Woodley | H209: W | O209: Visiting Team | Q209: RFD-Rutherford | T209: RFD
C210: Score | E210: 45 | O210: Score | Q210: 24
...

Sheet D8-MeetResults
D1: 44383 | F1: NVSL DIVING MEET RESULTS | Q1: Div | R1: 8
B2: Link | D2: Home Team | F2: Score | P2: Visiting Team | R2: Score
A3: 1 | B3: 1 | D3: IC-Ilda Community | F3: 23 | I3: 0 | L3: vs | P3: CSC-Commonwealth Swim Club | R3: 30 | U3: 0
A4: 2 | B4: 2 | D4: S-Springfield | F4: 45 | I4: 0 | L4: vs | P4: A-Annandale | R4: 15 | U4: 0
A5: 3 | B5: 3 | D5: PL-Parklawn | F5: 34 | I5: 0 | L5: vs | P5: NS-North Springfield | R5: 34 | U5: 0
D6: Results Form # | E6: 1 | P6: Date | Q6: 44383
D7: * These results are calculated automatically and are non-editable | P7: Report Status | Q7: 10-Finalized
C9: Home Team | E9: IC-Ilda Community | H9: IC | O9: Visiting Team | Q9: CSC-Commonwealth Swim Club | T9: CSC
C10: Score | E10: 23 | O10: Score | Q10: 30
G12: H | H12: V | S12: H | T12: V
C13: FG | D13: Freshman Girls | G13: 1 | H13: 8 | O13: FB | P13: Freshman Boys | S13: 0 | T13: 9
C14: JG | D14: Junior Girls | G14: 5 | H14: 3 | O14: JB | P14: Junior Boys | S14: 3 | T14: 5
C15: IG | D15: Intermediate Girls | G15: 5 | H15: 0 | O15: IB | P15: Intermediate Boys | S15: 5 | T15: 0
C16: SG | D16: Senior Girls | G16: 4 | H16: 5 | O16: SB | P16: Senior Boys | S16: 0 | T16: 0
D17: TOTALS | G17: 15 | H17: 16 | P17: TOTALS | S17: 8 | T17: 14
A21: FG | C21: Place | D21: Freshman Girls | E21: Score | F21: Team | G21: H | H21: V | O21: Place | P21: Freshman Boys | Q21: Score | R21: Team | S21: H | T21: V
A22: FG | C22: 1 | D22: Soraya Lora-Pena | E22: 76.25 | F22: CSC | H22: 5 | O22: 1 | P22: Lucas Nguyen | Q22: 66.7 | R22: CSC | T22: 5
A23: FG | C23: 2 | D23: Mackenzie Rose Healy | E23: 68.45 | F23: CSC | H23: 3 | O23: 2 | P23: Nick Jenkins | Q23: 64.1 | R23: CSC | T23: 3
A24: FG | C24: 3 | D24: Amaya Erb | E24: 67.65 | F24: IC | G24: 1 | O24: 3 | P24: Nathan Pierce | Q24: 59.7 | R24: CSC | T24: 1
A25: FG | C25: 4 | D25: Rosalie Thornton | E25: 46.2 | F25: IC | O25: 4 | P25: Harrison Ali | Q25: 59.45 | R25: CSC
A26: FG | C26: 5 | D26: Natalia Torres | E26: 44.8 | F26: CSC | O26: 5 | P26: Liam Swearingen | Q26: 49.55 | R26: CSC
A27: FG | C27: 6 | D27: Katya Kankadze | E27: 42.15 | F27: CSC | O27: 6 | P27: Alex Erchov | Q27: 47.35 | R27: CSC
O28: 7 | P28: Luke Kropf | Q28: 46 | R28: IC
O29: 8 | P29: Noah Pierce | Q29: 45.5 | R29: CSC
O30: 9 | P30: Lincoln Ali | Q30: 28.5 | R30: CSC
O31: 10 | P31: Emmett Kropf | Q31: 27.2 | R31: IC
C47: Freshman Girls TOTALS | G47: 1 | H47: 8 | O47: Freshman Boys TOTALS | S47: 0 | T47: 9
A50: JG | C50: Place | D50: Junior Girls | E50: Score | F50: Team | G50: H | H50: V | O50: Place | P50: Junior Boys | Q50: Score | R50: Team | S50: H | T50: V
A51: JG | C51: 1 | D51: Madeline Fay | E51: 104.95 | F51: IC | G51: 5 | O51: 1 | P51: Carter Jenkins | Q51: 95.35 | R51: CSC | T51: 5 | U51: ^
A52: JG | C52: 2 | D52: Karie Egan | E52: 96 | F52: CSC | H52: 3 | I52: ^ | O52: 2 | P52: Everett Thornton | Q52: 87.55 | R52: IC | S52: 3
C66: Junior Girls TOTALS | G66: 5 | H66: 3 | O66: Junior Boys TOTALS | S66: 3 | T66: 5
A69: IG | C69: Place | D69: Intermediate Girls | E69: Score | F69: Team | G69: H | H69: V | O69: Place | P69: Intermediate Boys | Q69: Score | R69: Team | S69: H | T69: V
A70: IG | C70: 1 | D70: Emily Bush | E70: 128.5 | F70: IC | G70: 5 | O70: 1 | P70: Grant Thornton | Q70: 101.5 | R70: IC | S70: 5
C80: Intermediate Girls TOTALS | G80: 5 | H80: 0 | O80: Intermediate Boys TOTALS | S80: 5 | T80: 0
A83: SG | C83: Place | D83: Senior Girls | E83: Score | F83: Team | G83: H | H83: V | O83: Place | P83: Senior Boys | Q83: Score | R83: Team | S83: H | T83: V
A84: SG | C84: 1 | D84: Madi Flinn | E84: 189.55 | F84: CSC | H84: 5
A85: SG | C85: 2 | D85: Maura Fay | E85: 166.25 | F85: IC | G85: 3
A86: SG | C86: 3 | D86: Nina Gillette | E86: 129.85 | F86: IC | G86: 1
C94: Senior Girls TOTALS | G94: 4 | H94: 5 | O94: Senior Boys TOTALS | S94: 0 | T94: 0
C96: Judges | O96: Referee | Q96: Connie Gillette
C97: Connie Gillette, Jesse Thornton, Jessica Flinn, Cherlyn Jenkins, Tonyi Pelham | O97: Meet Secretary | Q97: Ed Fay
C99: Home Team Secretary | E99: Ed Fay | O99: Visiting Team Secretary | Q99: Michelle Hughes Ali
C100: Home Team Comments | O100: Visiting Team Comments
C101: Thanks for a nice meet! I didn't catch the last name of your meet secretary if you wouldn't mind filling that in. | O101: Thanks for a great meet
D106: Results Form # | E106: 2 | P106: Date | Q106: 44383
D107: * These results are calculated automatically and are non-editable | P107: Report Status | Q107: 10-Finalized
C109: Home Team | E109: S-Springfield | H109: S | O109: Visiting Team | Q109: A-Annandale | T109: A
C110: Score | E110: 45 | O110: Score | Q110: 15
G112: H | H112: V | S112: H | T112: V
C113: FG | D113: Freshman Girls | G113: 4 | H113: 5 | O113: FB | P113: Freshman Boys | S113: 9 | T113: 0
C114: JG | D114: Junior Girls | G114: 8 | H114: 0 | O114: JB | P114: Junior Boys | S114: 8 | T114: 1
C115: IG | D115: Intermediate Girls | G115: 0 | H115: 0 | O115: IB | P115: Intermediate Boys | S115: 3 | T115: 5
C116: SG | D116: Senior Girls | G116: 8 | H116: 0 | O116: SB | P116: Senior Boys | S116: 5 | T116: 4
D117: TOTALS | G117: 20 | H117: 5 | P117: TOTALS | S117: 25 | T117: 10
A121: FG | C121: Place | D121: Freshman Girls | E121: Score | F121: Team | G121: H | H121: V | O121: Place | P121: Freshman Boys | Q121: Score | R121: Team | S121: H | T121: V
A122: FG | C122: 1 | D122: Ramona Kelshian | E122: 57.65 | F122: A | H122: 5 | O122: 1 | P122: Caiden Calhoun | Q122: 63.55 | R122: S | S122: 5
A123: FG | C123: 2 | D123: Brigid Cahill | E123: 44.6 | F123: S | G123: 3 | O123: 2 | P123: Brendan Castro | Q123: 62.35 | R123: S | S123: 3
A124: FG | C124: 3 | D124: Isabella Darter | E124: 40.4 | F124: S | G124: 1 | O124: 3 | P124: Matthew Rempe | Q124: 48.85 | R124: S | S124: 1
A125: FG | C125: 4 | D125: Viviana Del Campo | E125: 23.75 | F125: S | O125: 4 | P125: Benjamin Dane | Q125: 30.95 | R125: S
A126: FG | C126: 5 | D126: Avery Berg | E126: 20.75 | F126: S
C147: Freshman Girls TOTALS | G147: 4 | H147: 5 | O147: Freshman Boys TOTALS | S147: 9 | T147: 0
A150: JG | C150: Place | D150: Junior Girls | E150: Score | F150: Team | G150: H | H150: V | O150: Place | P150: Junior Boys | Q150: Score | R150: Team | S150: H | T150: V
A151: JG | C151: 1 | D151: Kaia Clark | E151: 78.1 | F151: S | G151: 5 | O151: 1 | P151: Cristiano Garcia | Q151: 145.15 | R151: S | S151: 5 | U151: ^
A152: JG | C152: 2 | D152: Grace Rempe | E152: 68.5 | F152: S | G152: 3 | O152: 2 | P152: Caleb Orban | Q152: 75.4 | R152: S | S152: 3 | U152: ^
O153: 3 | P153: Ben Tran | Q153: 53.35 | R153: A | T153: 1
C166: Junior Girls TOTALS | G166: 8 | H166: 0 | O166: Junior Boys TOTALS | S166: 8 | T166: 1
A169: IG | C169: Place | D169: Intermediate Girls | E169: Score | F169: Team | G169: H | H169: V | O169: Place | P169: Intermediate Boys | Q169: Score | R169: Team | S169: H | T169: V
O170: 1 | P170: Brian Tran | Q170: 100.8 | R170: A | T170: 5
O171: 2 | P171: Nat O'Brien | Q171: 90.3 | R171: S | S171: 3 | U171: ^
C180: Intermediate Girls TOTALS | G180: 0 | H180: 0 | O180: Intermediate Boys TOTALS | S180: 3 | T180: 5
A183: SG | C183: Place | D183: Senior Girls | E183: Score | F183: Team | G183: H | H183: V | O183: Place | P183: Senior Boys | Q183: Score | R183: Team | S183: H | T183: V
A184: SG | C184: 1 | D184: Abby Bangs | E184: 186 | F184: S | G184: 5 | O184: 1 | P184: Ari Snow | Q184: 254.8 | R184: S | S184: 5
A185: SG | C185: 2 | D185: Grace Partain | E185: 150.85 | F185: S | G185: 3 | O185: 2 | P185: Nathan Tran | Q185: 208.65 | R185: A | T185: 3
O186: 3 | P186: Mason Du | Q186: 197.6 | R186: A | T186: 1
O187: 4 | P187: Tim Isenberg | Q187: 129.2 | R187: S
C194: Senior Girls TOTALS | G194: 8 | H194: 0 | O194: Senior Boys TOTALS | S194: 5 | T194: 4
C196: Judges | O196: Referee | Q196: Kristin Garcia
C197: Kristin Garcia, Betsy Yarrison, Deidre Cahill, Rae Tran, Nhamy Tran | O197: Meet Secretary | Q197: Lindsay Del Campo
C199: Home Team Secretary | E199: Lindsay Del Campo | O199: Visiting Team Secretary | Q199: Denise Du
C200: Home Team Comments | O200: Visiting Team Comments
C201: Thanks so much, Annandale! Great meet!! | O201: Thank You Springfield for being great Hosts!!!
D206: Results Form # | E206: 3 | P206: Date | Q206: 44383
D207: * These results are calculated automatically and are non-editable | P207: Report Status | Q207: 10-Finalized
C209: Home Team | E209: PL-Parklawn | H209: PL | O209: Visiting Team | Q209: NS-North Springfield | T209: NS
C210: Score | E210: 34 | O210: Score | Q210: 34
G212: H | H212: V | S212: H | T212: V
C213: FG | D213: Freshman Girls | G213: 8 | H213: 1 | O213: FB | P213: Freshman Boys | S213: 3 | T213: 6
C214: JG | D214: Junior Girls | G214: 6 | H214: 3 | O214: JB | P214: Junior Boys | S214: 0 | T214: 5
C215: IG | D215: Intermediate Girls | G215: 9 | H215: 0 | O215: IB | P215: Intermediate Boys | S215: 3 | T215: 6
C216: SG | D216: Senior Girls | G216: 1 | H216: 8 | O216: SB | P216: Senior Boys | S216: 4 | T216: 5
D217: TOTALS | G217: 24 | H217: 12 | P217: TOTALS | S217: 10 | T217: 22
A221: FG | C221: Place | D221: Freshman Girls | E221: Score | F221: Team | G221: H | H221: V | O221: Place | P221: Freshman Boys | Q221: Score | R221: Team | S221: H | T221: V
A222: FG | C222: 1 | D222: Charlotte Hill | E222: 78.9 | F222: PL | G222: 5 | O222: 1 | P222: Ethan Dalrymple | Q222: 65.8 | R222: NS | T222: 5
A223: FG | C223: 2 | D223: Mei Mei Roth | E223: 74.4 | F223: PL | G223: 3 | O223: 2 | P223: Cormac Henderson | Q223: 57.05 | R223: PL | S223: 3
A224: FG | C224: 3 | D224: Natalia Haley | E224: 56.25 | F224: NS | H224: 1 | O224: 3 | P224: William Gall | Q224: 55.8 | R224: NS | T224: 1
A225: FG | C225: 4 | D225: Ella Aberra | E225: 34.05 | F225: PL | O225: 4 | P225: Miller Supple | Q225: 55.3 | R225: PL
O226: 5 | P226: Yousef Chawki | Q226: 41.05 | R226: NS
O227: 6 | P227: Raphael Mesmer | Q227: 39.5 | R227: PL
O228: 7 | P228: Mason Iams | Q228: 35.8 | R228: PL
O229: 8 | P229: Kaleo Contreni-Moore | Q229: 34.2 | R229: PL
...

Sheet AdminDashboard
C1: Action Sched | D1: Action ID | E1: Action | F1: All | G1: Div1 | H1: Div2 | I1: Div3 | J1: Div4 | K1: Div5 | L1: Div6 | M1: Div7 | N1: Div8 | O1: Results | Q1: Processing Notes
C2: Weekly | D2: 1 | E2: DuplicateMeetSheets | F2: FALSE | Q2: Each Friday, create the Dual Meet Reporting Sheets for the coming week by doing the following: 1. Create this week's folder 2. Put a copy of Div1 and the ScoreBoard file into that folder 3. Update the Div1 file to include the correct week, clear out all the diver and official data 4. Run Action "DuplicateMeetSheets". This action will create Div2-8 and populate the Lookup-TOC tab with the eight Div links. 5. Open each of the Div1-8 Meet Sheets, authorize access to the DB-Secure file, and confirm teams are showing 6. Navigate to the hidden Lookup-TOC tab and authorize access to each of the new Div1-8 Meet Sheets 7. Run ALL the Weekly schedule actions to authorize access and hide unnecessary tabs on the Div 1-8 Meet Sheets 8. Send a link to the new ScoreBoard file to all the Dive Reps and Division Coordinators to use for this week's meet
C3: Weekly | D3: 2 | E3: AddTriggerExpiration | F3: FALSE | Q3: Run this action to add the trigger that will automatically remove all Editors from all the Divisional Reporting Meet Sheets at noon on Wednesday after the meet. This should be run after Action "DuplicateMeetSheets" and you have confirmed that all the new Divisional Reporting Meet Sheets look correct.
C5: Admin | E5: RemoveViewers | F5: FALSE | G5: FALSE | H5: FALSE | I5: FALSE | J5: FALSE | K5: FALSE | L5: FALSE | M5: FALSE | N5: FALSE | Q5: Run this action to remove access to all VIEWERS from the specified Divisional Reporting Meet Sheets. Use this action if you need to manually removed everyone from a specific Divisional Reporting Meet Sheet.
C6: Admin | E6: RemoveEditors | F6: FALSE | G6: FALSE | H6: FALSE | I6: FALSE | J6: FALSE | K6: FALSE | L6: FALSE | M6: FALSE | N6: FALSE | Q6: Run this action to remove access to all EDITORS from the specified Divisional Reporting Meet Sheets. Use this action if you need to manually removed everyone from a specific Divisional Reporting Meet Sheet. They will be removed entirely and not have EDITOR or VIEWER access. If they need VIEWER access, run action "AddViewers" afterwards.
C8: Admin | E8: AddViewers | F8: FALSE | G8: FALSE | H8: FALSE | I8: FALSE | J8: FALSE | K8: FALSE | L8: FALSE | M8: FALSE | N8: FALSE | Q8: Run this action to add VIEWER access for all the Divr Reps and Coordinators listed in the Secure-DB for each Division to their specific Divisional Reporting Meet Sheet.
C9: Weekly | D9: 3 | E9: AddEditors | F9: FALSE | G9: FALSE | H9: FALSE | I9: FALSE | J9: FALSE | K9: FALSE | L9: FALSE | M9: FALSE | N9: FALSE | O9: Executed-All | Q9: Run this action to add EDITOR access for all the Divr Reps and Coordinators listed in the Secure-DB for each Division to their specific Divisional Reporting Meet Sheet.
C10: Weekly | D10: 4 | E10: AddDivCoordinators | F10: FALSE | G10: FALSE | H10: FALSE | I10: FALSE | J10: FALSE | K10: FALSE | L10: FALSE | M10: FALSE | N10: FALSE | Q10: Run this action to add EDITOR access for JUST the Div Coordinators listed in the Secure-DB for each Division to their specific Divisional Reporting Meet Sheet.
C12: Weekly | D12: 5 | E12: HideAllTabs | F12: FALSE | G12: FALSE | H12: FALSE | I12: FALSE | J12: FALSE | K12: FALSE | L12: FALSE | M12: FALSE | N12: FALSE | Q12: Run this action to HIDE all the tabs on all the Divisional Reporting Meet Sheets except for the Participant and Results tabs.
C13: Admin | E13: ShowAllTabs | F13: FALSE | G13: FALSE | H13: FALSE | I13: FALSE | J13: FALSE | K13: FALSE | L13: FALSE | M13: FALSE | N13: FALSE | Q13: Run this action to SHOW all the tabs on all the Divisional Reporting Meet Sheets except for the Participant and Results tabs. This would be done for Admin purposes to review the tabs and prepare the meet sheet prior to granting access to Dive Reps.
C15: Admin | E15: HideRosterTab | F15: FALSE | G15: FALSE | H15: FALSE | I15: FALSE | J15: FALSE | K15: FALSE | L15: FALSE | M15: FALSE | N15: FALSE | Q15: Run this action to HIDE the Roster tab on all the Divisional Reporting Meet Sheets. This is usually not needed, but would be done for Admin purposes if needed.
C16: Weekly | D16: 6 | E16: ShowRosterTab | F16: FALSE | G16: FALSE | H16: FALSE | I16: FALSE | J16: FALSE | K16: FALSE | L16: FALSE | M16: FALSE | N16: FALSE | Q16: Run this action to SHOW the Roster tab on all the Divisional Reporting Meet Sheets. Use this action after you have prepared all the Divisional Reporting Meet Sheets and run Action "HideAllTabs", then you can run this action.
C18: Weekly | D18: 7 | E18: AddViewersToScoreBoard | F18: FALSE | Q18: Run this action to add VIEWER access for ANYONE to the ScoreBoard file. This is necessary for all Dive Reps and Div Coordinators to be able to find their Divisional Meet Sheets for the week, and also for Parents to be able to see the meet results

Sheet Lookup-TOC
A1: DO NOT UPDATE DATA HERE - This information is populated automatically by selecting "DuplicateMeetSheets" on the tab "AdminDashboard" and clicking the blue button titled "Process Actions"
A2: Once the links to this week's Divisional Reporting files are populated in ColF, authorize each of the eight sheets in ColG.
B3: Div # Text - This text is displayed on the first tab titled "Start Here!" | C3: File Link (converted) - These are the hyperlinks to this week's divisional files which are active after you have run the "DuplicateMeetSheets" action above | D3: MeetResults - This is the range to load from each of this week's Divisional Meet Sheets to show on each tab in this sheet titled "D1-MeetResults" | E3: ="RevokeAccess"&"=MDautoExpire(C2)" -> RevokeAccess=MDautoExpire(C2) | F3: File LInk (get shareable link and paste here) - this should automatically be populated via the "DuplicateMeetSheets" action above | G3: Sheet Auth - after running the "DuplicateMeetSheets"action described above, authorize access to each of this week's Divisional Meet Sheets below so the data can be consolidated into this Spreadsheet
A4: 1 | B4: ="Div "&A4&": DIVE REP ONLY Click to Open D"&A4&" Meet Sheet "&TEXT(LEFT(G4,FIND(",",G4)-1),"m/d/yyyy")&" - hover then click!" -> Div 1: DIVE REP ONLY Click to Open D1 Meet Sheet 7/6/2021 - hover then click! | C4: =HYPERLINK("https://docs.google.com/spreadsheets/d/"&F4, "https://docs.google.com/spreadsheets/d/"&F4) -> https://docs.google.com/spreadsheets/d/13ebgQf9tNgbb27111dRlIMh9xUPpATxOvO14_itv3-Q | D4: MeetResults!$a$1:$u$305 | E4: =" MDautoExpire('"&SUBSTITUTE(C4,"https://drive.google.com/open?id=","https://docs.google.com/spreadsheets/d/")&"'); //D"&A4&" "&TEXT(J4,"mm/dd/yyyy") -> MDautoExpire('https://docs.google.com/spreadsheets/d/13ebgQf9tNgbb27111dRlIMh9xUPpATxOvO14_itv3-Q'); //D1 01/00/1900 | F4: 13ebgQf9tNgbb27111dRlIMh9xUPpATxOvO14_itv3-Q | G4: =IFERROR(__xludf.DUMMYFUNCTION("textjoin("","", true, importrange(C4,SUBSTITUTE(SUBSTITUTE(D4,""300"",""3""),""$u$"",""$R$"")))"),"7/6/2021,NVSL DIVING MEET RESULTS,Div,1,Link,Home Team,Score,Err,Visiting Team,Score,1,1,VW-Vienna Woods,28,0,vs,DL-Dunn Loring,44,2,2,OKM-Old Keene Mill,46,1,vs,SR-Sideburn Run,25,3,3,O-Overlee,39,0,vs,THA-Truro Homes Assn,32,Results Form #,1,Date,7/6/20"&"21,* These results are calculated automatically and are non-editable,Report Status,10-Finalized,Home Team,VW-Vienna Woods,VW,Visiting Team,DL-Dunn Loring,Score,28,Score,44,H,V,FG,Freshman Girls,1,8,FB,Freshman Boys,JG,Junior Girls,0,9,JB,Junior Boys,IG,In"&"termediate Girls,5,4,IB,Intermediate Boys,SG,Senior Girls,1,8,SB,Senior Boys,TOTALS,7,29,TOTALS,FG,Place,Freshman Girls,Score,Team,H,V,FB,Place,Freshman Boys,Score,Team,FG,1,Erin Martonik,67.05,DL,5,FB,1,George Miller,81.15,DL,FG,2,Marie Eisele,56.50,DL,3"&",FB,2,Noah Kim,57.20,VW,FG,3,Reagan Nolan,48.90,VW,1,FB,3,Theodore Hathaway,55.10,VW,FG,4,Libby Wigglesworth,47.50,VW,FB,4,Timothy Hazzard,41.65,VW,FG,5,Claire Keating,39.80,VW,FB,5,Ryan Hermann,38.70,VW,FG,6,Alaina Ramella,33.55,DL,FB,6,Jacob Yang,34.00,"&"DL,FG,7,Elise Esquivel,31.95,DL,FB,7,Jeremy Yang,33.45,DL,FG,8,Quinn Baskett,31.80,DL,FB,8,Zouli Alexandratos,33.05,DL,FG,9,Isabella Falsone,30.65,DL,FG,10,Ava Ramella,27.25,DL,Freshman Girls TOTALS,1,8,Freshman Boys TOTALS,JG,Place,Junior Girls,Score,Tea"&"m,H,V,JB,Place,Junior Boys,Score,Team,JG,1,Kiran Vasudevan,98.40,DL,5,JB,1,Peyton Reed,132.70,DL,JG,2,Sophie Ratner,89.30,DL,3,JB,2,Zachary Wigglesworth,89.85,VW,JG,3,Asha Stewart,84.95,DL,1,JB,3,Joshua Taliaferro,88.30,DL,JG,4,Jayde Kalinock,84.40,VW,JB,"&"4,Luke Atkins,85.60,VW,JG,5,Sophie Bourdelais,75.90,VW,JB,5,Everett Weedman,81.65,VW,JG,6,Kaitlyn Herrmann,68.05,VW,JB,6,Elliott Lam,75.80,DL,JB,7,Declan Hathaway,71.75,VW,Junior Girls TOTALS,0,9,Junior Boys TOTALS,IG,Place,Intermediate Girls,Score,Team,H"&",V,IB,Place,Intermediate Boys,Score,Team,IG,1,Marleigh daSilva,184.70,VW,5,IB,1,Ivor Brown,176.15,VW,IG,2,Ashley Scinto,100.60,DL,3,IB,2,Dylan Paci,139.95,VW,IG,3,Audrey Burns,100.40,DL,1,IB,3,Mike DeSando,114.90,DL,IG,4,Jenna Walker,96.15,VW,IB,4,Dylan K"&"alinock,113.05,VW,IB,5,John Hatchl,111.55,DL,Intermediate Girls TOTALS,5,4,Intermediate Boys TOTALS,SG,Place,Senior Girls,Score,Team,H,V,SB,Place,Senior Boys,Score,Team,SG,1,Elsa Marsden,185.25,DL,5,SB,1,Nick Wanzer,269.20,VW,SG,2,Alanna Korff,176.25,DL,3"&",SB,2,Spencer Bloom,251.70,DL,SG,3,Jessica Fritsch,158.90,VW,1,SB,3,Noah Wanzer,228.90,VW,SG,4,Olivia Bloom,141.00,DL,SB,4,Rishi Vasudevan,157.45,DL,Senior Girls TOTALS,1,8,Senior Boys TOTALS,Judges,Referee,Noah Paci,Joe Fritsch, Gillian Backus, Sonya Mar"&"sden, Emily Korff, David Bloom,Meet Secretary,Rachel Paci,Home Team Secretary,Visiting Team Secretary,Sonya Marsden,Home Team Comments,Visiting Team Comments,One diver was given a zero when the diver hit the board. One judge, Sonya Marsden, thought that m"&"eant the dive was failed and gave it a zero, but the ref did not agree. Ms. Marsden was wrong, but that score did not change the results of the meet because the diver still got 1st place. Jim Sweeder was consulted after the fact and said no changes need t"&"o be made.,Results Form #,2,Date,7/6/2021,* These results are calculated automatically and are non-editable,Report Status,10-Finalized,Home Team,OKM-Old Keene Mill,OKM,Visiting Team,SR-Sideburn Run,Score,46,Score,25,H,V,FG,Freshman Girls,9,0,FB,Freshman B"&"oys,JG,Junior Girls,6,3,JB,Junior Boys,IG,Intermediate Girls,4,5,IB,Intermediate Boys,SG,Senior Girls,4,5,SB,Senior Boys,TOTALS,23,13,TOTALS,FG,Place,Freshman Girls,Score,Team,H,V,FB,Place,Freshman Boys,Score,Team,FG,1,Anya Osterhout,74.85,OKM,5,FB,1,Dyla"&"n Wilson,55.55,SR,FG,2,Vivian Lightfoot,65.95,OKM,3,FB,2,Charles Rubino,55.40,OKM,FG,3,Shannon Stegmaier,61.10,OKM,1,FB,3,Jake Conquez,49.50,OKM,FG,4,Samantha Kluger,60.00,OKM,FB,4,Bryan Markey,43.15,SR,FG,5,Cora Bellomo,43.75,SR,FB,5,Alden Meholic,42.20,"&"SR,FG,6,Kendall Wilson,33.90,SR,FB,6,Luke Nobles,42.05,OKM,FG,7,Lydia Danielsen,27.25,SR,FB,7,Matthews Hughes,40.90,OKM,FG,8,Caroline Wilson,24.75,SR,FB,8,Treyton Green,31.70,OKM,FG,9,Juliette Baldesi,20.95,OKM,FG,10,Caroline Markey,14.00,SR,Freshman Girl"&"s TOTALS,9,0,Freshman Boys TOTALS,JG,Place,Junior Girls,Score,Team,H,V,JB,Place,Junior Boys,Score,Team,JG,1,Caroline Copes,75.70,OKM,5,JB,1,Miles Teague,57.45,OKM,JG,2,Karly Proulx,72.75,SR,3,JB,2,Brian Stegmaier,53.25,OKM,JG,3,Paige Kiddey,66.25,OKM,1,JG"&",4,Abby Swartz,61.10,OKM,JG,5,Abby West,48.85,OKM,Junior Girls TOTALS,6,3,Junior Boys TOTALS,IG,Place,Intermediate Girls,Score,Team,H,V,IB,Place,Intermediate Boys,Score,Team,IG,1,Alyssa Proulx,133.80,SR,5,IB,1,Zavier Green,94.90,OKM,IG,2,Lindsay Kawane,92"&".55,OKM,3,IB,2,Tyler Nelson,72.20,SR,IG,3,Olivia Osterhout,64.15,OKM,1,IB,3,Walker Littleton,63.50,SR,IB,4,Joseph Markey,53.15,SR,IB,5,Sean Walter,52.70,SR,Intermediate Girls TOTALS,4,5,Intermediate Boys TOTALS,SG,Place,Senior Girls,Score,Team,H,V,SB,Plac"&"e,Senior Boys,Score,Team,SG,1,Amanda Stalfort,272.75,SR,5,SB,1,Liam MIller,260.10,OKM,SG,2,Cara DeJesus,219.15,OKM,3,SB,2,Sam Flory,222.50,SR,SG,3,Sania Dhond,165.95,OKM,1,SB,3,Thomas Hughes,187.00,OKM,SG,4,Meghan Shivik,159.30,SR,SB,4,JP Wiluz,179.55,OKM"&",SG,5,Anna Littleton,134.15,SR,SB,5,Chris Suppa,176.90,SR,SG,6,Reagan McHugh,99.75,SR,SB,6,Adam Osterhout,147.80,OKM,SB,7,Matthew Gelles,127.20,SR,SB,8,Matthew Mitros,106.55,SR,Senior Girls TOTALS,4,5,Senior Boys TOTALS,Judges,Referee,Lee Bowersox,Mark Mi"&"ller, Crystal DeJesus, Jim McHugh, Marian Littleton, John Mitros,Meet Secretary,Sean Stegmaier,Home Team Secretary,Sean Stegmaier,Visiting Team Secretary,Shannon Asko-Danielsen,Home Team Comments,Visiting Team Comments,Results Form #,3,Date,7/6/2021,* The"&"se results are calculated automatically and are non-editable,Report Status,10-Finalized,Home Team,O-Overlee,O,Visiting Team,THA-Truro Homes Assn,Score,39,Score,32,H,V,FG,Freshman Girls,9,0,FB,Freshman Boys,JG,Junior Girls,6,3,JB,Junior Boys,IG,Intermediat"&"e Girls,8,1,IB,Intermediate Boys,SG,Senior Girls,6,3,SB,Senior Boys,TOTALS,29,7,TOTALS,FG,Place,Freshman Girls,Score,Team,H,V,FB,Place,Freshman Boys,Score,Team,FG,1,Cecilia Yen,77.70,O,5,FB,1,Peter Lucado,52.05,THA,FG,2,Elizabeth Deegan,64.95,O,3,FB,2,Arc"&"her Kouhestani,50.50,O,FG,3,Anabel Buczek,59.25,O,1,FB,3,Jasper Eng,44.35,THA,FG,4,Ainslee Girard,49.30,THA,FB,4,Theodore Karlton,42.55,O,FG,5,Josephine Malko,47.60,O,FB,5,Ewan Girard,26.95,THA,FG,6,Gabopha So,45.35,THA,FB,6,Owen McKeever,19.85,THA,FG,7,K"&"enly McAllister,43.70,O,FG,8,Eleanor Albosta,32.95,THA,FG,9,Ava McKeever,29.55,THA,FG,10,Lily Robinson,28.05,THA,FG,11,Sofia Dalilaltojari,24.05,THA,Freshman Girls TOTALS,9,0,Freshman Boys TOTALS,JG,Place,Junior Girls,Score,Team,H,V,JB,Place,Junior Boys,S"&"core,Team,JG,1,Georgette Malko,81.75,O,5,JB,1,Madison Worthington,93.45,THA,JG,2,Bryce Burton,74.90,THA,3,JB,2,Joseph Mangan,87.30,THA,JG,3,Maren Akst,66.25,O,1,JB,3,Haynes Deegan,76.25,O,JG,4,Lauren Alboum,62.75,O,JB,4,Matias Grundmann,66.80,O,JG,5,Anna "&"Dober,57.55,O,JB,5,Jake Hedrick,66.60,THA,JG,6,Elsa Barzilai,56.85,THA,JG,7,Margo Eskovitz,45.10,O,Junior Girls TOTALS,6,3,Junior Boys TOTALS,IG,Place,Intermediate Girls,Score,Team,H,V,IB,Place,Intermediate Boys,Score,Team,IG,1,Stella Barclay,148.95,O,5,^"&",IB,1,Rem Turatbekov,180.10,THA,IG,2,Sophie Deegan,113.45,O,3,IB,2,Nathan Cohen,103.75,O,IG,3,Celeste Lucado,101.00,THA,1,^,IB,3,Brady Lynch,86.05,THA,Intermediate Girls TOTALS,8,1,Intermediate Boys TOTALS,SG,Place,Senior Girls,Score,Team,H,V,SB,Place,Sen"&"ior Boys,Score,Team,SG,1,Michayla Eisenberg,230.10,O,5,^,SB,1,Batyr Turatbekov,149.55,THA,SG,2,Ava Dunn,219.55,THA,3,SB,2,Christopher Cobey,133.10,O,SG,3,Libby Moir,195.90,O,1,SG,4,Emily Gamber,120.20,THA,Senior Girls TOTALS,6,3,Senior Boys TOTALS,Judges,"&"Referee,Roger Raber,Annie Yen, Meghan Hamby, Mel Worthington, Mike Mangan, Brandon Lucado,Meet Secretary,Whitney Cobey,Home Team Secretary,Whitney Cobey,Visiting Team Secretary,Mel Worthington,Home Team Comments,Visiting Team Comments") -> 7/6/2021,NVSL DIVING MEET RESULTS,Div,1,Link,Home Team,Score,Err,Visiting Team,Score,1,1,VW-Vienna Woods,28,0,vs,DL-Dunn Loring,44,2,2,OKM-Old Keene Mill,46,1,vs,SR-Sideburn Run,25,3,3,O-Overlee,39,0,vs,THA-Truro Homes Assn,32,Results Form #,1,Date,7/6/2021,* These results are calculated automatically and are non-editable,Report Status,10-Finalized,Home Team,VW-Vienna Woods,VW,Visiting Team,DL-Dunn Loring,Score,28,Score,44,H,V,FG,Freshman Girls,1,8,FB,Freshman Boys,JG,Junior Girls,0,9,JB,Junior Boys,IG,Intermediate Girls,5,4,IB,Intermediate Boys,SG,Senior Girls,1,8,SB,Senior Boys,TOTALS,7,29,TOTALS,FG,Place,Freshman Girls,Score,Team,H,V,FB,Place,Freshman Boys,Score,Team,FG,1,Erin Martonik,67.05,DL,5,FB,1,George Miller,81.15,DL,FG,2,Marie Eisele,56.50,DL,3,FB,2,Noah Kim,57.20,VW,FG,3,Reagan Nolan,48.90,VW,1,FB,3,Theodore Hathaway,55.10,VW,FG,4,Libby Wigglesworth,47.50,VW,FB,4,Timothy Hazzard,41.65,VW,FG,5,Claire Keating,39.80,VW,FB,5,Ryan Hermann,38.70,VW,FG,6,Alaina Ramella,33.55,DL,FB,6,Jacob Yang,34.00,DL,FG,7,Elise Esquivel,31.95,DL,FB,7,Jeremy Yang,33.45,DL,FG,8,Quinn Baskett,31.80,DL,FB,8,Zouli Alexandratos,33.05,DL,FG,9,Isabella Falsone,30.65,DL,FG,10,Ava Ramella,27.25,DL,Freshman Girls TOTALS,1,8,Freshman Boys TOTALS,JG,Place,Junior Girls,Score,Team,H,V,JB,Place,Junior Boys,Score,Team,JG,1,Kiran Vasudevan,98.40,DL,5,JB,1,Peyton Reed,132.70,DL,JG,2,Sophie Ratner,89.30,DL,3,JB,2,Zachary Wigglesworth,89.85,VW,JG,3,Asha Stewart,84.95,DL,1,JB,3,Joshua Taliaferro,88.30,DL,JG,4,Jayde Kalinock,84.40,VW,JB,4,Luke Atkins,85.60,VW,JG,5,Sophie Bourdelais,75.90,VW,JB,5,Everett Weedman,81.65,VW,JG,6,Kaitlyn Herrmann,68.05,VW,JB,6,Elliott Lam,75.80,DL,JB,7,Declan Hathaway,71.75,VW,Junior Girls TOTALS,0,9,Junior Boys TOTALS,IG,Place,Intermediate Girls,Score,Team,H,V,IB,Place,Intermediate Boys,Score,Team,IG,1,Marleigh daSilva,184.70,VW,5,IB,1,Ivor Brown,176.15,VW,IG,2,Ashley Scinto,100.60,DL,3,IB,2,Dylan Paci,139.95,VW,IG,3,Audrey Burns,100.40,DL,1,IB,3,Mike DeSando,114.90,DL,IG,4,Jenna Walker,96.15,VW,IB,4,Dylan Kalinock,113.05,VW,IB,5,John Hatchl,111.55,DL,Intermediate Girls TOTALS,5,4,Intermediate Boys TOTALS,SG,Place,Senior Girls,Score,Team,H,V,SB,Place,Senior Boys,Score,Team,SG,1,Elsa Marsden,185.25,DL,5,SB,1,Nick Wanzer,269.20,VW,SG,2,Alanna Korff,176.25,DL,3,SB,2,Spencer Bloom,251.70,DL,SG,3,Jessica Fritsch,158.90,VW,1,SB,3,Noah Wanzer,228.90,VW,SG,4,Olivia Bloom,141.00,DL,SB,4,Rishi Vasudevan,157.45,DL,Senior Girls TOTALS,1,8,Senior Boys TOTALS,Judges,Referee,Noah Paci,Joe Fritsch, Gillian Backus, Sonya Marsden, Emily Korff, David Bloom,Meet Secretary,Rachel Paci,Home Team Secretary,Visiting Team Secretary,Sonya Marsden,Home Team Comments,Visiting Team Comments,One diver was given a zero when the diver hit the board. One judge, Sonya Marsden, thought that meant the dive was failed and gave it a zero, but the ref did not agree. Ms. Marsden was wrong, but that score did not change the results of the meet because the diver still got 1st place. Jim Sweeder was consulted after the fact and said no changes need to be made.,Results Form #,2,Date,7/6/2021,* These results are calculated automatically and are non-editable,Report Status,10-Finalized,Home Team,OKM-Old Keene Mill,OKM,Visiting Team,SR-Sideburn Run,Score,46,Score,25,H,V,FG,Freshman Girls,9,0,FB,Freshman Boys,JG,Junior Girls,6,3,JB,Junior Boys,IG,Intermediate Girls,4,5,IB,Intermediate Boys,SG,Senior Girls,4,5,SB,Senior Boys,TOTALS,23,13,TOTALS,FG,Place,Freshman Girls,Score,Team,H,V,FB,Place,Freshman Boys,Score,Team,FG,1,Anya Osterhout,74.85,OKM,5,FB,1,Dylan Wilson,55.55,SR,FG,2,Vivian Lightfoot,65.95,OKM,3,FB,2,Charles Rubino,55.40,OKM,FG,3,Shannon Stegmaier,61.10,OKM,1,FB,3,Jake Conquez,49.50,OKM,FG,4,Samantha Kluger,60.00,OKM,FB,4,Bryan Markey,43.15,SR,FG,5,Cora Bellomo,43.75,SR,FB,5,Alden Meholic,42.20,SR,FG,6,Kendall Wilson,33.90,SR,FB,6,Luke Nobles,42.05,OKM,FG,7,Lydia Danielsen,27.25,SR,FB,7,Matthews Hughes,40.90,OKM,FG,8,Caroline Wilson,24.75,SR,FB,8,Treyton Green,31.70,OKM,FG,9,Juliette Baldesi,20.95,OKM,FG,10,Caroline Markey,14.00,SR,Freshman Girls TOTALS,9,0,Freshman Boys TOTALS,JG,Place,Junior Girls,Score,Team,H,V,JB,Place,Junior Boys,Score,Team,JG,1,Caroline Copes,75.70,OKM,5,JB,1,Miles Teague,57.45,OKM,JG,2,Karly Proulx,72.75,SR,3,JB,2,Brian Stegmaier,53.25,OKM,JG,3,Paige Kiddey,66.25,OKM,1,JG,4,Abby Swartz,61.10,OKM,JG,5,Abby West,48.85,OKM,Junior Girls TOTALS,6,3,Junior Boys TOTALS,IG,Place,Intermediate Girls,Score,Team,H,V,IB,Place,Intermediate Boys,Score,Team,IG,1,Alyssa Proulx,133.80,SR,5,IB,1,Zavier Green,94.90,OKM,IG,2,Lindsay Kawane,92.55,OKM,3,IB,2,Tyler Nelson,72.20,SR,IG,3,Olivia Osterhout,64.15,OKM,1,IB,3,Walker Littleton,63.50,SR,IB,4,Joseph Markey,53.15,SR,IB,5,Sean Walter,52.70,SR,Intermediate Girls TOTALS,4,5,Intermediate Boys TOTALS,SG,Place,Senior Girls,Score,Team,H,V,SB,Place,Senior Boys,Score,Team,SG,1,Amanda Stalfort,272.75,SR,5,SB,1,Liam MIller,260.10,OKM,SG,2,Cara DeJesus,219.15,OKM,3,SB,2,Sam Flory,222.50,SR,SG,3,Sania Dhond,165.95,OKM,1,SB,3,Thomas Hughes,187.00,OKM,SG,4,Meghan Shivik,159.30,SR,SB,4,JP Wiluz,179.55,OKM,SG,5,Anna Littleton,134.15,SR,SB,5,Chris Suppa,176.90,SR,SG,6,Reagan McHugh,99.75,SR,SB,6,Adam Osterhout,147.80,OKM,SB,7,Matthew Gelles,127.20,SR,SB,8,Matthew Mitros,106.55,SR,Senior Girls TOTALS,4,5,Senior Boys TOTALS,Judges,Referee,Lee Bowersox,Mark Miller, Crystal DeJesus, Jim McHugh, Marian Littleton, John Mitros,Meet Secretary,Sean Stegmaier,Home Team Secretary,Sean Stegmaier,Visiting Team Secretary,Shannon Asko-Danielsen,Home Team Comments,Visiting Team Comments,Results Form #,3,Date,7/6/2021,* These results are calculated automatically and are non-editable,Report Status,10-Finalized,Home Team,O-Overlee,O,Visiting Team,THA-Truro Homes Assn,Score,39,Score,32,H,V,FG,Freshman Girls,9,0,FB,Freshman Boys,JG,Junior Girls,6,3,JB,Junior Boys,IG,Intermediate Girls,8,1,IB,Intermediate Boys,SG,Senior Girls,6,3,SB,Senior Boys,TOTALS,29,7,TOTALS,FG,Place,Freshman Girls,Score,Team,H,V,FB,Place,Freshman Boys,Score,Team,FG,1,Cecilia Yen,77.70,O,5,FB,1,Peter Lucado,52.05,THA,FG,2,Elizabeth Deegan,64.95,O,3,FB,2,Archer Kouhestani,50.50,O,FG,3,Anabel Buczek,59.25,O,1,FB,3,Jasper Eng,44.35,THA,FG,4,Ainslee Girard,49.30,THA,FB,4,Theodore Karlton,42.55,O,FG,5,Josephine Malko,47.60,O,FB,5,Ewan Girard,26.95,THA,FG,6,Gabopha So,45.35,THA,FB,6,Owen McKeever,19.85,THA,FG,7,Kenly McAllister,43.70,O,FG,8,Eleanor Albosta,32.95,THA,FG,9,Ava McKeever,29.55,THA,FG,10,Lily Robinson,28.05,THA,FG,11,Sofia Dalilaltojari,24.05,THA,Freshman Girls TOTALS,9,0,Freshman Boys TOTALS,JG,Place,Junior Girls,Score,Team,H,V,JB,Place,Junior Boys,Score,Team,JG,1,Georgette Malko,81.75,O,5,JB,1,Madison Worthington,93.45,THA,JG,2,Bryce Burton,74.90,THA,3,JB,2,Joseph Mangan,87.30,THA,JG,3,Maren Akst,66.25,O,1,JB,3,Haynes Deegan,76.25,O,JG,4,Lauren Alboum,62.75,O,JB,4,Matias Grundmann,66.80,O,JG,5,Anna Dober,57.55,O,JB,5,Jake Hedrick,66.60,THA,JG,6,Elsa Barzilai,56.85,THA,JG,7,Margo Eskovitz,45.10,O,Junior Girls TOTALS,6,3,Junior Boys TOTALS,IG,Place,Intermediate Girls,Score,Team,H,V,IB,Place,Intermediate Boys,Score,Team,IG,1,Stella Barclay,148.95,O,5,^,IB,1,Rem Turatbekov,180.10,THA,IG,2,Sophie Deegan,113.45,O,3,IB,2,Nathan Cohen,103.75,O,IG,3,Celeste Lucado,101.00,THA,1,^,IB,3,Brady Lynch,86.05,THA,Intermediate Girls TOTALS,8,1,Intermediate Boys TOTALS,SG,Place,Senior Girls,Score,Team,H,V,SB,Place,Senior Boys,Score,Team,SG,1,Michayla Eisenberg,230.10,O,5,^,SB,1,Batyr Turatbekov,149.55,THA,SG,2,Ava Dunn,219.55,THA,3,SB,2,Christopher Cobey,133.10,O,SG,3,Libby Moir,195.90,O,1,SG,4,Emily Gamber,120.20,THA,Senior Girls TOTALS,6,3,Senior Boys TOTALS,Judges,Referee,Roger Raber,Annie Yen, Meghan Hamby, Mel Worthington, Mike Mangan, Brandon Lucado,Meet Secretary,Whitney Cobey,Home Team Secretary,Whitney Cobey,Visiting Team Secretary,Mel Worthington,Home Team Comments,Visiting Team Comments
A5: 2 | B5: ="Div "&A5&": DIVE REP ONLY Click to Open D"&A5&" Meet Sheet "&TEXT(LEFT(G5,FIND(",",G5)-1),"m/d/yyyy")&" - hover then click!" -> Div 2: DIVE REP ONLY Click to Open D2 Meet Sheet 7/6/2021 - hover then click! | C5: =HYPERLINK("https://docs.google.com/spreadsheets/d/"&F5, "https://docs.google.com/spreadsheets/d/"&F5) -> https://docs.google.com/spreadsheets/d/1VivaHML9ZtZDzbh0b_sm0qrKGySWE3Io5mkW44NPiv4 | D5: MeetResults!$a$1:$u$305 | E5: =" MDautoExpire('"&SUBSTITUTE(C5,"https://drive.google.com/open?id=","https://docs.google.com/spreadsheets/d/")&"'); //D"&A5&" "&TEXT(J5,"mm/dd/yyyy") -> MDautoExpire('https://docs.google.com/spreadsheets/d/1VivaHML9ZtZDzbh0b_sm0qrKGySWE3Io5mkW44NPiv4'); //D2 01/00/1900 | F5: 1VivaHML9ZtZDzbh0b_sm0qrKGySWE3Io5mkW44NPiv4 | G5: 7/6/2021,NVSL DIVING MEET RESULTS,Div,2,Link,Home Team,Score,Visiting Team,Score,1,1,WG-Walden Glen,31,0,vs,KG-Kent Gardens,41,2,2,OAK-Oakton,58,0,vs,MHC-Mansion House,14,3,3,F-Fairfax,45.5,0,vs,GF-Great Falls,26.5,Results Form #,1,Date,7/6/2021,* These results are calculated automatically and are non-editable,Report Status,10-Finalized,Home Team,WG-Walden Glen,WG,Visiting Team,KG-Kent Gardens,Score,31,Score,41,H,V,FG,Freshman Girls,9,0,FB,Freshman Boys,JG,Junior Girls,3,6,JB,Junior Boys,IG,Intermediate Girls,3,6,IB,Intermediate Boys,SG,Senior Girls,0,9,SB,Senior Boys,TOTALS,15,21,TOTALS,FG,Place,Freshman Girls,Score,Team,H,V,FB,Place,Freshman Boys,Score,Team,FG,T1,Elin Geraghty,52.50,WG,4,FB,1,Gavan Nasr,66.30,KG,FG,T1,Daphne Hwang,52.50,WG,4,FB,2,Jonah Lanthier,65.00,WG,FG,3,Molly Donnelly,48.75,WG,1,FB,3,Lucas Moreno,50.90,KG,FG,4,Maggie Donnelly,48.70,WG,FB,4,Declan Nguyen,48.90,KG,FG,5,Caroline Van Order,46.65,KG,FB,5,Owen Webb,48.60,WG,FG,6,Samantha Lathier,44.05,WG,FB,6,Liam Seubert,11.75,WG,FG,7,Callyn Lalime,43.65,WG,FG,8,Amelia Cafer,42.20,KG,FG,9,Emma Webb,41.85,WG,FG,10,Sloane Nguyen,40.00,KG,FG,11,Kaitlyn Ma,38.30,WG,FG,12,Norah Wittman,38.20,KG,Freshman Girls TOTALS,9,0,Freshman Boys TOTALS,JG,Place,Junior Girls,Score,Team,H,V,JB,Place,Junior Boys,Score,Team,JG,1,Katie Gorsline,103.15,KG,5,JB,1,Asher Lanthier,99.70,WG,JG,2,Jessica Buechler,82.60,WG,3,JB,2,Reagan Diaz,71.20,KG,JG,3,Isabella Hampton,73.95,KG,1,JB,3,Andy Wu,67.60,KG,JG,4,Mya Merkel,65.95,WG,JB,4,Henry Phoel,67.15,KG,JG,5,Isabella Uribarri-Tibabuzo,61.35,WG,JB,5,Ramsay Latham,53.40,WG,JG,6,Riley Diaz,60.10,KG,JB,6,Landon Manwaring,49.70,KG,JG,7,Sophia Hwang,60.00,WG,Junior Girls TOTALS,3,6,Junior Boys TOTALS,IG,Place,Intermediate Girls,Score,Team,H,V,IB,Place,Intermediate Boys,Score,Team,IG,1,Kate Li,144.45,KG,5,IB,1,Sean Memon,147.45,KG,IG,2,Charlotte Petrick,109.80,WG,3,IB,2,Jaden Buechler,101.90,WG,IG,3,Lauren Abba,109.10,KG,1,IB,3,Adam Nasr,85.40,KG,IG,4,Sophie Fredericks,103.95,KG,IB,4,Grady Smith,77.75,KG,IG,5,Mirabella Lanthier,94.95,WG,IB,5,Harrison Weinstock,68.85,KG,IG,6,Meredith Lawler,89.55,KG,Intermediate Girls TOTALS,3,6,Intermediate Boys TOTALS,SG,Place,Senior Girls,Score,Team,H,V,SB,Place,Senior Boys,Score,Team,SG,1,Sarah Wood,185.40,KG,5,SB,1,Max Fowler,277.00,WG,SG,2,Jocelyn Brooks,177.80,KG,3,SB,2,Evan Brown,230.05,KG,SG,3,Madeleine Hersh,174.10,KG,1,SB,3,Jad Brubaker,195.65,KG,SG,4,Cadi Xie,150.75,KG,SB,4,Ian Whitesel,193.80,WG,SG,5,Rachel Tielking,124.95,KG,SB,5,Kylian Genetti,171.70,KG,SG,6,Ingrid Olsen,112.65,KG,SB,6,Jake Moyer,147.00,WG,SG,7,Jordan Buechler,DQ,WG,SB,7,Aidan Smith,135.30,WG,Senior Girls TOTALS,0,9,Senior Boys TOTALS,Judges,Referee,Paul Rabe,Ira Hersh, Stacey Brooks, Damask Petric, Jenni Buechler,Meet Secretary,Karen Uribarri-Tibabuzo,Home Team Secretary,Karen Uribarri-Tibabuzo,Visiting Team Secretary,Malia Aston,Home Team Comments,Visiting Team Comments,There was 1 DQ in Senior Girls.Thanks for a great meet. ,Results Form #,2,Date,7/6/2021,* These results are calculated automatically and are non-editable,Report Status,10-Finalized,Home Team,OAK-Oakton,OAK,Visiting Team,MHC-Mansion House,Score,58,Score,14,H,V,FG,Freshman Girls,9,0,FB,Freshman Boys,JG,Junior Girls,6,3,JB,Junior Boys,IG,Intermediate Girls,8,1,IB,Intermediate Boys,SG,Senior Girls,4,5,SB,Senior Boys,TOTALS,27,9,TOTALS,FG,Place,Freshman Girls,Score,Team,H,V,FB,Place,Freshman Boys,Score,Team,FG,1,Chelsea McLenahan,59.20,OAK,5,FB,1,James Roberts,72.40,OAK,FG,2,Simone Wilson,56.35,OAK,3,FB,2,Caleb McManus,65.85,OAK,FG,3,Mackenzie Martin,45.90,OAK,1,FB,3,Christopher Whang,65.10,OAK,FG,4,Rachel MacDonald,37.10,MHC,FB,4,Malcolm McLenahan,54.95,OAK,FG,5,AJ Keane,35.00,MHC,FB,5,Alex Lee,49.25,OAK,FG,6,Macy Bias,24.85,MHC,FB,6,Sam Carrado,45.80,MHC,FB,7,Connor Timm,42.95,OAK,FB,8,Austin Lant,27.60,MHC,FB,9,Colby Reese,DQ,OAK,Freshman Girls TOTALS,9,0,Freshman Boys TOTALS,JG,Place,Junior Girls,Score,Team,H,V,JB,Place,Junior Boys,Score,Team,JG,1,Isabelle Whang,113.20,OAK,5,JB,1,Thibault Lede,119.85,OAK,JG,2,Isabella Roca,89.10,MHC,3,JB,2,James Hayden,89.95,OAK,JG,3,Charlotte Henderson,66.25,OAK,1,JB,3,Collin Henriques,85.30,OAK,JG,4,Allison Duffield,64.10,MHC,JB,4,Leo Estes,84.00,OAK,JG,5,Ella Henderson,59.45,OAK,JB,5,Owen Thomas,83.55,MHC,JB,6,Barnaby Lant,78.40,MHC,JB,7,William Wright,75.30,OAK,JB,8,Drake Karsadi,40.80,MHC,Junior Girls TOTALS,6,3,Junior Boys TOTALS,IG,Place,Intermediate Girls,Score,Team,H,V,IB,Place,Intermediate Boys,Score,Team,IG,1,Megan Shipley,112.80,OAK,5,IB,1,Brendan Doe,170.90,OAK,IG,2,Samantha Shuster,97.60,OAK,3,IB,2,Jack Hansen,117.00,OAK,IG,3,Lacey Lussier,89.60,MHC,1,IB,3,Jon Anthony Montel,114.00,OAK,IG,4,Elise Wendy,84.75,MHC,IB,4,Dylan Reese,100.90,OAK,IG,5,Tabitha Thomas,63.05,MHC,IB,5,Zac Lee,91.55,OAK,IB,6,Jem Morgan,86.15,MHC,IB,7,Ryan Shipley,79.70,OAK,Intermediate Girls TOTALS,8,1,Intermediate Boys TOTALS,SG,Place,Senior Girls,Score,Team,H,V,SB,Place,Senior Boys,Score,Team,SG,1,Miah Fisher,219.90,MHC,5,SB,1,Jacob Fisher,258.30,MHC,SG,2,Katie Vaughan,176.50,OAK,3,SB,2,Josh Shipley,204.50,OAK,SG,3,Elise Doe,150.20,OAK,1,SB,3,Nico Shuster,168.80,OAK,SG,4,Claire Newberry,145.50,OAK,SB,4,Blaise Wuest,161.95,OAK,SG,5,Zoe Askins,114.20,MHC,SB,5,Ryan Duffield,117.70,MHC,Senior Girls TOTALS,4,5,Senior Boys TOTALS,Judges,Referee,Mark Klopfenstein,Mark Klopfenstein, Kurt Burgeson, Chad Duffield, Regina Shuster, Linda Fisher,Meet Secretary,Ioana Montel,Home Team Secretary,Ioana Montel,Visiting Team Secretary,Damon McDonald,Home Team Comments,Visiting Team Comments,We had an initial miscalculation of scores (table worker missed half points), but we recalculated and corrected (explanation for rewritten scores on meet sheet). ,Results Form #,3,Date,7/6/2021,* These results are calculated automatically and are non-editable,Report Status,10-Finalized,Home Team,F-Fairfax,F,Visiting Team,GF-Great Falls,Score,45.5,Score,26.5,H,V,FG,Freshman Girls,3,6,FB,Freshman Boys,JG,Junior Girls,9,0,JB,Junior Boys,IG,Intermediate Girls,8.5,0.5,IB,Intermediate Boys,SG,Senior Girls,4,5,SB,Senior Boys,TOTALS,24.5,11.5,TOTALS,FG,Place,Freshman Girls,Score,Team,H,V,FB,Place,Freshman Boys,Score,Team,FG,1,Ellie Vroom,64.70,GF,5,FB,1,Eli Bockman,50.90,GF,FG,2,Carleigh Devlin,53.70,F,3,FB,2,Trey McIntosh,50.10,F,FG,3,Ali Wiley-Jimenez,49.45,GF,1,FB,3,Christopher Barron,48.05,F,FG,4,Lily Carpenter,48.25,F,FB,4,Connor Barron,43.60,F,FG,5,Phoebe Jeffery,46.60,GF,FB,5,Jack Devlin,43.55,F,FG,6,Alexa Landi,44.35,GF,FB,6,Jaspar Carpenter,37.80,F,FG,7,Heidi Stoddard,42.30,GF,FB,7,Sutton Pierson,27.00,GF,FG,8,Ari Wiley-Jimenez,40.25,GF,FG,9,Daliyah McKimmy,38.95,GF,FG,10,Ayla Asner,34.25,GF,FG,11,Riyah McKimmy,30.35,GF,FG,12,Abbie Colwill,29.60,F,Freshman Girls TOTALS,3,6,Freshman Boys TOTALS,JG,Place,Junior Girls,Score,Team,H,V,JB,Place,Junior Boys,Score,Team,JG,1,Olivia Roca,100.75,F,5,JB,1,Noah Laccone,82.10,F,JG,2,Cally Codding,98.25,F,3,JB,2,Ethan Hough,72.30,F,JG,3,Sadie Buckley,92.90,F,1,JB,3,Vincent Landi,68.55,GF,JG,4,Ashlyn Connor,91.15,F,JG,5,Mary Clare Abela,86.35,GF,JG,6,Kayleigh McCarthy,85.00,F,JG,7,Gigi Ruse,82.50,GF,JG,8,Gabrielle Leesing,78.30,F,JG,9,Lyla Devlin,78.05,F,JG,10,Mia Nash,76.55,GF,JG,11,Jackie Colwill,67.95,F,Junior Girls TOTALS,9,0,Junior Boys TOTALS,IG,Place,Intermediate Girls,Score,Team,H,V,IB,Place,Intermediate Boys,Score,Team,IG,1,Keri Hough,123.95,F,5,IB,1,Wade Winslow,103.50,F,IG,2,Alexa Haynie,108.65,F,3,IB,2,Cian Gallagher,103.15,GF,IG,T3,Eve McLaury,107.40,F,0.5,IB,3,Mikey Stechl,102.90,F,IG,T3,Ella Decker,107.40,GF,0.5,IG,5,Kamryn Kaye,105.30,F,IG,6,Maddie Devlin,103.90,F,IG,7,Katie Wilson,94.80,F,Intermediate Girls TOTALS,8.5,0.5,Intermediate Boys TOTALS,SG,Place,Senior Girls,Score,Team,H,V,SB,Place,Senior Boys,Score,Team,SG,1,Claire Vroom,206.05,GF,5,SB,1,Dan McGaughey,217.20,GF,SG,2,Ellie Shriver,141.90,F,3,SB,2,Christian Anderson,157.45,F,SG,3,Yesmine Harrache,124.80,F,1,SB,3,Adam Manley,149.55,GF,SG,4,Caroline Gallagher,116.70,GF,SB,4,Mikey D'Alessandro,111.65,F,SB,5,Jack McLaury,94.25,F,SB,6,Ryan Hough,82.05,F,Senior Girls TOTALS,4,5,Senior Boys TOTALS,Judges,Referee,James Patteson,Amy Vroom, Robert Vroom/Jen Decker, Elizabeth Wiley, Lori Kaye, Jenny McCarthy,Meet Secretary,Jenny McCarthy,Home Team Secretary,Mary Stinnett,Visiting Team Secretary,Amy Vroom,Home Team Comments,Visiting Team Comments,The visiting team secretary didn't sign the results sheet. Thanks for a great meet! See you at Divisionals.
A6: 3 | B6: ="Div "&A6&": DIVE REP ONLY Click to Open D"&A6&" Meet Sheet "&TEXT(LEFT(G6,FIND(",",G6)-1),"m/d/yyyy")&" - hover then click!" -> Div 3: DIVE REP ONLY Click to Open D3 Meet Sheet 7/6/2021 - hover then click! | C6: =HYPERLINK("https://docs.google.com/spreadsheets/d/"&F6, "https://docs.google.com/spreadsheets/d/"&F6) -> https://docs.google.com/spreadsheets/d/1DkptsSLAygEe8_EjSiLX5nA6Q5Xo2E5Lz8FrjVyx8nE | D6: MeetResults!$a$1:$u$305 | E6: =" MDautoExpire('"&SUBSTITUTE(C6,"https://drive.google.com/open?id=","https://docs.google.com/spreadsheets/d/")&"'); //D"&A6&" "&TEXT(J6,"mm/dd/yyyy") -> MDautoExpire('https://docs.google.com/spreadsheets/d/1DkptsSLAygEe8_EjSiLX5nA6Q5Xo2E5Lz8FrjVyx8nE'); //D3 01/00/1900 | F6: 1DkptsSLAygEe8_EjSiLX5nA6Q5Xo2E5Lz8FrjVyx8nE | G6: 7/6/2021,NVSL DIVING MEET RESULTS,Div,3,Link,Home Team,Score,Err,Visiting Team,Score,1,1,AF-Arlington Forest,24,0,vs,PC-Pinecrest,48,2,2,LG-Lee Graham,36,1,vs,HV-Hunt Valley,35,3,3,SHR-Sleepy Hollow Rec,44,0,vs,DR-Donaldson Run,28,Results Form #,1,Date,7/6/2021,* These results are calculated automatically and are non-editable,Report Status,10-Finalized,Home Team,AF-Arlington Forest,AF,Visiting Team,PC-Pinecrest,Score,24,Score,48,H,V,FG,Freshman Girls,0,9,FB,Freshman Boys,JG,Junior Girls,0,9,JB,Junior Boys,IG,Intermediate Girls,6,3,IB,Intermediate Boys,SG,Senior Girls,1,8,SB,Senior Boys,TOTALS,7,29,TOTALS,FG,Place,Freshman Girls,Score,Team,H,V,FB,Place,Freshman Boys,Score,Team,FG,1,Ella Dunlavy,68.75,PC,5,FB,1,Banks Buergler,66.65,AF,FG,2,Annie Dunlavy,63.95,PC,3,FB,2,Alex Stewart,57.10,AF,FG,3,Leandra Barger,62.25,PC,1,FB,3,Aaron Barger,48.60,PC,FG,4,Julia Kennedy,56.50,PC,FB,4,Matthew Vogt,31.45,AF,FG,5,Libby Costello,54.45,PC,FB,5,Timothy Barger,29.95,PC,FG,6,Ella Turner,54.25,AF,FG,7,Maddie Yappel,48.90,PC,FG,8,Abby Galanes,46.05,AF,FG,9,Caris Allen,34.35,PC,FG,10,Chloe Kennedy,33.80,PC,Freshman Girls TOTALS,0,9,Freshman Boys TOTALS,JG,Place,Junior Girls,Score,Team,H,V,JB,Place,Junior Boys,Score,Team,JG,1,Gia Yappel,82.95,PC,5,JB,1,Connor Ryan,79.40,PC,JG,2,Natalie Rutland,81.05,PC,3,JB,2,Akash Kaji,79.20,PC,JG,3,Isla Eckhardt,79.95,PC,1,JB,3,Daniel Vogt,75.35,AF,JG,4,Lauren Ivey,69.20,PC,JG,5,Caroline Ivey,53.20,PC,Junior Girls TOTALS,0,9,Junior Boys TOTALS,IG,Place,Intermediate Girls,Score,Team,H,V,IB,Place,Intermediate Boys,Score,Team,IG,1,Ada Jordan,123.70,AF,5,IB,1,Jackson Ward,124.00,PC,IG,2,Graci Vlattas,103.90,PC,3,IB,2,Greyson Schroeher,119.90,AF,IG,3,Teagan Boone,86.15,AF,1,IB,3,Benjamin Tahu ,98.50,AF,Intermediate Girls TOTALS,6,3,Intermediate Boys TOTALS,SG,Place,Senior Girls,Score,Team,H,V,SB,Place,Senior Boys,Score,Team,SG,1,Abby Anderson,181.85,PC,5,SB,1,Vangeli Hadjimichael,167.50,PC,SG,2,Kenzie Conner,179.35,PC,3,SB,2,Max Cassatt,148.35,AF,SG,3,Charlotte Weir,139.55,AF,1,SB,3,David Alves,131.30,AF,Senior Girls TOTALS,1,8,Senior Boys TOTALS,Judges,Referee,Lynn Clark,Justin Clark, Liz Cagianesa, Karen Rutland, Mike Hadjimichael, Steve Conner,Meet Secretary,Laura Smialowicz,Home Team Secretary,Laura Smialowicz,Visiting Team Secretary,Jess Kennedy,Home Team Comments,Visiting Team Comments,Arlington Forest - thanks for the awesome meet and warm welcome, we enjoyed it! ,Results Form #,2,Date,7/6/2021,* These results are calculated automatically and are non-editable,Report Status,10-Finalized,Home Team,LG-Lee Graham,LG,Visiting Team,HV-Hunt Valley,Score,36,Score,35,H,V,FG,Freshman Girls,9,0,FB,Freshman Boys,JG,Junior Girls,4,5,JB,Junior Boys,IG,Intermediate Girls,5,4,IB,Intermediate Boys,SG,Senior Girls,8,1,SB,Senior Boys,TOTALS,26,10,TOTALS,FG,Place,Freshman Girls,Score,Team,H,V,FB,Place,Freshman Boys,Score,Team,FG,1,Cora Brock,51.70,LG,5,FB,1,Amir Owens,84.70,HV,FG,2,Evie Harmer,51.45,LG,3,FB,2,Teddy Klousia,60.20,LG,FG,3,Maggie Scully,42.35,LG,1,FB,3,William Davis,59.45,LG,FG,4,Payton Bennett,41.30,HV,FB,4,Jacob Faustman,54.85,HV,FG,5,Lila Scully,38.15,LG,FB,5,Derek Baltas,54.05,HV,FG,6,Sarah Banko,37.10,LG,FB,6,Adam Ogrodny,51.00,HV,FG,7,Addison Bennett,36.65,HV,FB,7,John Mulcahy,45.15,HV,FG,8,Wren McCann,35.15,LG,FB,8,Ethan Page,44.55,LG,FG,9,Lyla Jacobs,29.25,HV,FB,9,Patrick Verasin,42.80,LG,Freshman Girls TOTALS,9,0,Freshman Boys TOTALS,JG,Place,Junior Girls,Score,Team,H,V,JB,Place,Junior Boys,Score,Team,JG,1,Cassandra Hawthorne,114.95,HV,5,JB,1,Andrew Maurer,109.85,HV,JG,2,Zoe Mar,114.55,LG,3,JB,2,Joseph Ogrodny,104.10,HV,JG,3,Ella Wallinger,102.10,LG,1,JB,3,Patrick Scully,86.05,LG,JG,4,Madison Allard,94.60,LG,JB,4,Issa Owens,82.60,HV,JG,5,Audrey Pounds,83.80,LG,JB,5,Kaleb Wisner,76.95,HV,JG,6,Gwen Fry,81.05,LG,JG,7,Olivia Wanchick,74.05,LG,JG,8,Isadora Gebert,63.25,HV,Junior Girls TOTALS,4,5,Junior Boys TOTALS,IG,Place,Intermediate Girls,Score,Team,H,V,IB,Place,Intermediate Boys,Score,Team,IG,1,Reagan Cervenak,162.85,LG,5,IB,1,Alex Way,196.05,LG,IG,2,Valerie christopher,146.35,HV,3,IB,2,Cooper Bouton,111.05,HV,IG,3,Alexandra Charecky,133.35,HV,1,IB,3,Sheen Lee,101.75,HV,IG,4,Jane Asfah-Mohallatee,115.55,LG,IB,4,Hudson Mar,87.00,LG,IG,5,Virginia Grubbs,109.95,HV,IG,6,Hayley Eastman,103.45,LG,IG,7,Corinne Dunsmoor,80.00,HV,IG,8,Lily Dunsmoor,70.80,HV,Intermediate Girls TOTALS,5,4,Intermediate Boys TOTALS,SG,Place,Senior Girls,Score,Team,H,V,SB,Place,Senior Boys,Score,Team,SG,1,Maggie DiScipio,234.35,LG,5,SB,1,Finnian Gelbach,278.60,HV,SG,2,Madison Cervenak,186.55,LG,3,SB,2,Jack Pritchard,153.85,HV,SG,3,Ainsley Buckner,186.50,HV,1,SG,4,Madeline Orchard,175.70,HV,SG,5,Nora Blasch,163.70,HV,Senior Girls TOTALS,8,1,Senior Boys TOTALS,Judges,Referee,Michelle Cervenak,Michelle Cervenak, Patty Lister, Doug Gelbach, Kim Maurer, Karen Dunsmoor,Meet Secretary,Alice Mar ,Home Team Secretary,Alice Mar ,Visiting Team Secretary,Judy Baltas,Home Team Comments,Visiting Team Comments,Results Form #,3,Date,7/6/2021,* These results are calculated automatically and are non-editable,Report Status,10-Finalized,Home Team,SHR-Sleepy Hollow Rec,SHR,Visiting Team,DR-Donaldson Run,Score,44,Score,28,H,V,FG,Freshman Girls,4,5,FB,Freshman Boys,JG,Junior Girls,8,1,JB,Junior Boys,IG,Intermediate Girls,8,1,IB,Intermediate Boys,SG,Senior Girls,6,3,SB,Senior Boys,TOTALS,26,10,TOTALS,FG,Place,Freshman Girls,Score,Team,H,V,FB,Place,Freshman Boys,Score,Team,FG,1,Taylor McDonnell,65.05,DR,5,FB,1,Krishnan Greenwood,56.40,DR,FG,2,Hannah Brubeck,64.95,SHR,3,FB,2,Liam Ross,52.85,SHR,FG,3,Elle Feeley,60.75,SHR,1,FB,3,Kai Sheriff,51.70,SHR,FG,4,Elizabeth Heim,59.10,SHR,FB,4,Charlie DeZee,50.35,DR,FG,5,Lily Klein,55.95,DR,FB,5,Lucas Vida,47.55,SHR,FG,6,Finley McDonnell,54.25,DR,FB,6,Finn Feeley,46.30,SHR,FG,7,Ann Madden,49.80,DR,FB,7,John Taylor,45.25,DR,FG,8,Margaret Nelson,47.10,DR,FB,8,Fenner Abbey,41.85,DR,FG,9,Harper Vida,26.20,SHR,FB,9,Parker Englerth,40.50,DR,FB,10,Thomas Edgerton,39.40,DR,FB,11,Philip Bastow,37.95,DR,Freshman Girls TOTALS,4,5,Freshman Boys TOTALS,JG,Place,Junior Girls,Score,Team,H,V,JB,Place,Junior Boys,Score,Team,JG,1,Kalyn O'Hara,96.90,SHR,5,JB,1,Brody Schrecker,99.35,SHR,JG,2,Anna Fitzgerald,92.00,SHR,3,JB,2,Elijah Garces-Foley,98.15,SHR,JG,3,Chloe Samowich,81.35,DR,1,JB,3,Diego Syar,86.90,SHR,JG,4,Louise Fitzgerald,80.35,SHR,JB,4,CJ Silva,82.05,SHR,JG,5,Ruth Eliot,60.55,DR,JB,5,Michael Staren,80.60,DR,JB,6,Samuel Mulchandani,70.45,DR,JB,7,Rhys Kowalczyk,69.10,SHR,JB,8,Jett Bastow,68.15,DR,Junior Girls TOTALS,8,1,Junior Boys TOTALS,IG,Place,Intermediate Girls,Score,Team,H,V,IB,Place,Intermediate Boys,Score,Team,IG,1,Emma Redman,142.15,SHR,5,IB,1,Jack Reed,134.75,DR,IG,2,Chloe Richards,137.40,SHR,3,IB,2,Forest Archambault,120.05,SHR,IG,3,Sophie Frost,132.55,DR,1,IB,3,Matthew Heim,117.50,SHR,IG,4,Jenna Sheetz,131.25,DR,IB,4,Kyle Aylward,92.20,SHR,IG,5,Lane Samowich,113.10,DR,IG,6,Chloe Kowalczyk,106.80,SHR,IG,7,Caeli McIntosh,104.50,SHR,IG,8,Emily Wiese,103.40,DR,IG,9,Courtney Weldon,102.00,SHR,IG,10,Valerie Engel,90.80,DR,IG,Intermediate Girls TOTALS,8,1,Intermediate Boys TOTALS,SG,Place,Senior Girls,Score,Team,H,V,SB,Place,Senior Boys,Score,Team,SG,1,Ginger Richards,205.30,SHR,5,SB,1,James Wiese,226.35,DR,SG,2,Ellie Simmons,204.20,DR,3,SB,2,William Parish,224.70,DR,SG,3,Ocean Archambault,174.45,SHR,1,SB,3,Parker Rice,153.40,SHR,SG,4,Emma Webb,173.05,DR,SG,5,Noelle Samowich,150.10,DR,SG,6,Mia Korin,149.10,SHR,Senior Girls TOTALS,6,3,Senior Boys TOTALS,Judges,Referee,Kelly Bletsis,Kelly Bletsis, Micheal Crotty, Lesley Reed, Tiegan Holtzman, Geoffrey Webb,Meet Secretary,Sheri Crotty,Home Team Secretary,Sheri Crotty,Visiting Team Secretary,Jennifer Mulchandani,Home Team Comments,Visiting Team Comments,Thanks for a GREAT meet together!! I especially appreciate your being organized with such a big team, and thanks again for bringing printed ribbon labels for your divers as it helped me have extra time to train the parent who is shadowing me to be one of the new team reps next season!,Thanks SHRA!
A7: 4 | B7: ="Div "&A7&": DIVE REP ONLY Click to Open D"&A7&" Meet Sheet "&TEXT(LEFT(G7,FIND(",",G7)-1),"m/d/yyyy")&" - hover then click!" -> Div 4: DIVE REP ONLY Click to Open D4 Meet Sheet 7/6/2021 - hover then click! | C7: =HYPERLINK("https://docs.google.com/spreadsheets/d/"&F7, "https://docs.google.com/spreadsheets/d/"&F7) -> https://docs.google.com/spreadsheets/d/1Ka3fHW9hawNoKb8VsuINfkV5iX_dAU-sbZtrVd54qKI | D7: MeetResults!$a$1:$u$305 | E7: =" MDautoExpire('"&SUBSTITUTE(C7,"https://drive.google.com/open?id=","https://docs.google.com/spreadsheets/d/")&"'); //D"&A7&" "&TEXT(J7,"mm/dd/yyyy") -> MDautoExpire('https://docs.google.com/spreadsheets/d/1Ka3fHW9hawNoKb8VsuINfkV5iX_dAU-sbZtrVd54qKI'); //D4 01/00/1900 | F7: 1Ka3fHW9hawNoKb8VsuINfkV5iX_dAU-sbZtrVd54qKI | G7: =IFERROR(__xludf.DUMMYFUNCTION("textjoin("","", true, importrange(C7,SUBSTITUTE(SUBSTITUTE(D7,""300"",""3""),""$u$"",""$R$"")))"),"7/6/2021,NVSL DIVING MEET RESULTS,Div,4,Link,Home Team,Score,Visiting Team,Score,1,1,HS-Highlands Swim,32,0,vs,WC-Wakefield Chapel,36,2,2,T-Tuckahoe,33,0,vs,CB-Chesterbrook,35,3,3,DH-Dominion Hills,30,0,vs,HF-Hayfield Farm,42,Results Form #,1,Date,7/6/202"&"1,* These results are calculated automatically and are non-editable,Report Status,10-Finalized,Home Team,HS-Highlands Swim,HS,Visiting Team,WC-Wakefield Chapel,Score,32,Score,36,H,V,FG,Freshman Girls,0,9,FB,Freshman Boys,JG,Junior Girls,8,1,JB,Junior Boys"&",IG,Intermediate Girls,6,3,IB,Intermediate Boys,SG,Senior Girls,9,0,SB,Senior Boys,TOTALS,23,13,TOTALS,FG,Place,Freshman Girls,Score,Team,H,V,FB,Place,Freshman Boys,Score,Team,FG,1,Annabelle Ebaugh,68.90,WC,5,FB,1,Sullivan McNamara,65.30,WC,FG,2,Joelle Sa"&"unders,64.10,WC,3,FB,2,Franklin Fiske,43.10,HS,FG,3,Emily Fay,63.50,WC,1,FB,3,Azadi Castellano,42.80,HS,FG,4,Emilia Vayra,58.60,HS,FB,4,Garrett Mansuy,41.60,WC,FG,5,Eva Negrelli,57.50,WC,FB,5,Randolph Shults,41.40,WC,FG,6,Julia Paukovits,57.30,HS,FB,6,Fau"&"stino Fredes,36.10,HS,FG,7,Lily Verne,49.70,WC,FG,8,Eleanor Manos,47.60,WC,FG,9,Aspen Rose Abruzzese,42.30,HS,FG,10,Lydia Bremer,40.90,WC,FG,11,Erin Grinnell,40.40,WC,FG,12,Lily Kissinger,37.30,HS,FG,13,Annelise Saunders,30.90,WC,Freshman Girls TOTALS,0,9"&",Freshman Boys TOTALS,JG,Place,Junior Girls,Score,Team,H,V,JB,Place,Junior Boys,Score,Team,JG,1,Olivia Berik,111.40,HS,5,^,JB,1,Seamus McNamara,120.20,WC,JG,2,Charlotte Berik,86.70,HS,3,JB,2,John Paul Kissinger,76.80,HS,JG,3,Madison Ebaugh,82.00,WC,1,JB,3"&",John Berik,73.70,HS,JG,4,Charlotte Fay,80.20,WC,JB,4,Walter Shiu,50.00,HS,JG,5,Madeline Roche,72.20,HS,Junior Girls TOTALS,8,1,Junior Boys TOTALS,IG,Place,Intermediate Girls,Score,Team,H,V,IB,Place,Intermediate Boys,Score,Team,IG,1,Norah Kissinger,128.90"&",HS,5,IB,1,Matthew Lazo-Kaser,93.70,WC,IG,2,Alexa Mansuy,117.80,WC,3,^,IG,3,Elena Marques-Davila,99.10,HS,1,IG,4,Isabel Karam,77.60,HS,^,Intermediate Girls TOTALS,6,3,Intermediate Boys TOTALS,SG,Place,Senior Girls,Score,Team,H,V,SB,Place,Senior Boys,Score"&",Team,SG,1,Meghan Kissinger,152.60,HS,5,SB,1,Nathaniel Grannis,244.90,WC,SG,2,Erin Wills,152.20,HS,3,SB,2,Sean Binning,217.90,WC,SG,3,Karenna Keane,140.30,HS,1,SB,3,Tanner Moore,213.90,HS,SB,4,Aidan Thomas,210.70,WC,SB,5,Zachary Abruzzese,105.00,HS,Senior"&" Girls TOTALS,9,0,Senior Boys TOTALS,Judges,Referee,Neil Wills,Mike Moore, Neil Wills, David Grannis, Stephanie McNamara, Karl Kaser,Meet Secretary,Wendy Simon,Home Team Secretary,Wendy Simon,Visiting Team Secretary,David Grannis,Home Team Comments,Visiti"&"ng Team Comments,He is added.,Mispelling of first name of Annelise Sanders on the White Sheet.""Amelia Sanders"" should be Annelise Sanders. Pls correct the white sheet before sending to Div 4 coordinator,Results Form #,2,Date,7/6/2021,* These results are"&" calculated automatically and are non-editable,Report Status,10-Finalized,Home Team,T-Tuckahoe,T,Visiting Team,CB-Chesterbrook,Score,33,Score,35,H,V,FG,Freshman Girls,4,5,FB,Freshman Boys,JG,Junior Girls,0,8,JB,Junior Boys,IG,Intermediate Girls,3,6,IB,Int"&"ermediate Boys,SG,Senior Girls,8,0,SB,Senior Boys,TOTALS,15,19,TOTALS,FG,Place,Freshman Girls,Score,Team,H,V,FB,Place,Freshman Boys,Score,Team,FG,1,Julianne Carle,76.75,CB,5,FB,1,Jack Zecher,51.10,CB,FG,2,Chaaya Springer,66.30,T,3,FB,2,Isaac Fonner,50.55,"&"T,FG,3,Leah Bailey,64.85,T,1,FB,3,Isaac Shinskie,47.25,T,FG,4,Sloane Carle,62.50,CB,FB,4,Ben Engola,42.85,T,FG,5,Emily Upp,57.90,T,FG,6,Evah Pho,55.80,CB,FG,7,Madeleine Philbin,54.50,CB,FG,8,Mary Moss,45.60,CB,FG,9,Nora Hall,43.20,T,Freshman Girls TOTALS,"&"4,5,Freshman Boys TOTALS,JG,Place,Junior Girls,Score,Team,H,V,JB,Place,Junior Boys,Score,Team,JG,1,Elise Lucien,121.15,CB,5,JB,1,Jackson Thomas,127.15,T,JG,2,Erika Noreika,89.15,CB,3,JB,2,Gordon Anderson,102.50,CB,JB,3,Teddy Angelides,84.70,T,JB,4,Jakob W"&"orkman,69.60,T,Junior Girls TOTALS,0,8,Junior Boys TOTALS,IG,Place,Intermediate Girls,Score,Team,H,V,IB,Place,Intermediate Boys,Score,Team,IG,1,Sarah Beach,145.05,CB,5,IB,1,Justin Upp,143.85,T,IG,2,Libby Hall,144.40,T,3,IB,2,Jaiden Saran,127.75,T,IG,3,Ell"&"ie Mallard,119.75,CB,1,Intermediate Girls TOTALS,3,6,Intermediate Boys TOTALS,SG,Place,Senior Girls,Score,Team,H,V,SB,Place,Senior Boys,Score,Team,SG,1,Riya Saran,185.15,T,5,SB,1,Christopher Barnes,177.15,CB,SG,2,Sarina Saran,176.65,T,3,SB,2,Will Zimmerma"&"n,150.45,CB,Senior Girls TOTALS,8,0,Senior Boys TOTALS,Judges,Referee,Atul Saran,Cindy Anderson, Doreen Moss, Atul Saran, Jenn Lager, Christine Hall,Meet Secretary,Tim Springer,Home Team Secretary,Tim Springer,Visiting Team Secretary,Jenn Lager,Home Team "&"Comments,Visiting Team Comments,Validated corrections made per notes to the right hand column.,Left off Mary Moss 45.60 and her score was put in for Sloane Carle. I corrected Sloane's score. I corrected Elise Lucien's from 121.50 to 121.15.,Results Form"&" #,3,Date,7/6/2021,* These results are calculated automatically and are non-editable,Report Status,10-Finalized,Home Team,DH-Dominion Hills,DH,Visiting Team,HF-Hayfield Farm,Score,30,Score,42,H,V,FG,Freshman Girls,0,9,FB,Freshman Boys,JG,Junior Girls,0,9,"&"JB,Junior Boys,IG,Intermediate Girls,9,0,IB,Intermediate Boys,SG,Senior Girls,6,3,SB,Senior Boys,TOTALS,15,21,TOTALS,FG,Place,Freshman Girls,Score,Team,H,V,FB,Place,Freshman Boys,Score,Team,FG,1,Julianna Butler,67.20,HF,5,FB,1,Logan DiBenigno,74.75,DH,FG,"&"2,Isabelle Quinn,53.05,HF,3,FB,2,Luke Peters,56.05,HF,FG,3,Q Perdue,52.75,HF,1,FB,3,Joe Mathieson,53.55,DH,FG,4,Helen Butler,49.80,DH,FB,4,Stone Perdue,48.45,HF,FG,5,Audrey Wheeler,47.55,DH,FB,5,Will Copes,47.15,HF,FG,6,Kate Payne,42.25,HF,FB,6,Thomas Dom"&"browski,44.90,DH,FG,7,Madeleine Dombrowski,39.40,DH,FB,7,Oliver Klueber,36.85,HF,FG,8,Ava Kowalchick,31.10,HF,FB,8,Davis Carter,30.70,HF,FG,9,Molly Payne,30.80,HF,FB,9,Andrew Aldonas,28.40,DH,FG,10,Allie Pearson,29.45,HF,Freshman Girls TOTALS,0,9,Freshman"&" Boys TOTALS,JG,Place,Junior Girls,Score,Team,H,V,JB,Place,Junior Boys,Score,Team,JG,1,Maeve McGuire,98.35,HF,5,JB,1,Reid Schwartz,94.55,DH,JG,2,Emma Kowalchick,82.80,HF,3,JB,2,Kellen Courtney,84.05,HF,JG,3,Clayre Payne,77.80,HF,1,JB,3,Zakir Chinoy,57.80,"&"HF,JG,4,Olivia Maco,67.80,DH,^,JG,5,Hannah Ax,53.05,DH,JG,6,Hayden Shelton,48.10,DH,Junior Girls TOTALS,0,9,Junior Boys TOTALS,IG,Place,Intermediate Girls,Score,Team,H,V,IB,Place,Intermediate Boys,Score,Team,IG,1,Chloe Schwartz,83.05,DH,5,IB,1,Cooper Belt"&",125.15,HF,IG,2,Morgan Shelton,80.05,DH,3,IB,2,Gavin Simpson,124.60,DH,IG,3,Paige Shelton,73.65,DH,1,IB,3,Sam Johnson,123.75,HF,IG,4,Abby Putnam,66.20,DH,IB,4,Sean Watson,91.05,HF,IB,5,George Brennan,88.60,HF,IB,6,Sandis Walker,74.20,DH,Intermediate Girls"&" TOTALS,9,0,Intermediate Boys TOTALS,SG,Place,Senior Girls,Score,Team,H,V,SB,Place,Senior Boys,Score,Team,SG,1,Ellie Joyce,235.30,DH,5,SB,1,Fin Belt,160.75,HF,SG,2,Lucy Porter,179.05,HF,3,SB,2,Gavin Bergen-Hill,146.85,HF,SG,3,Riley Shelton,125.65,DH,1,SB,"&"3,Luke DiBenigno,145.25,DH,SG,4,Ellie Potts,115.80,DH,SB,4,Luke Dangel,138.95,DH,SG,5,Dakota Bannach,111.35,DH,SB,5,Joseph Nixon,102.70,DH,Senior Girls TOTALS,6,3,Senior Boys TOTALS,Judges,Referee,Thomas Joyce,Thomas Joyce, Rachel Riley, Mike Schaeffer, J"&"oe Belt, Sarah Kowalchick,Meet Secretary,Christina Potts,Home Team Secretary,Thomas Joyce,Visiting Team Secretary,Mary Mohney,Home Team Comments,Visiting Team Comments") -> 7/6/2021,NVSL DIVING MEET RESULTS,Div,4,Link,Home Team,Score,Visiting Team,Score,1,1,HS-Highlands Swim,32,0,vs,WC-Wakefield Chapel,36,2,2,T-Tuckahoe,33,0,vs,CB-Chesterbrook,35,3,3,DH-Dominion Hills,30,0,vs,HF-Hayfield Farm,42,Results Form #,1,Date,7/6/2021,* These results are calculated automatically and are non-editable,Report Status,10-Finalized,Home Team,HS-Highlands Swim,HS,Visiting Team,WC-Wakefield Chapel,Score,32,Score,36,H,V,FG,Freshman Girls,0,9,FB,Freshman Boys,JG,Junior Girls,8,1,JB,Junior Boys,IG,Intermediate Girls,6,3,IB,Intermediate Boys,SG,Senior Girls,9,0,SB,Senior Boys,TOTALS,23,13,TOTALS,FG,Place,Freshman Girls,Score,Team,H,V,FB,Place,Freshman Boys,Score,Team,FG,1,Annabelle Ebaugh,68.90,WC,5,FB,1,Sullivan McNamara,65.30,WC,FG,2,Joelle Saunders,64.10,WC,3,FB,2,Franklin Fiske,43.10,HS,FG,3,Emily Fay,63.50,WC,1,FB,3,Azadi Castellano,42.80,HS,FG,4,Emilia Vayra,58.60,HS,FB,4,Garrett Mansuy,41.60,WC,FG,5,Eva Negrelli,57.50,WC,FB,5,Randolph Shults,41.40,WC,FG,6,Julia Paukovits,57.30,HS,FB,6,Faustino Fredes,36.10,HS,FG,7,Lily Verne,49.70,WC,FG,8,Eleanor Manos,47.60,WC,FG,9,Aspen Rose Abruzzese,42.30,HS,FG,10,Lydia Bremer,40.90,WC,FG,11,Erin Grinnell,40.40,WC,FG,12,Lily Kissinger,37.30,HS,FG,13,Annelise Saunders,30.90,WC,Freshman Girls TOTALS,0,9,Freshman Boys TOTALS,JG,Place,Junior Girls,Score,Team,H,V,JB,Place,Junior Boys,Score,Team,JG,1,Olivia Berik,111.40,HS,5,^,JB,1,Seamus McNamara,120.20,WC,JG,2,Charlotte Berik,86.70,HS,3,JB,2,John Paul Kissinger,76.80,HS,JG,3,Madison Ebaugh,82.00,WC,1,JB,3,John Berik,73.70,HS,JG,4,Charlotte Fay,80.20,WC,JB,4,Walter Shiu,50.00,HS,JG,5,Madeline Roche,72.20,HS,Junior Girls TOTALS,8,1,Junior Boys TOTALS,IG,Place,Intermediate Girls,Score,Team,H,V,IB,Place,Intermediate Boys,Score,Team,IG,1,Norah Kissinger,128.90,HS,5,IB,1,Matthew Lazo-Kaser,93.70,WC,IG,2,Alexa Mansuy,117.80,WC,3,^,IG,3,Elena Marques-Davila,99.10,HS,1,IG,4,Isabel Karam,77.60,HS,^,Intermediate Girls TOTALS,6,3,Intermediate Boys TOTALS,SG,Place,Senior Girls,Score,Team,H,V,SB,Place,Senior Boys,Score,Team,SG,1,Meghan Kissinger,152.60,HS,5,SB,1,Nathaniel Grannis,244.90,WC,SG,2,Erin Wills,152.20,HS,3,SB,2,Sean Binning,217.90,WC,SG,3,Karenna Keane,140.30,HS,1,SB,3,Tanner Moore,213.90,HS,SB,4,Aidan Thomas,210.70,WC,SB,5,Zachary Abruzzese,105.00,HS,Senior Girls TOTALS,9,0,Senior Boys TOTALS,Judges,Referee,Neil Wills,Mike Moore, Neil Wills, David Grannis, Stephanie McNamara, Karl Kaser,Meet Secretary,Wendy Simon,Home Team Secretary,Wendy Simon,Visiting Team Secretary,David Grannis,Home Team Comments,Visiting Team Comments,He is added.,Mispelling of first name of Annelise Sanders on the White Sheet."Amelia Sanders" should be Annelise Sanders. Pls correct the white sheet before sending to Div 4 coordinator,Results Form #,2,Date,7/6/2021,* These results are calculated automatically and are non-editable,Report Status,10-Finalized,Home Team,T-Tuckahoe,T,Visiting Team,CB-Chesterbrook,Score,33,Score,35,H,V,FG,Freshman Girls,4,5,FB,Freshman Boys,JG,Junior Girls,0,8,JB,Junior Boys,IG,Intermediate Girls,3,6,IB,Intermediate Boys,SG,Senior Girls,8,0,SB,Senior Boys,TOTALS,15,19,TOTALS,FG,Place,Freshman Girls,Score,Team,H,V,FB,Place,Freshman Boys,Score,Team,FG,1,Julianne Carle,76.75,CB,5,FB,1,Jack Zecher,51.10,CB,FG,2,Chaaya Springer,66.30,T,3,FB,2,Isaac Fonner,50.55,T,FG,3,Leah Bailey,64.85,T,1,FB,3,Isaac Shinskie,47.25,T,FG,4,Sloane Carle,62.50,CB,FB,4,Ben Engola,42.85,T,FG,5,Emily Upp,57.90,T,FG,6,Evah Pho,55.80,CB,FG,7,Madeleine Philbin,54.50,CB,FG,8,Mary Moss,45.60,CB,FG,9,Nora Hall,43.20,T,Freshman Girls TOTALS,4,5,Freshman Boys TOTALS,JG,Place,Junior Girls,Score,Team,H,V,JB,Place,Junior Boys,Score,Team,JG,1,Elise Lucien,121.15,CB,5,JB,1,Jackson Thomas,127.15,T,JG,2,Erika Noreika,89.15,CB,3,JB,2,Gordon Anderson,102.50,CB,JB,3,Teddy Angelides,84.70,T,JB,4,Jakob Workman,69.60,T,Junior Girls TOTALS,0,8,Junior Boys TOTALS,IG,Place,Intermediate Girls,Score,Team,H,V,IB,Place,Intermediate Boys,Score,Team,IG,1,Sarah Beach,145.05,CB,5,IB,1,Justin Upp,143.85,T,IG,2,Libby Hall,144.40,T,3,IB,2,Jaiden Saran,127.75,T,IG,3,Ellie Mallard,119.75,CB,1,Intermediate Girls TOTALS,3,6,Intermediate Boys TOTALS,SG,Place,Senior Girls,Score,Team,H,V,SB,Place,Senior Boys,Score,Team,SG,1,Riya Saran,185.15,T,5,SB,1,Christopher Barnes,177.15,CB,SG,2,Sarina Saran,176.65,T,3,SB,2,Will Zimmerman,150.45,CB,Senior Girls TOTALS,8,0,Senior Boys TOTALS,Judges,Referee,Atul Saran,Cindy Anderson, Doreen Moss, Atul Saran, Jenn Lager, Christine Hall,Meet Secretary,Tim Springer,Home Team Secretary,Tim Springer,Visiting Team Secretary,Jenn Lager,Home Team Comments,Visiting Team Comments,Validated corrections made per notes to the right hand column.,Left off Mary Moss 45.60 and her score was put in for Sloane Carle. I corrected Sloane's score. I corrected Elise Lucien's from 121.50 to 121.15.,Results Form #,3,Date,7/6/2021,* These results are calculated automatically and are non-editable,Report Status,10-Finalized,Home Team,DH-Dominion Hills,DH,Visiting Team,HF-Hayfield Farm,Score,30,Score,42,H,V,FG,Freshman Girls,0,9,FB,Freshman Boys,JG,Junior Girls,0,9,JB,Junior Boys,IG,Intermediate Girls,9,0,IB,Intermediate Boys,SG,Senior Girls,6,3,SB,Senior Boys,TOTALS,15,21,TOTALS,FG,Place,Freshman Girls,Score,Team,H,V,FB,Place,Freshman Boys,Score,Team,FG,1,Julianna Butler,67.20,HF,5,FB,1,Logan DiBenigno,74.75,DH,FG,2,Isabelle Quinn,53.05,HF,3,FB,2,Luke Peters,56.05,HF,FG,3,Q Perdue,52.75,HF,1,FB,3,Joe Mathieson,53.55,DH,FG,4,Helen Butler,49.80,DH,FB,4,Stone Perdue,48.45,HF,FG,5,Audrey Wheeler,47.55,DH,FB,5,Will Copes,47.15,HF,FG,6,Kate Payne,42.25,HF,FB,6,Thomas Dombrowski,44.90,DH,FG,7,Madeleine Dombrowski,39.40,DH,FB,7,Oliver Klueber,36.85,HF,FG,8,Ava Kowalchick,31.10,HF,FB,8,Davis Carter,30.70,HF,FG,9,Molly Payne,30.80,HF,FB,9,Andrew Aldonas,28.40,DH,FG,10,Allie Pearson,29.45,HF,Freshman Girls TOTALS,0,9,Freshman Boys TOTALS,JG,Place,Junior Girls,Score,Team,H,V,JB,Place,Junior Boys,Score,Team,JG,1,Maeve McGuire,98.35,HF,5,JB,1,Reid Schwartz,94.55,DH,JG,2,Emma Kowalchick,82.80,HF,3,JB,2,Kellen Courtney,84.05,HF,JG,3,Clayre Payne,77.80,HF,1,JB,3,Zakir Chinoy,57.80,HF,JG,4,Olivia Maco,67.80,DH,^,JG,5,Hannah Ax,53.05,DH,JG,6,Hayden Shelton,48.10,DH,Junior Girls TOTALS,0,9,Junior Boys TOTALS,IG,Place,Intermediate Girls,Score,Team,H,V,IB,Place,Intermediate Boys,Score,Team,IG,1,Chloe Schwartz,83.05,DH,5,IB,1,Cooper Belt,125.15,HF,IG,2,Morgan Shelton,80.05,DH,3,IB,2,Gavin Simpson,124.60,DH,IG,3,Paige Shelton,73.65,DH,1,IB,3,Sam Johnson,123.75,HF,IG,4,Abby Putnam,66.20,DH,IB,4,Sean Watson,91.05,HF,IB,5,George Brennan,88.60,HF,IB,6,Sandis Walker,74.20,DH,Intermediate Girls TOTALS,9,0,Intermediate Boys TOTALS,SG,Place,Senior Girls,Score,Team,H,V,SB,Place,Senior Boys,Score,Team,SG,1,Ellie Joyce,235.30,DH,5,SB,1,Fin Belt,160.75,HF,SG,2,Lucy Porter,179.05,HF,3,SB,2,Gavin Bergen-Hill,146.85,HF,SG,3,Riley Shelton,125.65,DH,1,SB,3,Luke DiBenigno,145.25,DH,SG,4,Ellie Potts,115.80,DH,SB,4,Luke Dangel,138.95,DH,SG,5,Dakota Bannach,111.35,DH,SB,5,Joseph Nixon,102.70,DH,Senior Girls TOTALS,6,3,Senior Boys TOTALS,Judges,Referee,Thomas Joyce,Thomas Joyce, Rachel Riley, Mike Schaeffer, Joe Belt, Sarah Kowalchick,Meet Secretary,Christina Potts,Home Team Secretary,Thomas Joyce,Visiting Team Secretary,Mary Mohney,Home Team Comments,Visiting Team Comments
A8: 5 | B8: ="Div "&A8&": DIVE REP ONLY Click to Open D"&A8&" Meet Sheet "&TEXT(LEFT(G8,FIND(",",G8)-1),"m/d/yyyy")&" - hover then click!" -> Div 5: DIVE REP ONLY Click to Open D5 Meet Sheet 7/6/2021 - hover then click! | C8: =HYPERLINK("https://docs.google.com/spreadsheets/d/"&F8, "https://docs.google.com/spreadsheets/d/"&F8) -> https://docs.google.com/spreadsheets/d/1L4uunI2-LloW4_s4YyiuNAS1syVjjvhGx-Olte0hR6c | D8: MeetResults!$a$1:$u$305 | E8: =" MDautoExpire('"&SUBSTITUTE(C8,"https://drive.google.com/open?id=","https://docs.google.com/spreadsheets/d/")&"'); //D"&A8&" "&TEXT(J8,"mm/dd/yyyy") -> MDautoExpire('https://docs.google.com/spreadsheets/d/1L4uunI2-LloW4_s4YyiuNAS1syVjjvhGx-Olte0hR6c'); //D5 01/00/1900 | F8: 1L4uunI2-LloW4_s4YyiuNAS1syVjjvhGx-Olte0hR6c | G8: =IFERROR(__xludf.DUMMYFUNCTION("textjoin("","", true, importrange(C8,SUBSTITUTE(SUBSTITUTE(D8,""300"",""3""),""$u$"",""$R$"")))"),"7/6/2021,NVSL DIVING MEET RESULTS,Div,5,Link,Home Team,Score,Visiting Team,Score,1,1,LV-Lakeview,31,0,vs,CP-Crosspointe,36,2,2,SHB-Sleepy Hollow Bath,31,0,vs,RH-Rolling Hills,40,3,3,CCC-Camelot Community Club,19,0,vs,R-Ravensworth Farm,48,Results Form #,1"&",Date,7/6/2021,* These results are calculated automatically and are non-editable,Report Status,10-Finalized,Home Team,LV-Lakeview,LV,Visiting Team,CP-Crosspointe,Score,31,Score,36,H,V,FG,Freshman Girls,1,8,FB,Freshman Boys,JG,Junior Girls,1,8,JB,Junior Bo"&"ys,IG,Intermediate Girls,6,3,IB,Intermediate Boys,SG,Senior Girls,6,3,SB,Senior Boys,TOTALS,14,22,TOTALS,FG,Place,Freshman Girls,Score,Team,H,V,FB,Place,Freshman Boys,Score,Team,FG,1,Sloan Tann,90.10,CP,5,FB,1,Arik Stone,77.60,LV,FG,2,Haley Schwab,70.45,C"&"P,3,FB,2,Caleb Cherryholmes-Wesley,72.25,CP,FG,3,Isabelle Koenig,67.55,LV,1,FB,3,Ethan Johns,69.20,CP,FG,4,Teagan Johns,65.25,CP,FB,4,Zachary Holden,60.25,LV,FG,5,Eleena Manser,59.90,CP,FB,5,Pax Whritenour,50.55,LV,FG,6,Casimira Betz,50.20,CP,FB,6,Luke Sa"&"bo,43.30,CP,FG,7,Mimei Minato,48.55,LV,FB,7,Logan Gernatt,35.95,LV,FG,8,Lacey Slone,44.95,LV,FG,9,Hannah Carroll,40.90,LV,FG,10,Addy Whritenour,38.50,LV,FG,11,Claire Webster,37.30,LV,FG,12,Karoline Slone,34.80,LV,FG,13,Reese Andresen,32.20,LV,FG,14,Deena "&"Epstein,31.70,LV,FG,15,Norah Flintoft,27.15,LV,Freshman Girls TOTALS,1,8,Freshman Boys TOTALS,JG,Place,Junior Girls,Score,Team,H,V,JB,Place,Junior Boys,Score,Team,JG,1,Quinn Harris,116.00,CP,5,JB,1,Dylan Johns,90.30,CP,JG,2,Josie Anderson,100.80,CP,3,JB,2"&",Ethan Hubbard,88.80,LV,JG,3,Claire Andresen,97.30,LV,1,^,JB,3,Gunner Larson,87.05,LV,JG,4,Caroline Apergis,92.35,CP,JB,4,Enrique Ugalde,82.10,CP,JG,5,Kelsey Davis,92.05,CP,JB,5,Caleb Schwab,81.45,CP,JG,6,Carleigh Haskins,80.85,CP,Junior Girls TOTALS,1,8,"&"Junior Boys TOTALS,IG,Place,Intermediate Girls,Score,Team,H,V,IB,Place,Intermediate Boys,Score,Team,IG,1,Lora Berkeley (LB) Macaranas,153.50,LV,5,IB,1,Brady Davies,135.15,CP,IG,2,Katy Haransky,143.00,CP,3,IB,2,Shawn Hubbard,119.70,LV,IG,3,Catherine Fleck,"&"142.80,LV,1,IG,4,Antonella Palazzo,138.15,LV,IG,5,Leyna Flintoft,125.95,LV,IG,6,Abigail Meehan,112.25,LV,Intermediate Girls TOTALS,6,3,Intermediate Boys TOTALS,SG,Place,Senior Girls,Score,Team,H,V,SB,Place,Senior Boys,Score,Team,SG,1,Nicole Bondanella,198"&".40,LV,5,SB,1,Silas Platt,152.05,LV,SG,2,Mia Mihocko,187.90,CP,3,SG,3,Campbell McCracken,182.60,LV,1,SG,4,Campbell Plageman,180.55,CP,SG,5,Zoe Dolfis,150.45,LV,Senior Girls TOTALS,6,3,Senior Boys TOTALS,Judges,Referee,Susan Mitchell,Susan Mitchell, Vicky "&"Palazzo / Kris Bondanella, Melissa Mihocko, Jessica Schwab, Amira Tann,Meet Secretary,Elizabeth Macaranas,Home Team Secretary,Elizabeth Macaranas,Visiting Team Secretary,Melissa Mihocko,Home Team Comments,Visiting Team Comments,Thanks for a fun meet! ,Tha"&"nks, Lakeview, for hosting a fantastic meet!,Results Form #,2,Date,7/6/2021,* These results are calculated automatically and are non-editable,Report Status,10-Finalized,Home Team,SHB-Sleepy Hollow Bath,SHB,Visiting Team,RH-Rolling Hills,Score,31,Score,40,"&"H,V,FG,Freshman Girls,6,3,FB,Freshman Boys,JG,Junior Girls,3,6,JB,Junior Boys,IG,Intermediate Girls,9,0,IB,Intermediate Boys,SG,Senior Girls,3,6,SB,Senior Boys,TOTALS,21,15,TOTALS,FG,Place,Freshman Girls,Score,Team,H,V,FB,Place,Freshman Boys,Score,Team,FG"&",1,Azeria ""ZZ"" Arnic,69.90,SHB,5,FB,1,Hudson Lynch,59.20,RH,FG,2,Amber Harrison,47.55,RH,3,FB,2,Jack Flanagan,51.75,RH,FG,3,Maya Orlova,46.10,SHB,1,FB,3,Kyle Schutt,50.60,SHB,FG,4,Sarah Chodos,43.35,SHB,FB,4,Jacob Hurt,49.60,RH,FG,5,Alex Morgan,42.85,RH"&",FB,5,Cameron Sauchuk,35.85,RH,FG,6,Xanthy Kuehne,40.90,RH,FB,6,Oliver Matthews,31.25,RH,FG,7,Olivia Timmermann,34.05,RH,FB,7,Brodie Kuehne,31.15,RH,FG,8,Evie Kerelchuk,33.50,RH,FG,9,Alysa Gaona,32.10,RH,FG,10,Izzy Matthews,31.85,RH,FG,11,Isabel Kerelchuk"&",28.20,RH,FG,12,Angelina katsas,26.10,SHB,FG,13,Natasha Sauchuk,23.80,RH,Freshman Girls TOTALS,6,3,Freshman Boys TOTALS,JG,Place,Junior Girls,Score,Team,H,V,JB,Place,Junior Boys,Score,Team,JG,1,Anamarie Harrison,88.95,RH,5,JB,1,Becket Lanier,87.25,RH,JG,2"&",Petra Oleson,80.75,SHB,3,JB,2,Griffin Wagner,74.60,RH,JG,3,Sophia Newtson,68.35,RH,1,JG,4,Anne Juster,63.95,RH,JG,5,Lina Rosenbaum,41.95,SHB,Junior Girls TOTALS,3,6,Junior Boys TOTALS,IG,Place,Intermediate Girls,Score,Team,H,V,IB,Place,Intermediate Boys,"&"Score,Team,IG,1,Paisley Wilkins,108.40,SHB,5,IB,1,Ethan Heim,97.75,SHB,IG,2,Addie Bates,105.00,SHB,3,IB,2,Ryan Casteleyn,86.35,RH,IG,3,Camryn Caughlin,87.30,SHB,1,IB,3,Tommy Juster,76.70,RH,IG,4,Lyla Harrison,82.35,RH,IB,4,David Caudillo,67.30,SHB,IG,5,Na"&"talia Sayasithsena,62.95,RH,IB,5,Liam Healey-Wright,53.55,RH,Intermediate Girls TOTALS,9,0,Intermediate Boys TOTALS,SG,Place,Senior Girls,Score,Team,H,V,SB,Place,Senior Boys,Score,Team,SG,1,Kyleah Harbort,176.80,RH,5,SB,1,Jadon Butler,214.00,RH,SG,2,Erica"&" Schroeder,139.90,SHB,3,SB,2,Peter Cullather,136.60,SHB,SG,3,Nicole Perkins,133.80,RH,1,SB,3,Sam Martin,116.50,SHB,SG,4,Mary Callahan,124.00,RH,SB,4,Ryan Caughey,102.70,SHB,SG,5,Claire Coughlin,119.30,SHB,SB,5,Michael Hitchock,95.70,SHB,SG,6,Zoe London,79"&".05,SHB,Senior Girls TOTALS,3,6,Senior Boys TOTALS,Judges,Referee,George Harbort,John Cullather, Fred Martin, Bob Perkins, Jim Juster, George Harbort,Meet Secretary,Kendra Martin,Home Team Secretary,Kendra Martin,Visiting Team Secretary,Kathleen Juster,Ho"&"me Team Comments,Visiting Team Comments,one diver on RH does not seem to be on the roster,Thanks for hosting a great meet. Score for IG Natalia S should be a 62.95. I'll look into the roster question.,Results Form #,3,Date,7/6/2021,* These results are c"&"alculated automatically and are non-editable,Report Status,10-Finalized,Home Team,CCC-Camelot Community Club,CCC,Visiting Team,R-Ravensworth Farm,Score,19,Score,48,H,V,FG,Freshman Girls,0,9,FB,Freshman Boys,JG,Junior Girls,1,8,JB,Junior Boys,IG,Intermedia"&"te Girls,6,3,IB,Intermediate Boys,SG,Senior Girls,6,3,SB,Senior Boys,TOTALS,13,23,TOTALS,FG,Place,Freshman Girls,Score,Team,H,V,FB,Place,Freshman Boys,Score,Team,FG,1,Lucy Bennett,62.05,R,5,FB,1,Zavier Roberts,48.65,R,FG,2,Ellie Showalter,59.90,R,3,FB,2,G"&"riffin Cahalan,42.10,R,FG,3,Chloe Field,57.30,R,1,FB,3,Owen Snyder,41.70,CCC,FG,4,Sophia McConnell,48.25,R,FB,4,Emerson Allen,38.70,CCC,FG,5,Lily Huie,44.40,CCC,FB,5,Brayden Auble,33.25,R,FG,6,Eliza McIlvaine,39.10,CCC,FB,6,Jasper Figley,31.45,R,FG,7,Ella"&" Allen,31.50,CCC,FB,7,Emilio Padilla,25.75,CCC,FG,8,Delilah Copas,28.70,R,FB,8,Jack McIntosh,DQ,CCC,FG,9,Emma Smith,26.90,R,FG,10,Abby Southworth,26.50,CCC,FG,11,Sara Curry-Briggs,25.25,CCC,FG,12,Alexa Hill,16.50,CCC,Freshman Girls TOTALS,0,9,Freshman Boy"&"s TOTALS,JG,Place,Junior Girls,Score,Team,H,V,JB,Place,Junior Boys,Score,Team,JG,1,Emily Field,70.95,R,5,JB,1,Evan George,103.20,R,JG,2,Olivia Bruce,51.80,R,3,JB,2,Noah Henderson,64.70,R,JG,3,Kennedy McIntosh,48.50,CCC,1,JB,3,Andrew Bean,56.80,R,Junior Gi"&"rls TOTALS,1,8,Junior Boys TOTALS,IG,Place,Intermediate Girls,Score,Team,H,V,IB,Place,Intermediate Boys,Score,Team,IG,1,Maia McAllister,119.25,CCC,5,IB,1,Cash Riedel,89.35,R,IG,2,Scarlett Copas,92.65,R,3,IB,2,Leo McFadden,64.05,R,IG,3,Lia Gauthier,85.75,C"&"CC,1,IG,4,Hannah Cahalan,80.00,R,Intermediate Girls TOTALS,6,3,Intermediate Boys TOTALS,SG,Place,Senior Girls,Score,Team,H,V,SB,Place,Senior Boys,Score,Team,SG,1,Micaela Wells,199.45,CCC,5,SB,1,Colin Greene,191.75,CCC,SG,2,Jillian Champlin,160.55,R,3,SB,2"&",Wade Hayes,DQ,R,SG,3,Lauren Gagermeier,146.45,CCC,1,SG,4,Claire Conley,144.30,CCC,SG,5,Sara Kate George,117.40,R,Senior Girls TOTALS,6,3,Senior Boys TOTALS,Judges,Referee,Brenda Greene,Brenda Greene, Abraham McAllister, Greg Champlin, Jenn Auble, Kathy R"&"ied,Meet Secretary,Megan Burski Wells,Home Team Secretary,Megan Burski Wells,Visiting Team Secretary,Melinda Young,Home Team Comments,Visiting Team Comments,I concur - Ravensworth should only have 48 points. Thank you for hosting and we look forward to s"&"eeing you at divisionals!") -> 7/6/2021,NVSL DIVING MEET RESULTS,Div,5,Link,Home Team,Score,Visiting Team,Score,1,1,LV-Lakeview,31,0,vs,CP-Crosspointe,36,2,2,SHB-Sleepy Hollow Bath,31,0,vs,RH-Rolling Hills,40,3,3,CCC-Camelot Community Club,19,0,vs,R-Ravensworth Farm,48,Results Form #,1,Date,7/6/2021,* These results are calculated automatically and are non-editable,Report Status,10-Finalized,Home Team,LV-Lakeview,LV,Visiting Team,CP-Crosspointe,Score,31,Score,36,H,V,FG,Freshman Girls,1,8,FB,Freshman Boys,JG,Junior Girls,1,8,JB,Junior Boys,IG,Intermediate Girls,6,3,IB,Intermediate Boys,SG,Senior Girls,6,3,SB,Senior Boys,TOTALS,14,22,TOTALS,FG,Place,Freshman Girls,Score,Team,H,V,FB,Place,Freshman Boys,Score,Team,FG,1,Sloan Tann,90.10,CP,5,FB,1,Arik Stone,77.60,LV,FG,2,Haley Schwab,70.45,CP,3,FB,2,Caleb Cherryholmes-Wesley,72.25,CP,FG,3,Isabelle Koenig,67.55,LV,1,FB,3,Ethan Johns,69.20,CP,FG,4,Teagan Johns,65.25,CP,FB,4,Zachary Holden,60.25,LV,FG,5,Eleena Manser,59.90,CP,FB,5,Pax Whritenour,50.55,LV,FG,6,Casimira Betz,50.20,CP,FB,6,Luke Sabo,43.30,CP,FG,7,Mimei Minato,48.55,LV,FB,7,Logan Gernatt,35.95,LV,FG,8,Lacey Slone,44.95,LV,FG,9,Hannah Carroll,40.90,LV,FG,10,Addy Whritenour,38.50,LV,FG,11,Claire Webster,37.30,LV,FG,12,Karoline Slone,34.80,LV,FG,13,Reese Andresen,32.20,LV,FG,14,Deena Epstein,31.70,LV,FG,15,Norah Flintoft,27.15,LV,Freshman Girls TOTALS,1,8,Freshman Boys TOTALS,JG,Place,Junior Girls,Score,Team,H,V,JB,Place,Junior Boys,Score,Team,JG,1,Quinn Harris,116.00,CP,5,JB,1,Dylan Johns,90.30,CP,JG,2,Josie Anderson,100.80,CP,3,JB,2,Ethan Hubbard,88.80,LV,JG,3,Claire Andresen,97.30,LV,1,^,JB,3,Gunner Larson,87.05,LV,JG,4,Caroline Apergis,92.35,CP,JB,4,Enrique Ugalde,82.10,CP,JG,5,Kelsey Davis,92.05,CP,JB,5,Caleb Schwab,81.45,CP,JG,6,Carleigh Haskins,80.85,CP,Junior Girls TOTALS,1,8,Junior Boys TOTALS,IG,Place,Intermediate Girls,Score,Team,H,V,IB,Place,Intermediate Boys,Score,Team,IG,1,Lora Berkeley (LB) Macaranas,153.50,LV,5,IB,1,Brady Davies,135.15,CP,IG,2,Katy Haransky,143.00,CP,3,IB,2,Shawn Hubbard,119.70,LV,IG,3,Catherine Fleck,142.80,LV,1,IG,4,Antonella Palazzo,138.15,LV,IG,5,Leyna Flintoft,125.95,LV,IG,6,Abigail Meehan,112.25,LV,Intermediate Girls TOTALS,6,3,Intermediate Boys TOTALS,SG,Place,Senior Girls,Score,Team,H,V,SB,Place,Senior Boys,Score,Team,SG,1,Nicole Bondanella,198.40,LV,5,SB,1,Silas Platt,152.05,LV,SG,2,Mia Mihocko,187.90,CP,3,SG,3,Campbell McCracken,182.60,LV,1,SG,4,Campbell Plageman,180.55,CP,SG,5,Zoe Dolfis,150.45,LV,Senior Girls TOTALS,6,3,Senior Boys TOTALS,Judges,Referee,Susan Mitchell,Susan Mitchell, Vicky Palazzo / Kris Bondanella, Melissa Mihocko, Jessica Schwab, Amira Tann,Meet Secretary,Elizabeth Macaranas,Home Team Secretary,Elizabeth Macaranas,Visiting Team Secretary,Melissa Mihocko,Home Team Comments,Visiting Team Comments,Thanks for a fun meet! ,Thanks, Lakeview, for hosting a fantastic meet!,Results Form #,2,Date,7/6/2021,* These results are calculated automatically and are non-editable,Report Status,10-Finalized,Home Team,SHB-Sleepy Hollow Bath,SHB,Visiting Team,RH-Rolling Hills,Score,31,Score,40,H,V,FG,Freshman Girls,6,3,FB,Freshman Boys,JG,Junior Girls,3,6,JB,Junior Boys,IG,Intermediate Girls,9,0,IB,Intermediate Boys,SG,Senior Girls,3,6,SB,Senior Boys,TOTALS,21,15,TOTALS,FG,Place,Freshman Girls,Score,Team,H,V,FB,Place,Freshman Boys,Score,Team,FG,1,Azeria "ZZ" Arnic,69.90,SHB,5,FB,1,Hudson Lynch,59.20,RH,FG,2,Amber Harrison,47.55,RH,3,FB,2,Jack Flanagan,51.75,RH,FG,3,Maya Orlova,46.10,SHB,1,FB,3,Kyle Schutt,50.60,SHB,FG,4,Sarah Chodos,43.35,SHB,FB,4,Jacob Hurt,49.60,RH,FG,5,Alex Morgan,42.85,RH,FB,5,Cameron Sauchuk,35.85,RH,FG,6,Xanthy Kuehne,40.90,RH,FB,6,Oliver Matthews,31.25,RH,FG,7,Olivia Timmermann,34.05,RH,FB,7,Brodie Kuehne,31.15,RH,FG,8,Evie Kerelchuk,33.50,RH,FG,9,Alysa Gaona,32.10,RH,FG,10,Izzy Matthews,31.85,RH,FG,11,Isabel Kerelchuk,28.20,RH,FG,12,Angelina katsas,26.10,SHB,FG,13,Natasha Sauchuk,23.80,RH,Freshman Girls TOTALS,6,3,Freshman Boys TOTALS,JG,Place,Junior Girls,Score,Team,H,V,JB,Place,Junior Boys,Score,Team,JG,1,Anamarie Harrison,88.95,RH,5,JB,1,Becket Lanier,87.25,RH,JG,2,Petra Oleson,80.75,SHB,3,JB,2,Griffin Wagner,74.60,RH,JG,3,Sophia Newtson,68.35,RH,1,JG,4,Anne Juster,63.95,RH,JG,5,Lina Rosenbaum,41.95,SHB,Junior Girls TOTALS,3,6,Junior Boys TOTALS,IG,Place,Intermediate Girls,Score,Team,H,V,IB,Place,Intermediate Boys,Score,Team,IG,1,Paisley Wilkins,108.40,SHB,5,IB,1,Ethan Heim,97.75,SHB,IG,2,Addie Bates,105.00,SHB,3,IB,2,Ryan Casteleyn,86.35,RH,IG,3,Camryn Caughlin,87.30,SHB,1,IB,3,Tommy Juster,76.70,RH,IG,4,Lyla Harrison,82.35,RH,IB,4,David Caudillo,67.30,SHB,IG,5,Natalia Sayasithsena,62.95,RH,IB,5,Liam Healey-Wright,53.55,RH,Intermediate Girls TOTALS,9,0,Intermediate Boys TOTALS,SG,Place,Senior Girls,Score,Team,H,V,SB,Place,Senior Boys,Score,Team,SG,1,Kyleah Harbort,176.80,RH,5,SB,1,Jadon Butler,214.00,RH,SG,2,Erica Schroeder,139.90,SHB,3,SB,2,Peter Cullather,136.60,SHB,SG,3,Nicole Perkins,133.80,RH,1,SB,3,Sam Martin,116.50,SHB,SG,4,Mary Callahan,124.00,RH,SB,4,Ryan Caughey,102.70,SHB,SG,5,Claire Coughlin,119.30,SHB,SB,5,Michael Hitchock,95.70,SHB,SG,6,Zoe London,79.05,SHB,Senior Girls TOTALS,3,6,Senior Boys TOTALS,Judges,Referee,George Harbort,John Cullather, Fred Martin, Bob Perkins, Jim Juster, George Harbort,Meet Secretary,Kendra Martin,Home Team Secretary,Kendra Martin,Visiting Team Secretary,Kathleen Juster,Home Team Comments,Visiting Team Comments,one diver on RH does not seem to be on the roster,Thanks for hosting a great meet. Score for IG Natalia S should be a 62.95. I'll look into the roster question.,Results Form #,3,Date,7/6/2021,* These results are calculated automatically and are non-editable,Report Status,10-Finalized,Home Team,CCC-Camelot Community Club,CCC,Visiting Team,R-Ravensworth Farm,Score,19,Score,48,H,V,FG,Freshman Girls,0,9,FB,Freshman Boys,JG,Junior Girls,1,8,JB,Junior Boys,IG,Intermediate Girls,6,3,IB,Intermediate Boys,SG,Senior Girls,6,3,SB,Senior Boys,TOTALS,13,23,TOTALS,FG,Place,Freshman Girls,Score,Team,H,V,FB,Place,Freshman Boys,Score,Team,FG,1,Lucy Bennett,62.05,R,5,FB,1,Zavier Roberts,48.65,R,FG,2,Ellie Showalter,59.90,R,3,FB,2,Griffin Cahalan,42.10,R,FG,3,Chloe Field,57.30,R,1,FB,3,Owen Snyder,41.70,CCC,FG,4,Sophia McConnell,48.25,R,FB,4,Emerson Allen,38.70,CCC,FG,5,Lily Huie,44.40,CCC,FB,5,Brayden Auble,33.25,R,FG,6,Eliza McIlvaine,39.10,CCC,FB,6,Jasper Figley,31.45,R,FG,7,Ella Allen,31.50,CCC,FB,7,Emilio Padilla,25.75,CCC,FG,8,Delilah Copas,28.70,R,FB,8,Jack McIntosh,DQ,CCC,FG,9,Emma Smith,26.90,R,FG,10,Abby Southworth,26.50,CCC,FG,11,Sara Curry-Briggs,25.25,CCC,FG,12,Alexa Hill,16.50,CCC,Freshman Girls TOTALS,0,9,Freshman Boys TOTALS,JG,Place,Junior Girls,Score,Team,H,V,JB,Place,Junior Boys,Score,Team,JG,1,Emily Field,70.95,R,5,JB,1,Evan George,103.20,R,JG,2,Olivia Bruce,51.80,R,3,JB,2,Noah Henderson,64.70,R,JG,3,Kennedy McIntosh,48.50,CCC,1,JB,3,Andrew Bean,56.80,R,Junior Girls TOTALS,1,8,Junior Boys TOTALS,IG,Place,Intermediate Girls,Score,Team,H,V,IB,Place,Intermediate Boys,Score,Team,IG,1,Maia McAllister,119.25,CCC,5,IB,1,Cash Riedel,89.35,R,IG,2,Scarlett Copas,92.65,R,3,IB,2,Leo McFadden,64.05,R,IG,3,Lia Gauthier,85.75,CCC,1,IG,4,Hannah Cahalan,80.00,R,Intermediate Girls TOTALS,6,3,Intermediate Boys TOTALS,SG,Place,Senior Girls,Score,Team,H,V,SB,Place,Senior Boys,Score,Team,SG,1,Micaela Wells,199.45,CCC,5,SB,1,Colin Greene,191.75,CCC,SG,2,Jillian Champlin,160.55,R,3,SB,2,Wade Hayes,DQ,R,SG,3,Lauren Gagermeier,146.45,CCC,1,SG,4,Claire Conley,144.30,CCC,SG,5,Sara Kate George,117.40,R,Senior Girls TOTALS,6,3,Senior Boys TOTALS,Judges,Referee,Brenda Greene,Brenda Greene, Abraham McAllister, Greg Champlin, Jenn Auble, Kathy Ried,Meet Secretary,Megan Burski Wells,Home Team Secretary,Megan Burski Wells,Visiting Team Secretary,Melinda Young,Home Team Comments,Visiting Team Comments,I concur - Ravensworth should only have 48 points. Thank you for hosting and we look forward to seeing you at divisionals!
A9: 6 | B9: ="Div "&A9&": DIVE REP ONLY Click to Open D"&A9&" Meet Sheet "&TEXT(LEFT(G9,FIND(",",G9)-1),"m/d/yyyy")&" - hover then click!" -> Div 6: DIVE REP ONLY Click to Open D6 Meet Sheet 7/6/2021 - hover then click! | C9: =HYPERLINK("https://docs.google.com/spreadsheets/d/"&F9, "https://docs.google.com/spreadsheets/d/"&F9) -> https://docs.google.com/spreadsheets/d/1ECOZNUbsVGtdcT9fSIK5yxda8dm5EitlZyzMRG5vZsY | D9: MeetResults!$a$1:$u$305 | E9: =" MDautoExpire('"&SUBSTITUTE(C9,"https://drive.google.com/open?id=","https://docs.google.com/spreadsheets/d/")&"'); //D"&A9&" "&TEXT(J9,"mm/dd/yyyy") -> MDautoExpire('https://docs.google.com/spreadsheets/d/1ECOZNUbsVGtdcT9fSIK5yxda8dm5EitlZyzMRG5vZsY'); //D6 01/00/1900 | F9: 1ECOZNUbsVGtdcT9fSIK5yxda8dm5EitlZyzMRG5vZsY | G9: 7/6/2021,NVSL DIVING MEET RESULTS,Div,6,Link,Home Team,Score,Err,Visiting Team,Score,1,1,HP-Highland Park,40,0,vs,OH-Orange Hunt,32,2,2,G-Greenbriar,45,1,vs,PAR-Parliament,27,3,3,FS-Fairfax Station,32,0,vs,CH-Cardinal Hill,40,Results Form #,1,Date,7/6/2021,* These results are calculated automatically and are non-editable,Report Status,10-Finalized,Home Team,HP-Highland Park,HP,Visiting Team,OH-Orange Hunt,Score,40,Score,32,H,V,FG,Freshman Girls,6,3,FB,Freshman Boys,JG,Junior Girls,3,6,JB,Junior Boys,IG,Intermediate Girls,6,3,IB,Intermediate Boys,SG,Senior Girls,4,5,SB,Senior Boys,TOTALS,19,17,TOTALS,FG,Place,Freshman Girls,Score,Team,H,V,FB,Place,Freshman Boys,Score,Team,FG,1,Katie Lee Cutts,63.85,HP,5,FB,1,Benjamin Margolis,74.90,HP,FG,2,Gabby Heredia,57.45,OH,3,FB,2,Andrew Barber,67.10,OH,FG,3,Maddy Guy,49.75,HP,1,FB,3,Philip Stigliano,59.00,HP,FG,4,Caroline Todd,49.65,HP,FB,4,Theodore Romanosky,51.40,HP,FG,5,Phoebe Guy,45.25,HP,FB,5,Ben Berona,49.80,OH,FG,6,Molly Foster,43.05,HP,FB,6,Teddy Anderson,47.90,HP,FG,7,Roxie Griffith,41.19,OH,FB,7,Liam Painter,47.25,HP,FG,8,Emily LaSalle,39.00,HP,FB,8,Will Dickinson,46.60,OH,FG,9,Kyra Drobnis,38.85,OH,FB,9,Benjamin Allen,43.20,HP,FG,10,Leah Jandrain,37.20,HP,FB,10,Joshua Berona,37.30,OH,FG,11,Kiera Carpenter,31.40,OH,FB,11,Zack Stickel,36.80,OH,FG,12,Bridget Snyder,25.75,HP,FB,12,Adam Zimmer,31.25,OH,FG,13,Peyton Anderson,22.20,HP,FB,13,Ryan Fournier,26.70,OH,FG,14,Clara Taylor,DQ,HP,FB,14,Max Gura,19.95,HP,FB,15,Devon Taylor,12.50,HP,Freshman Girls TOTALS,6,3,Freshman Boys TOTALS,JG,Place,Junior Girls,Score,Team,H,V,JB,Place,Junior Boys,Score,Team,JG,1,Rebecca Drobnis,93.40,OH,5,JB,1,Jayden Perry,83.00,OH,JG,2,Lily Coulby,84.35,HP,3,JB,2,Casper Bing,71.60,OH,JG,3,Bethany Telleria,83.15,OH,1,JB,3,Michael Neville,63.65,OH,JG,4,Piper Guy,70.05,HP,JB,4,Luke Stickel,57.85,OH,JG,5,Brianna Land Riekse,67.75,OH,JB,5,Caleb Urias,54.25,OH,JG,6,Lina Elbekri,62.55,HP,JB,6,Henry Cutts,49.90,HP,JG,7,Lucy Barber,62.45,OH,Junior Girls TOTALS,3,6,Junior Boys TOTALS,IG,Place,Intermediate Girls,Score,Team,H,V,IB,Place,Intermediate Boys,Score,Team,IG,1,Josephine Damico Lassman,119.55,HP,5,IB,1,Desmond Damico Lassman,111.50,HP,IG,2,Kotryna Bujokas,111.95,OH,3,IB,2,Grant McClure,107.40,OH,IG,3,Ginny Coulby,107.25,HP,1,IB,3,Nate Anderson,59.95,HP,IG,4,Danie Wolfe,88.25,OH,Intermediate Girls TOTALS,6,3,Intermediate Boys TOTALS,SG,Place,Senior Girls,Score,Team,H,V,SB,Place,Senior Boys,Score,Team,SG,1,Maggie Toth,176.55,OH,5,SB,1,Jackson Bertman,202.60,HP,SG,2,Esme Damico Lassman,160.50,HP,3,SB,2,Caden Guy,183.35,HP,SG,3,Emily Townsend,102.85,HP,1,SB,3,Porter Bertman,141.50,HP,SB,4,Steven McCormick,138.70,HP,Senior Girls TOTALS,4,5,Senior Boys TOTALS,Judges,Referee,Mike Bertman,Mike Bertman, Michael Margolis, Lydia Stickel, Maggie Perry, Rachel Dickinson,Meet Secretary,Julie Margolis,Home Team Secretary,Julie Margolis ,Visiting Team Secretary,Katherine McClure,Home Team Comments,Visiting Team Comments,Thanks to you for being a great team!,What a fun meet. Thank you for hosting, Highland Park!,Results Form #,2,Date,7/6/2021,* These results are calculated automatically and are non-editable,Report Status,10-Finalized,Home Team,G-Greenbriar,G,Visiting Team,PAR-Parliament,Score,45,Score,27,H,V,FG,Freshman Girls,4,5,FB,Freshman Boys,JG,Junior Girls,6,3,JB,Junior Boys,IG,Intermediate Girls,6,3,IB,Intermediate Boys,SG,Senior Girls,9,0,SB,Senior Boys,TOTALS,25,11,TOTALS,FG,Place,Freshman Girls,Score,Team,H,V,FB,Place,Freshman Boys,Score,Team,FG,1,Charlotte Rotteveel,66.60,PAR,5,FB,1,Mack Miller,72.75,G,FG,2,Kayla Tarugsa,65.65,G,3,FB,2,Nolan Scott,57.30,PAR,FG,3,Gabriella Roberts,59.90,G,1,FB,3,Ben Blaeuer,51.75,G,FG,4,Olivia Pietress,56.55,G,FB,4,Pike Conway,42.50,G,FG,5,Simone Feil,56.45,G,FB,5,Drew Avila,40.30,PAR,FG,6,Madelyn Nassar,48.40,G,FB,6,Jack Henry,38.75,G,FG,7,Zanna Brown,40.70,G,FB,7,Max Waterman,37.60,G,FG,8,Gabrielle Subsavage,40.60,PAR,FB,8,Avery Edwards,29.75,PAR,FG,9,Gabby Smith,29.70,PAR,FB,9,Fynn Miller,25.50,PAR,FG,10,Tanisa Kanchanawanchai,28.70,PAR,FG,11,Hadley Miller,26.50,PAR,FG,12,Brielle Burnside,25.00,PAR,FG,13,Bridget Caines,19.00,PAR,Freshman Girls TOTALS,4,5,Freshman Boys TOTALS,JG,Place,Junior Girls,Score,Team,H,V,JB,Place,Junior Boys,Score,Team,JG,1,Eliza Miller,92.60,G,5,JB,1,Alex Smith,90.40,PAR,JG,2,Aubree Burnside,83.55,PAR,3,^,JB,2,Alex Avila,77.05,PAR,JG,3,Rowan Threadgill,77.75,G,1,JB,3,Jack Caines,74.30,PAR,JG,4,Sage Smyth,67.50,G,JB,4,Blake Allen,57.70,G,JG,5,Penny Lawrence,63.05,G,JB,5,Luke Snyder,45.40,G,Junior Girls TOTALS,6,3,Junior Boys TOTALS,IG,Place,Intermediate Girls,Score,Team,H,V,IB,Place,Intermediate Boys,Score,Team,IG,1,Evie Miller,146.45,G,5,IB,1,Paxton Martinez,142.90,G,IG,2,Isabel Smith,135.25,PAR,3,IB,2,Michael Bray,140.60,G,IG,3,Kendall Arnz,110.95,G,1,IB,3,Daniel Belloni,112.75,PAR,IG,4,Hazel Flynn,108.35,G,IB,4,Evan Vink,110.45,PAR,IG,5,Avery Lawrence,71.10,G,IB,5,Corban Lawrence,103.80,G,IB,6,Hunter Colandria,92.25,G,IB,7,Garrett Kendall,76.20,PAR,Intermediate Girls TOTALS,6,3,Intermediate Boys TOTALS,SG,Place,Senior Girls,Score,Team,H,V,SB,Place,Senior Boys,Score,Team,SG,1,Mozeleski Leah,175.85,G,5,SB,1,Matthew Bray,259.20,G,SG,2,Alyse Madsen,129.25,G,3,SB,2,Caeden Beavers,175.95,PAR,SG,3,Katelyn Ruehle,101.75,G,1,SB,3,Hugh Gannon,156.35,G,SG,4,Hannah Quick,99.25,G,SB,4,Daniel Cate,155.70,PAR,SB,5,David Avila,146.15,PAR,SB,6,H K Kim,137.75,G,Senior Girls TOTALS,9,0,Senior Boys TOTALS,Judges,Referee,Roy Edwards,Tracy Hartley, Virginia Rotteveel, Danielle Waterfield, Larry Gannon, Richard Bray,Meet Secretary,Sarah Tohill,Home Team Secretary,Sarah Tohill,Visiting Team Secretary,Andrea Cate,Home Team Comments,Visiting Team Comments,Thanks so much to Parliment for providing their referee. We were very grateful.,I changed Alyse Madsen's score to read 129.25; all else looks good. Thank you, Greenbriar, for hosting on this hot night! Great meet!,Results Form #,3,Date,7/6/2021,* These results are calculated automatically and are non-editable,Report Status,10-Finalized,Home Team,FS-Fairfax Station,FS,Visiting Team,CH-Cardinal Hill,Score,32,Score,40,H,V,FG,Freshman Girls,4,5,FB,Freshman Boys,JG,Junior Girls,3,6,JB,Junior Boys,IG,Intermediate Girls,3,6,IB,Intermediate Boys,SG,Senior Girls,5,4,SB,Senior Boys,TOTALS,15,21,TOTALS,FG,Place,Freshman Girls,Score,Team,H,V,FB,Place,Freshman Boys,Score,Team,FG,1,Katie Clague,61.55,CH,5,FB,1,Levi Lundeby,72.15,FS,FG,2,Stella Budiu,60.10,FS,3,FB,2,Calvin Butler,59.20,CH,FG,3,Aria Giarraputo,56.95,FS,1,FB,3,Andrew Parente,58.80,FS,FG,4,Marianna McKinnon,52.40,CH,FB,4,Will Daman,52.25,CH,FG,5,Elza Jones,46.15,FS,FB,5,Cole Pointkowski,51.60,CH,FG,6,Noelle Telleen,46.10,FS,FB,6,Boone Dean,44.40,FS,FG,7,Gwyn Howard,39.80,FS,FB,7,Chace Majiros,37.15,FS,FG,8,Mady McCormack,39.25,FS,FB,8,RoRo Siegmund,31.70,FS,FG,9,Serena Howard,38.15,FS,FB,9,Cavan Telleen,19.60,FS,FG,10,Alice Siegmund,32.30,FS,FB,10,Zeke Louie,19.00,FS,FG,11,Jacqueline Potter,29.55,FS,FB,11,Travis Wittekind,16.10,FS,Freshman Girls TOTALS,4,5,Freshman Boys TOTALS,JG,Place,Junior Girls,Score,Team,H,V,JB,Place,Junior Boys,Score,Team,JG,1,Dani Rothman,108.65,CH,5,JB,1,Chase Pointkowski,85.15,CH,JG,2,Darcy Telleen,98.50,FS,3,JB,2,Nate Butler,84.20,CH,JG,3,Alison Gurganus,83.15,CH,1,JB,3,Nate Beck,78.40,CH,JG,4,Rebecca Rothman,82.80,CH,JB,4,Luca Budiu,66.40,FS,JG,5,Samantha Apgar,76.70,CH,JB,5,Oliver Jones,48.20,FS,JG,6,Lyla Chutuape,73.80,FS,JG,7,Hannah Goldberg,63.10,FS,JG,8,Caitlin Holtaway,62.50,CH,JG,9,Zara-Jean Penn,54.80,FS,Junior Girls TOTALS,3,6,Junior Boys TOTALS,IG,Place,Intermediate Girls,Score,Team,H,V,IB,Place,Intermediate Boys,Score,Team,IG,1,Allie Reback,117.60,CH,5,IB,1,Charles Schuppin,123.90,FS,IG,2,Devyn Telleen,116.25,FS,3,IB,2,William Feuchter,121.85,CH,IG,3,Mia Romer,103.95,CH,1,IB,3,Uday Sidhu,95.70,CH,IG,4,Lauren Lundeby,101.30,FS,IG,5,Gabi Konde,90.40,CH,Intermediate Girls TOTALS,3,6,Intermediate Boys TOTALS,SG,Place,Senior Girls,Score,Team,H,V,SB,Place,Senior Boys,Score,Team,SG,1,Elisabeth Rockefeller,231.95,FS,5,SB,1,Trey Telleen,188.00,FS,SG,2,Julianne Feuchter,175.05,CH,3,SB,2,Colin Crowley,180.80,CH,SG,3,Teresa Capuano-Rizzo,163.15,CH,1,SB,3,Julian Penn,83.30,FS,SG,4,Lucy Silverstein,158.40,CH,SG,5,Lucy Parente,147.40,FS,SG,6,Sarina Meyer,132.35,FS,Senior Girls TOTALS,5,4,Senior Boys TOTALS,Judges,Referee,Paige Schuppin,Leann Parente, Stephanie Perkowski, Karl Rothman, Ilana Feuchter, Teresa Crowley,Meet Secretary,Ineta Jones,Home Team Secretary,Ineta Jones,Visiting Team Secretary,Tricia Rizzo,Home Team Comments,Visiting Team Comments,I accidentally had our referee in as one of the judges on the paperwork. I changed it to add Karl Rothman here. Sorry about that. Thank you for a great, competitive meet Cardinal Hill!,Thank you so much to Fairfax Station for a fun, well- run meet! Excited to see you at Divisionals!
A10: 7 | B10: ="Div "&A10&": DIVE REP ONLY Click to Open D"&A10&" Meet Sheet "&TEXT(LEFT(G10,FIND(",",G10)-1),"m/d/yyyy")&" - hover then click!" -> Div 7: DIVE REP ONLY Click to Open D7 Meet Sheet 7/6/2021 - hover then click! | C10: =HYPERLINK("https://docs.google.com/spreadsheets/d/"&F10, "https://docs.google.com/spreadsheets/d/"&F10) -> https://docs.google.com/spreadsheets/d/1ZkV3a6CxJgnte6zik_Me5yCtfD25sds0q_4OsccuIZA | D10: MeetResults!$a$1:$u$305 | E10: =" MDautoExpire('"&SUBSTITUTE(C10,"https://drive.google.com/open?id=","https://docs.google.com/spreadsheets/d/")&"'); //D"&A10&" "&TEXT(J10,"mm/dd/yyyy") -> MDautoExpire('https://docs.google.com/spreadsheets/d/1ZkV3a6CxJgnte6zik_Me5yCtfD25sds0q_4OsccuIZA'); //D7 01/00/1900 | F10: 1ZkV3a6CxJgnte6zik_Me5yCtfD25sds0q_4OsccuIZA | G10: =IFERROR(__xludf.DUMMYFUNCTION("textjoin("","", true, importrange(C10,SUBSTITUTE(SUBSTITUTE(D10,""300"",""3""),""$u$"",""$R$"")))"),"7/6/2021,NVSL DIVING MEET RESULTS,Div,7,Link,Home Team,Score,Visiting Team,Score,1,1,SRA-Stratford Rec Association,36,0,vs,M-Mantua,36,2,2,HSC-Hamlet Swim,42,0,vs,SB-Springboard Recreration Club,22,3,3,W-Woodley,45,0,vs,RFD-Rutherford,24,Results Form #,1,"&"Date,7/6/2021,* These results are calculated automatically and are non-editable,Report Status,10-Finalized,Home Team,SRA-Stratford Rec Association,SRA,Visiting Team,M-Mantua,Score,36,Score,36,H,V,FG,Freshman Girls,0,9,FB,Freshman Boys,JG,Junior Girls,5,4,"&"JB,Junior Boys,IG,Intermediate Girls,3,6,IB,Intermediate Boys,SG,Senior Girls,4,5,SB,Senior Boys,TOTALS,12,24,TOTALS,FG,Place,Freshman Girls,Score,Team,H,V,FB,Place,Freshman Boys,Score,Team,FG,1,Maggie Levi,56.40,M,5,FB,1,Grant Evonuk,54.80,M,FG,2,Kate Ev"&"onuk,47.10,M,3,FB,2,Liam Ganci,42.35,SRA,FG,3,Catherine Redington,46.45,M,1,FB,3,Collin Christ,40.05,SRA,FG,4,Paige Finley,42.45,SRA,FB,4,William Lang,39.40,SRA,FG,5,Juliet Tetreault,34.75,M,FB,5,Grayson Morrisette,31.80,SRA,FG,6,Kree Setliff,31.40,M,FB,6"&",Matteo Fazio,30.20,SRA,FG,7,Leila White,30.80,M,FB,7,Liam Redington,28.10,M,FG,8,Adele Pino,25.35,M,FB,8,Max Molina Weir,27.35,M,FG,9,Emily Wills,22.85,M,FB,9,Nicolas Hill,25.65,M,FG,10,Annabel Rider,22.70,M,FB,10,Finn Price,18.20,SRA,FG,11,Claire Cashin"&",22.10,M,FG,12,Cara Tansey,9.50,M,Freshman Girls TOTALS,0,9,Freshman Boys TOTALS,JG,Place,Junior Girls,Score,Team,H,V,JB,Place,Junior Boys,Score,Team,JG,1,Debbie Burke,79.15,SRA,5,JB,1,Aelan Elder,67.00,SRA,JG,2,Lydia Tetreault,73.90,M,3,JB,2,Owen Molina "&"Weir,58.85,M,JG,3,Stina Nystrom,68.65,M,1,JB,3,Wesley Ferguson,44.60,SRA,JG,4,Maggie Burke,66.45,SRA,JG,5,Emery Mize,64.60,M,JG,6,Aysel El Bourini,46.30,SRA,Junior Girls TOTALS,5,4,Junior Boys TOTALS,IG,Place,Intermediate Girls,Score,Team,H,V,IB,Place,Int"&"ermediate Boys,Score,Team,IG,1,Samantha Eldred,107.30,M,5,IB,1,Ryan Calligaro,119.60,SRA,IG,2,Lily Ross,100.15,SRA,3,IB,2,Henry Levi,116.65,M,IG,3,Susan Wang Andera,91.65,M,1,IB,3,Dexter Tetreault,89.95,M,IG,4,Avery Garr,84.75,SRA,IG,5,Delaney Dean,72.75,"&"SRA,^,Intermediate Girls TOTALS,3,6,Intermediate Boys TOTALS,SG,Place,Senior Girls,Score,Team,H,V,SB,Place,Senior Boys,Score,Team,SG,1,Sally Harrington,199.20,M,5,SB,1,Boede Offringa,207.55,SRA,SG,2,Sarah Fleming,136.00,SRA,3,SB,2,Kevin Dinkel,204.90,SRA,"&"SG,3,Maddi Ross,131.75,SRA,1,SB,3,John Dinkel,175.10,SRA,SG,4,Allison Ary,131.30,SRA,SB,4,Eian Murphy,155.65,M,SG,5,Sammy McKnight,130.90,M,SB,5,Rohan McCarthy,143.00,M,SG,6,Sofia Nystrom,130.70,M,SB,6,Dillon Wirth,139.00,SRA,SG,7,Amanda Kendrick,125.00,S"&"RA,Senior Girls TOTALS,4,5,Senior Boys TOTALS,Judges,Referee,Matt Burke,David Ross, Kevin Wirth, Matt Tetreault, Ena Murphy, Lesley McKnight,Meet Secretary,Peggy Dinkel,Home Team Secretary,Erin Wirth,Visiting Team Secretary,Laura Tetreault,Home Team Comme"&"nts,Visiting Team Comments,Results Form #,2,Date,7/6/2021,* These results are calculated automatically and are non-editable,Report Status,10-Finalized,Home Team,HSC-Hamlet Swim,HSC,Visiting Team,SB-Springboard Recreration Club,Score,42,Score,22,H,V,FG,Fre"&"shman Girls,9,0,FB,Freshman Boys,JG,Junior Girls,5,3,JB,Junior Boys,IG,Intermediate Girls,0,8,IB,Intermediate Boys,SG,Senior Girls,5,3,SB,Senior Boys,TOTALS,19,14,TOTALS,FG,Place,Freshman Girls,Score,Team,H,V,FB,Place,Freshman Boys,Score,Team,FG,1,Abby Pi"&"ckard,59.50,HSC,5,FB,1,Aiden Sutherland,36.70,SB,FG,2,Campbell Kurpiel,48.95,HSC,3,FB,2,Liam Gentry,33.75,HSC,FG,3,Kate Gentry,46.15,HSC,1,FB,3,Samuel Bricker,29.85,HSC,FG,4,Elizabeth Peebles,36.95,HSC,FB,4,Alan Schwartz,23.70,HSC,FG,5,Jem Wahler,30.00,SB"&",FB,5,Alejandro Payan,22.60,HSC,FG,6,Siena Nguyen,18.25,HSC,FG,7,Amelia Gentry,14.50,HSC,FG,8,Ava Payan,11.00,HSC,Freshman Girls TOTALS,9,0,Freshman Boys TOTALS,JG,Place,Junior Girls,Score,Team,H,V,JB,Place,Junior Boys,Score,Team,JG,1,Leyla Ozden,58.85,HS"&"C,5,JB,1,Bennett Steele,88.45,HSC,JG,2,Eliza Hunt,44.75,SB,3,JB,2,Jacob Ross,66.00,HSC,JB,3,Darius Bajoghli,62.75,HSC,JB,4,T'iyler Rothstein,53.45,SB,JB,5,Ash Burress,46.60,SB,Junior Girls TOTALS,5,3,Junior Boys TOTALS,IG,Place,Intermediate Girls,Score,Te"&"am,H,V,IB,Place,Intermediate Boys,Score,Team,IG,1,Aubrie Burress,77.55,SB,5,IB,1,Savas Emanuel,104.20,HSC,IG,2,Jade Carey,51.35,SB,3,Intermediate Girls TOTALS,0,8,Intermediate Boys TOTALS,SG,Place,Senior Girls,Score,Team,H,V,SB,Place,Senior Boys,Score,Tea"&"m,SG,1,Melinda Hauda,141.50,HSC,5,SB,1,Anthony Maull,114.60,HSC,SG,2,Makenna Aphrodite,51.45,SB,3,SB,2,Brendan Waterval,96.30,SB,Senior Girls TOTALS,5,3,Senior Boys TOTALS,Judges,Referee,Karen Hauda,Mark Waterval, Carol Davis, Miguel Payan, Anamarie Pared"&"es, Amir Bajoghli,Meet Secretary,William Hauda,Home Team Secretary,William Hauda,Visiting Team Secretary,Carylin Waterval,Home Team Comments,Visiting Team Comments,Results Form #,3,Date,7/6/2021,* These results are calculated automatically and are non-edi"&"table,Report Status,10-Finalized,Home Team,W-Woodley,W,Visiting Team,RFD-Rutherford,Score,45,Score,24,H,V,FG,Freshman Girls,6,3,FB,Freshman Boys,JG,Junior Girls,5,4,JB,Junior Boys,IG,Intermediate Girls,8,0,IB,Intermediate Boys,SG,Senior Girls,8,0,SB,Senio"&"r Boys,TOTALS,27,7,TOTALS,FG,Place,Freshman Girls,Score,Team,H,V,FB,Place,Freshman Boys,Score,Team,FG,1,Elin Temme,64.40,W,5,FB,1,Max Braswell,47.15,RFD,FG,2,Kathryn Fegan,60.15,RFD,3,FB,2,Alex Lum,42.15,W,FG,3,Sally Horne,48.55,W,1,FB,3,Optimus Bigby,39."&"60,W,FG,4,Teny Davitian,45.70,RFD,FB,4,Joseph Thiede,39.25,W,FG,5,Evie Warren,37.60,RFD,FB,5,Brandon Haase,36.90,W,FG,6,Lorriane Miller,32.35,RFD,FB,6,Cole Fegan,32.70,RFD,FG,7,Hadley Townsend,29.50,RFD,FB,7,Paul Thiede,25.20,W,FG,8,Tennley Jackson,17.90,"&"W,FB,8,Zachary Lum,21.50,W,FG,9,Miriam Stavlund,16.00,W,FB,9,Austin Brooks,19.25,RFD,FG,10,Avery Burch,12.25,RFD,FB,10,Benjamin Lum,14.75,W,FG,11,Lola Beltran,7.00,W,Freshman Girls TOTALS,6,3,Freshman Boys TOTALS,JG,Place,Junior Girls,Score,Team,H,V,JB,Pl"&"ace,Junior Boys,Score,Team,JG,1,Eliza Pollack,81.90,W,5,^,JB,1,Wyatt Fegan,83.40,RFD,JG,2,Pendry Carroll,58.25,RFD,3,JB,2,Benjamin Pollack,63.65,W,JG,3,Eva Martin,56.75,RFD,1,JB,3,John Burns,59.85,RFD,JB,4,John Horne,55.85,W,Junior Girls TOTALS,5,4,Junior"&" Boys TOTALS,IG,Place,Intermediate Girls,Score,Team,H,V,IB,Place,Intermediate Boys,Score,Team,IG,1,Helena Horne,84.55,W,5,IB,1,Roman Braswell,127.65,RFD,IG,2,Isabelle Horne,77.00,W,3,^,IB,2,Zachary Napoli,81.00,W,IB,3,Liam Wade,78.50,RFD,IB,4,James Horne,"&"38.10,W,Intermediate Girls TOTALS,8,0,Intermediate Boys TOTALS,SG,Place,Senior Girls,Score,Team,H,V,SB,Place,Senior Boys,Score,Team,SG,1,Elizabeth Bell,137.50,W,5,^,SB,1,Caleb Hoover,135.55,W,SG,2,Tatum Kline,135.40,W,3,^,SB,2,Silas Mitchell,131.75,W,Seni"&"or Girls TOTALS,8,0,Senior Boys TOTALS,Judges,Referee,Jim Sweeder,Jim Sweeder, Ken Sims/Kyle Hoover, Emma Miller, Chris Wade, Katie Burch,Meet Secretary,Emily Hoover,Home Team Secretary,Emily Hoover,Visiting Team Secretary,Poline Braswell,Home Team Commen"&"ts,Visiting Team Comments,You need to put in the dive categories. ") -> 7/6/2021,NVSL DIVING MEET RESULTS,Div,7,Link,Home Team,Score,Visiting Team,Score,1,1,SRA-Stratford Rec Association,36,0,vs,M-Mantua,36,2,2,HSC-Hamlet Swim,42,0,vs,SB-Springboard Recreration Club,22,3,3,W-Woodley,45,0,vs,RFD-Rutherford,24,Results Form #,1,Date,7/6/2021,* These results are calculated automatically and are non-editable,Report Status,10-Finalized,Home Team,SRA-Stratford Rec Association,SRA,Visiting Team,M-Mantua,Score,36,Score,36,H,V,FG,Freshman Girls,0,9,FB,Freshman Boys,JG,Junior Girls,5,4,JB,Junior Boys,IG,Intermediate Girls,3,6,IB,Intermediate Boys,SG,Senior Girls,4,5,SB,Senior Boys,TOTALS,12,24,TOTALS,FG,Place,Freshman Girls,Score,Team,H,V,FB,Place,Freshman Boys,Score,Team,FG,1,Maggie Levi,56.40,M,5,FB,1,Grant Evonuk,54.80,M,FG,2,Kate Evonuk,47.10,M,3,FB,2,Liam Ganci,42.35,SRA,FG,3,Catherine Redington,46.45,M,1,FB,3,Collin Christ,40.05,SRA,FG,4,Paige Finley,42.45,SRA,FB,4,William Lang,39.40,SRA,FG,5,Juliet Tetreault,34.75,M,FB,5,Grayson Morrisette,31.80,SRA,FG,6,Kree Setliff,31.40,M,FB,6,Matteo Fazio,30.20,SRA,FG,7,Leila White,30.80,M,FB,7,Liam Redington,28.10,M,FG,8,Adele Pino,25.35,M,FB,8,Max Molina Weir,27.35,M,FG,9,Emily Wills,22.85,M,FB,9,Nicolas Hill,25.65,M,FG,10,Annabel Rider,22.70,M,FB,10,Finn Price,18.20,SRA,FG,11,Claire Cashin,22.10,M,FG,12,Cara Tansey,9.50,M,Freshman Girls TOTALS,0,9,Freshman Boys TOTALS,JG,Place,Junior Girls,Score,Team,H,V,JB,Place,Junior Boys,Score,Team,JG,1,Debbie Burke,79.15,SRA,5,JB,1,Aelan Elder,67.00,SRA,JG,2,Lydia Tetreault,73.90,M,3,JB,2,Owen Molina Weir,58.85,M,JG,3,Stina Nystrom,68.65,M,1,JB,3,Wesley Ferguson,44.60,SRA,JG,4,Maggie Burke,66.45,SRA,JG,5,Emery Mize,64.60,M,JG,6,Aysel El Bourini,46.30,SRA,Junior Girls TOTALS,5,4,Junior Boys TOTALS,IG,Place,Intermediate Girls,Score,Team,H,V,IB,Place,Intermediate Boys,Score,Team,IG,1,Samantha Eldred,107.30,M,5,IB,1,Ryan Calligaro,119.60,SRA,IG,2,Lily Ross,100.15,SRA,3,IB,2,Henry Levi,116.65,M,IG,3,Susan Wang Andera,91.65,M,1,IB,3,Dexter Tetreault,89.95,M,IG,4,Avery Garr,84.75,SRA,IG,5,Delaney Dean,72.75,SRA,^,Intermediate Girls TOTALS,3,6,Intermediate Boys TOTALS,SG,Place,Senior Girls,Score,Team,H,V,SB,Place,Senior Boys,Score,Team,SG,1,Sally Harrington,199.20,M,5,SB,1,Boede Offringa,207.55,SRA,SG,2,Sarah Fleming,136.00,SRA,3,SB,2,Kevin Dinkel,204.90,SRA,SG,3,Maddi Ross,131.75,SRA,1,SB,3,John Dinkel,175.10,SRA,SG,4,Allison Ary,131.30,SRA,SB,4,Eian Murphy,155.65,M,SG,5,Sammy McKnight,130.90,M,SB,5,Rohan McCarthy,143.00,M,SG,6,Sofia Nystrom,130.70,M,SB,6,Dillon Wirth,139.00,SRA,SG,7,Amanda Kendrick,125.00,SRA,Senior Girls TOTALS,4,5,Senior Boys TOTALS,Judges,Referee,Matt Burke,David Ross, Kevin Wirth, Matt Tetreault, Ena Murphy, Lesley McKnight,Meet Secretary,Peggy Dinkel,Home Team Secretary,Erin Wirth,Visiting Team Secretary,Laura Tetreault,Home Team Comments,Visiting Team Comments,Results Form #,2,Date,7/6/2021,* These results are calculated automatically and are non-editable,Report Status,10-Finalized,Home Team,HSC-Hamlet Swim,HSC,Visiting Team,SB-Springboard Recreration Club,Score,42,Score,22,H,V,FG,Freshman Girls,9,0,FB,Freshman Boys,JG,Junior Girls,5,3,JB,Junior Boys,IG,Intermediate Girls,0,8,IB,Intermediate Boys,SG,Senior Girls,5,3,SB,Senior Boys,TOTALS,19,14,TOTALS,FG,Place,Freshman Girls,Score,Team,H,V,FB,Place,Freshman Boys,Score,Team,FG,1,Abby Pickard,59.50,HSC,5,FB,1,Aiden Sutherland,36.70,SB,FG,2,Campbell Kurpiel,48.95,HSC,3,FB,2,Liam Gentry,33.75,HSC,FG,3,Kate Gentry,46.15,HSC,1,FB,3,Samuel Bricker,29.85,HSC,FG,4,Elizabeth Peebles,36.95,HSC,FB,4,Alan Schwartz,23.70,HSC,FG,5,Jem Wahler,30.00,SB,FB,5,Alejandro Payan,22.60,HSC,FG,6,Siena Nguyen,18.25,HSC,FG,7,Amelia Gentry,14.50,HSC,FG,8,Ava Payan,11.00,HSC,Freshman Girls TOTALS,9,0,Freshman Boys TOTALS,JG,Place,Junior Girls,Score,Team,H,V,JB,Place,Junior Boys,Score,Team,JG,1,Leyla Ozden,58.85,HSC,5,JB,1,Bennett Steele,88.45,HSC,JG,2,Eliza Hunt,44.75,SB,3,JB,2,Jacob Ross,66.00,HSC,JB,3,Darius Bajoghli,62.75,HSC,JB,4,T'iyler Rothstein,53.45,SB,JB,5,Ash Burress,46.60,SB,Junior Girls TOTALS,5,3,Junior Boys TOTALS,IG,Place,Intermediate Girls,Score,Team,H,V,IB,Place,Intermediate Boys,Score,Team,IG,1,Aubrie Burress,77.55,SB,5,IB,1,Savas Emanuel,104.20,HSC,IG,2,Jade Carey,51.35,SB,3,Intermediate Girls TOTALS,0,8,Intermediate Boys TOTALS,SG,Place,Senior Girls,Score,Team,H,V,SB,Place,Senior Boys,Score,Team,SG,1,Melinda Hauda,141.50,HSC,5,SB,1,Anthony Maull,114.60,HSC,SG,2,Makenna Aphrodite,51.45,SB,3,SB,2,Brendan Waterval,96.30,SB,Senior Girls TOTALS,5,3,Senior Boys TOTALS,Judges,Referee,Karen Hauda,Mark Waterval, Carol Davis, Miguel Payan, Anamarie Paredes, Amir Bajoghli,Meet Secretary,William Hauda,Home Team Secretary,William Hauda,Visiting Team Secretary,Carylin Waterval,Home Team Comments,Visiting Team Comments,Results Form #,3,Date,7/6/2021,* These results are calculated automatically and are non-editable,Report Status,10-Finalized,Home Team,W-Woodley,W,Visiting Team,RFD-Rutherford,Score,45,Score,24,H,V,FG,Freshman Girls,6,3,FB,Freshman Boys,JG,Junior Girls,5,4,JB,Junior Boys,IG,Intermediate Girls,8,0,IB,Intermediate Boys,SG,Senior Girls,8,0,SB,Senior Boys,TOTALS,27,7,TOTALS,FG,Place,Freshman Girls,Score,Team,H,V,FB,Place,Freshman Boys,Score,Team,FG,1,Elin Temme,64.40,W,5,FB,1,Max Braswell,47.15,RFD,FG,2,Kathryn Fegan,60.15,RFD,3,FB,2,Alex Lum,42.15,W,FG,3,Sally Horne,48.55,W,1,FB,3,Optimus Bigby,39.60,W,FG,4,Teny Davitian,45.70,RFD,FB,4,Joseph Thiede,39.25,W,FG,5,Evie Warren,37.60,RFD,FB,5,Brandon Haase,36.90,W,FG,6,Lorriane Miller,32.35,RFD,FB,6,Cole Fegan,32.70,RFD,FG,7,Hadley Townsend,29.50,RFD,FB,7,Paul Thiede,25.20,W,FG,8,Tennley Jackson,17.90,W,FB,8,Zachary Lum,21.50,W,FG,9,Miriam Stavlund,16.00,W,FB,9,Austin Brooks,19.25,RFD,FG,10,Avery Burch,12.25,RFD,FB,10,Benjamin Lum,14.75,W,FG,11,Lola Beltran,7.00,W,Freshman Girls TOTALS,6,3,Freshman Boys TOTALS,JG,Place,Junior Girls,Score,Team,H,V,JB,Place,Junior Boys,Score,Team,JG,1,Eliza Pollack,81.90,W,5,^,JB,1,Wyatt Fegan,83.40,RFD,JG,2,Pendry Carroll,58.25,RFD,3,JB,2,Benjamin Pollack,63.65,W,JG,3,Eva Martin,56.75,RFD,1,JB,3,John Burns,59.85,RFD,JB,4,John Horne,55.85,W,Junior Girls TOTALS,5,4,Junior Boys TOTALS,IG,Place,Intermediate Girls,Score,Team,H,V,IB,Place,Intermediate Boys,Score,Team,IG,1,Helena Horne,84.55,W,5,IB,1,Roman Braswell,127.65,RFD,IG,2,Isabelle Horne,77.00,W,3,^,IB,2,Zachary Napoli,81.00,W,IB,3,Liam Wade,78.50,RFD,IB,4,James Horne,38.10,W,Intermediate Girls TOTALS,8,0,Intermediate Boys TOTALS,SG,Place,Senior Girls,Score,Team,H,V,SB,Place,Senior Boys,Score,Team,SG,1,Elizabeth Bell,137.50,W,5,^,SB,1,Caleb Hoover,135.55,W,SG,2,Tatum Kline,135.40,W,3,^,SB,2,Silas Mitchell,131.75,W,Senior Girls TOTALS,8,0,Senior Boys TOTALS,Judges,Referee,Jim Sweeder,Jim Sweeder, Ken Sims/Kyle Hoover, Emma Miller, Chris Wade, Katie Burch,Meet Secretary,Emily Hoover,Home Team Secretary,Emily Hoover,Visiting Team Secretary,Poline Braswell,Home Team Comments,Visiting Team Comments,You need to put in the dive categories.
